Workbook
Name AsphaltCC: [1]Control!$D$18
Name AsphaltStore: [1]Control!$D$50
Name AvBlendCC: [1]Control!$D$44
Name C_CO2: '[1]List Data'!$K$6
Name CoalCoeffBlock: '[1]Coal CC'!$E$6:$AJ$527
Name CoalEff: [1]Control!$D$11
Name CokeCoalCC: [1]Control!$D$40
Name CokeCoalStore: [1]Control!$D$63
Name ConsumeBlock1: '[1]Default State Energy Data Table'!$A$6:$AH$67
Name CrudeCC: [1]Control!$D$46
Name DistillCC: [1]Control!$D$20
Name DistillStore: [1]Control!$D$51
Name KeroCC: [1]Control!$D$23
Name lbs_shortt: '[1]List Data'!$K$5
Name LPGCC: [1]Control!$D$24
Name LPGEff: [1]Control!$D$14
Name LPGEUCC: [1]Control!$D$25
Name LPGStore: [1]Control!$D$52
Name LubeCC: [1]Control!$D$26
Name LubeStore: [1]Control!$D$53
Name MiscCC: [1]Control!$D$29
Name MiscStore: [1]Control!$D$57
Name MoBlendCC: [1]Control!$D$45
Name MotorGasCC: [1]Control!$D$27
Name NaphCC: [1]Control!$D$30
Name NaphStore: [1]Control!$D$55
Name NGCC: [1]Control!$D$43
Name NGEff: [1]Control!$D$12
Name NGStore: [1]Control!$D$64
Name NonEPercent: '[1]Non-Energy Consump.'!$A$63:$AF$88
Name OtherCoalCC: [1]Control!$D$41
Name OtherOilCC: [1]Control!$D$31
Name OtherOilStore: [1]Control!$D$56
Name pentanesCC: [1]Control!$D$32
Name PentanesStore: [1]Control!$D$58
Name PetCokeCC: [1]Control!$D$33
Name PetCokeStore: [1]Control!$D$59
Name PetroEff: [1]Control!$D$13
Name Renewable_and_Non_Renewable_Generation: [2]Contents!#REF!
Name ResCoalCC: [1]Control!$D$38
Name ResidCC: [1]Control!$D$28
Name ResidStore: [1]Control!$D$54
Name Short_Metric: '[1]List Data'!$K$4
Name SpecialCC: [1]Control!$D$35
Name SpecialStore: [1]Control!$D$61
Name StateName: [3]Factors!$J$3
Name StillCC: [1]Control!$D$34
Name StillStore: [1]Control!$D$60
Name StorageFactor: '[1]List Data'!$E$19:$F$49
Name SyntheticNG: [1]SNG!$A$7:$AF$59
Name UFactor: [3]Factors!$C$15
Name UnfinCC: [1]Control!$D$36
Name VariableCCs: '[1]Variable CC''s'!$A$8:$AF$17
Name WaxesCC: [1]Control!$D$37
Name WaxesStore: [1]Control!$D$62

Sheet Directory
B2: Tab Name | C2: Tab Contents
B3: Summary | C3: Summary of 2005 and 2018 emissions by category
B4: Electricity Summary | C4: Summary of 2005 and 2018 electricity generation, retail sales, and emissions according to inventory accounting methodology
B5: 2005 Generation (EIA) | C5: Plant-level generation data for 2005
B6: 2018 Generation (EIA) | C6: Plant-level generation data for 2018
B7: 2005 Emissions (eGrid) | C7: Plant-level electricity emissions data for 2005
B8: 2018 Emissions (eGrid) | C8: Plant-level electricity emissions data for 2018
B9: 2005 Ownership (EIA) | C9: Ownership shares for out-of-state plants with NM utility ownership for 2005
B10: 2018 Ownership (EIA) | C10: Ownership shares for out-of-state plants with NM utility ownership for 2018
B11: 2005 Retail Sales (EIA) | C11: Electricity retail sales for 2005
B12: 2018 Retail Sales (EIA) | C12: Electricity retail sales for 2018
B13: CO2FFC | C13: EPA SIT CO2 emissions for fossil fuel combustion
... B34: Constants | C34: Various constants used throughout workbook

Sheet Summary
B2: New Mexico Greenhouse Gas Emissions Summary Table (MMT CO2e) | G2: Light Duty Vehciles
B3: Sector | C3: 2005 | D3: 2018 | E3: 2005 Calculation Method | F3: 2018 Calculation Method | H3: MMT CO2e | I3: 2030 reduction goal
B4: Electricity Generation | C4: ='Electricity Summary'!$D$15 -> 16.32869 | D4: ='Electricity Summary'!$E$15 -> 12.075555 | E4: E3 calculation based on EIA/EPA data for net generation and emissions | F4: E3 calculation based on EIA/EPA data for net generation and emissions
B5: Transportation | C5: =SUM(CO2FFC!$R$19,'Mobile Combustion'!$R$100/10^6) -> 16.529224 | D5: ='2018 SEDS Benchmarking'!$L$55 -> 15.848591 | E5: Direct SIT outputs | F5: Input EIA SEDS energy into LEAP with EPA SIT emission factors | G5: ='Mobile Combustion'!AJ6 -> 0.77731829 | H5: =D5*G5 -> 12.3194 | I5: 0.25 | J5: =I5*H5 -> 3.0798499
B6: Residential | C6: =SUM(CO2FFC!$R$4,Stationary!$R$22) -> 2.3632784 | D6: ='2018 SEDS Benchmarking'!$L$19 -> 2.182961 | E6: Direct SIT outputs | F6: Input EIA SEDS energy into LEAP with EPA SIT emission factors
B7: Commercial | C7: =SUM(CO2FFC!$R$9,Stationary!$R$25) -> 1.7145764 | D7: ='2018 SEDS Benchmarking'!$L$35 -> 1.709016 | E7: Direct SIT outputs | F7: Input EIA SEDS energy into LEAP with EPA SIT emission factors
B8: Industrial | C8: =SUM(CO2FFC!$R$15,CO2FFC!$R$16*(1-CO2FFC!$R$40),CO2FFC!$R$17*(1-CO2FFC!$R$39),Stationary!$R$28) -> 2.8027126 | D8: ='2018 SEDS Benchmarking'!$L$86 -> 2.12952 | E8: Direct SIT outputs net fossil fuel industry fuel consumption | F8: Input EIA SEDS energy into LEAP with EPA SIT emission factors after removing fossil fuel industry energy consumption
B9: Industrial Processes (Non-Combustion Emissions) | C9: =IP!$R$23/10^6 -> 1.6585618 | D9: =IP!$AE$23/10^6 -> 2.7458327 | E9: Direct SIT outputs | F9: Direct SIT outputs (2018 data not available, assume same as 2017)
B10: Agriculture | C10: =Agriculture!$R$23 -> 7.346729 | D10: =Agriculture!$AE$23 -> 7.7032508 | E10: Direct SIT outputs | F10: Direct SIT outputs (2018 data not available, assume same as 2017)
B11: Coal Mining & Abandoned Mines | C11: =SUM(Coal!$R$13,Coal!$R$14)/10^6 -> 1.6090437 | D11: =SUM(Coal!$AE$13:$AE$14)/10^6 -> 0.94637381 | E11: Direct SIT outputs | F11: Direct SIT outputs
B12: Waste | C12: =SUM(Waste!$R$14,Wastewater!$R$21) -> 1.5819243 | D12: =SUM(Waste!$AE$14,Wastewater!$AE$21) -> 1.8311663 | E12: Direct SIT outputs | F12: Direct SIT outputs
B13: Natural & Working Lands | C13: ='Forest Management'!$R$23 -> 4.7797128 | D13: ='Forest Management'!$AE$23 -> 6.0588048 | E13: Direct SIT outputs | F13: Direct SIT outputs (2018 data not available, assume same as 2017)
B14: Oil & Gas (Fugitive Emissions) | C14: ='Oil & Gas Summary'!$C$11 -> 9.5559903 | D14: ='Oil & Gas Summary'!$D$11 -> 32.741485 | E14: WESTAR 2014-2016 basline emissions scaled by oil production + natural gas transmission and distribution emissions from SIT | F14: WESTAR 2014-2016 basline emissions scaled by oil production + natural gas transmission and distribution emissions from SIT
B15: Oil & Gas (Fuel Combustion) | C15: ='Oil & Gas Summary'!$C$6 -> 9.2743243 | D15: ='Oil & Gas Summary'!$D$6 -> 27.65678 | E15: WESTAR 2014-2016 basline emissions scaled by oil production + downstream fossil fuel industry combustion emissions identified from SEDS | F15: WESTAR 2014-2016 basline emissions scaled by oil production + downstream fossil fuel industry combustion emissions identified from SEDS
B16: Total | C16: =SUM(C4:C15) -> 75.544768 | D16: =SUM(D4:D15) -> 113.62934
B17: Total (Net Oil & Gas) | C17: =SUM(C4:C13) -> 56.714453 | D17: =SUM(D4:D13) -> 53.231071 | E17: =D14+D15 -> 60.398265 | F17: =SUM(D4:D8,D10:D12,37.95,D13) -> 88.435238

Sheet 2050Net Zero
B2: =Summary!B2 -> New Mexico Greenhouse Gas Emissions Summary Table (MMT CO2e)
B3: =Summary!B3 -> Sector | C3: =Summary!C3 -> 2005 | D3: Percent of Total | E3: =Summary!D3 -> 2018
B4: =Summary!B4 -> Electricity Generation | C4: =Summary!C4 -> 16.32869 | D4: =C4/$C$16 -> 0.21614588 | E4: =Summary!D4 -> 12.075555 | F4: 12.1 | G4: =F4/$F$16 -> 0.10648949
B5: =Summary!B5 -> Transportation | C5: =Summary!C5 -> 16.529224 | D5: =C5/$C$16 -> 0.21880038 | E5: =Summary!D5 -> 15.848591 | F5: =E5 -> 15.848591 | G5: =F5/$F$16 -> 0.13948003 | I5: 4.65
B6: =Summary!B6 -> Residential | C6: =Summary!C6 -> 2.3632784 | D6: =C6/$C$16 -> 0.031283151 | E6: =Summary!D6 -> 2.182961 | F6: =E6+E7 -> 3.891977 | G6: =F6/$F$16 -> 0.034252449
B7: =Summary!B7 -> Commercial | C7: =Summary!C7 -> 1.7145764 | D7: =C7/$C$16 -> 0.022696163 | E7: =Summary!D7 -> 1.709016
B8: =Summary!B8 -> Industrial | C8: =Summary!C8 -> 2.8027126 | D8: =C8/$C$16 -> 0.037100022 | E8: =Summary!D8 -> 2.12952 | F8: =E8+E9 -> 4.8753527 | G8: =F8/$F$16 -> 0.042906926
B9: =Summary!B9 -> Industrial Processes (Non-Combustion Emissions) | C9: =Summary!C9 -> 1.6585618 | D9: =C9/$C$16 -> 0.021954688 | E9: =Summary!D9 -> 2.7458327
B10: =Summary!B10 -> Agriculture | C10: =Summary!C10 -> 7.346729 | D10: =C10/$C$16 -> 0.097250005 | E10: =Summary!D10 -> 7.7032508 | F10: =E10+E13 -> 13.762056 | G10: =F10/$F$16 -> 0.12111688
B11: =Summary!B11 -> Coal Mining & Abandoned Mines | C11: =Summary!C11 -> 1.6090437 | D11: =C11/$C$16 -> 0.021299207 | E11: =Summary!D11 -> 0.94637381 | F11: 0.95 | G11: =F11/$F$16 -> 0.0083607448
B12: =Summary!B12 -> Waste | C12: =Summary!C12 -> 1.5819243 | D12: =C12/$C$16 -> 0.020940223 | E12: =Summary!D12 -> 1.8311663 | F12: 1.8 | G12: =F12/$F$16 -> 0.015841411
B13: =Summary!B13 -> Natural & Working Lands | C13: =Summary!C13 -> 4.7797128 | D13: =C13/$C$16 -> 0.063269939 | E13: =Summary!D13 -> 6.0588048
B14: =Summary!B14 -> Oil & Gas (Fugitive Emissions) | C14: =Summary!C14 -> 9.5559903 | D14: =C14/$C$16 -> 0.1264944 | E14: =Summary!D14 -> 32.741485 | F14: =E14+E15 -> 60.398265 | G14: =F14/$F$16 -> 0.53155208
B15: =Summary!B15 -> Oil & Gas (Fuel Combustion) | C15: =Summary!C15 -> 9.2743243 | D15: =C15/$C$16 -> 0.12276594 | E15: =Summary!D15 -> 27.65678
B16: =Summary!B16 -> Total | C16: =Summary!C16 -> 75.544768 | E16: =Summary!D16 -> 113.62934 | F16: =SUM(F4:F14) -> 113.62624
B17: 90% of 2005 | C17: =C16*0.9 -> 67.990291
B18: 10% of 2005 | C18: =C16*0.1 -> 7.5544768

Sheet Electricity Summary
B2: Include Specified Imports in Total? | C2: Yes
B3: Specified imports are defined for this inventory as out of state power plants with partial ownership by New Mexico utilities.
B6: Electricity Summary
B7: Category | C7: Units | D7: 2005 | E7: 2018
B8: EIA In-State Generation | C8: GWh | D8: =SUM('2005 Generation (EIA)'!$X$4:$X$5,'2005 Generation (EIA)'!$X$9:$X$60)/1000 -> 35135.642 | E8: =SUM('2018 Generation (EIA)'!$AA$5:$AA$6,'2018 Generation (EIA)'!$AA$11:$AA$143)/1000 -> 32673.682
B9: In-State Generation | C9: GWh | D9: =SUMIFS('2005 Generation (EIA)'!$AA$4:$AA$60,'2005 Generation (EIA)'!$AB$4:$AB$60,'Electricity Summary'!$B9)/1000 -> 19519.602 | E9: =SUMIFS('2018 Generation (EIA)'!$AD$5:$AD$143,'2018 Generation (EIA)'!$AE$5:$AE$143,$B9)/1000 -> 25028.17
B10: Imported Generation | C10: GWh | D10: =IF($C$2="Yes",SUMIFS('2005 Generation (EIA)'!$AA$4:$AA$60,'2005 Generation (EIA)'!$AB$4:$AB$60,'Electricity Summary'!$B10)/1000,0) -> 4083.0567 | E10: =IF($C$2="Yes",SUMIFS('2018 Generation (EIA)'!$AD$5:$AD$143,'2018 Generation (EIA)'!$AE$5:$AE$143,$B10)/1000,0) -> 6065.8653
B11: NM-Associated Generation | C11: GWh | D11: =SUM(D9:D10) -> 23602.659 | E11: =SUM(E9:E10) -> 31094.035
B12: Exported Generation (San Juan) | C12: GWh | D12: =SUM('2005 Generation (EIA)'!AA18:AA19)*(1-0.54)/10^3 -> 5732.6746 | E12: =SUM('2018 Generation (EIA)'!AD21:AD23)*(1-0.65)/10^3 -> 1635.9868
B13: Retail Sales | C13: GWh | D13: =SUM('2005 Retail Sales (EIA)'!$F$7:$F$40)/1000 -> 20638.951 | E13: =SUM('2018 Retail Sales (EIA)'!$E$4:$E$34)/1000 -> 24029.637
B14: EIA In-State Emissions | C14: MMT CO2e | D14: =SUM('2005 Emissions (eGrid)'!AW5:$AW$37)/10^6 -> 30.861729 | E14: =(SUM('2018 Emissions (eGrid)'!$AG$5:$AG$218)-'2018 Emissions (eGrid)'!$AG$7)/10^6 -> 19.745879
B15: In-State Emissions | C15: MMT CO2e | D15: =SUMIFS('2005 Emissions (eGrid)'!$AY$5:$AY$37,'2005 Emissions (eGrid)'!$AZ$5:$AZ$37,'Electricity Summary'!$B15)/10^6 -> 16.32869 | E15: =SUMIFS('2018 Emissions (eGrid)'!$AI$5:$AI$218,'2018 Emissions (eGrid)'!$AJ$5:$AJ$218,'Electricity Summary'!$B15)/10^6 -> 12.075555
B16: Imported Emissions | C16: MMT CO2e | D16: =IF($C$2="Yes",SUMIFS('2005 Emissions (eGrid)'!$AY$5:$AY$37,'2005 Emissions (eGrid)'!$AZ$5:$AZ$37,'Electricity Summary'!$B16)/10^6,0) -> 1.3500886 | E16: =IF($C$2="Yes",SUMIFS('2018 Emissions (eGrid)'!$AI$5:$AI$218,'2018 Emissions (eGrid)'!$AJ$5:$AJ$218,'Electricity Summary'!$B16)/10^6,0) -> 2.9163212
B17: NM-Associated Emissions | C17: MMT CO2e | D17: =SUM(D15:D16) -> 17.678779 | E17: =SUM(E15:E16) -> 14.991876
B18: Exported Emissions (San Juan) | C18: MMT CO2e | D18: ='2005 Emissions (eGrid)'!AY33*(1-0.54)/10^6 -> 5.4671585 | E18: =SUM('2018 Emissions (eGrid)'!AI177:AI178)*(1-0.65)/10^6 -> 1.8940006

Sheet 2005 Generation (EIA)
A1: Sources: EIA-906/920, EIA-860 | T1: YEAR-TO-DATE
AE2: Four Corners weighted ownership calculation (unit gen source: eGrid)
A3: Plant ID | B3: Combined Heat & Power Plant | C3: Nuclear Unit I.D. | D3: Plant Name | E3: Operator Name | F3: Operator ID | G3: State | H3: Census Region | I3: NERC Region | J3: Reserved | K3: NAICS Code | L3: EIA Sector Number | M3: Sector Name | N3: Reported Prime Mover | O3: Reported Fuel Type Code | P3: AER Fuel Type Code | Q3: Reserved | R3: Reserved | S3: Physical Unit Label | T3: TOTAL FUEL CONSUMPTION QUANTITY | U3: ELECTRIC FUEL CONSUMPTION QUANTITY | V3: TOTAL FUEL CONSUMPTION MMBTUS | W3: ELEC FUEL CONSUMPTION MMBTUS | X3: NET GENERATION (megawatthours) | Y3: Year | Z3: NM-Associated Share (%) | AA3: NM-Associated Net Generation (MWh) | AB3: Category | AE3: Plant name | AF3: Generator ID | AG3: Generator annual net generation (MWh) | AH3: NM Ownership | AI3: NM Net Gen (MWh)
A4: 2442 | B4: N | D4: Four Corners | E4: Arizona Public Service Co | F4: 803 | G4: NM | H4: MTN | I4: WECC | K4: 22 | L4: 1 | M4: Electric Utility | N4: ST | O4: NG | P4: NG | S4: mcf | T4: 361140 | U4: 361140 | V4: 364510.72 | W4: 364510.72 | X4: 36277 | Y4: 2005 | Z4: =$AI$10 -> 0.09289789 | AA4: =Z4*X4 -> 3370.0568 | AB4: Imported Generation | AE4: Four Corners | AF4: 1 | AG4: 1271533 | AH4: 0 | AI4: =AH4*AG4 -> 0
A5: 2442 | B5: N | D5: Four Corners | E5: Arizona Public Service Co | F5: 803 | G5: NM | H5: MTN | I5: WECC | K5: 22 | L5: 1 | M5: Electric Utility | N5: ST | O5: SUB | P5: COL | S5: tons | T5: 8854360 | U5: 8854360 | V5: 1.5802311e+08 | W5: 1.5802311e+08 | X5: 15579763 | Y5: 2005 | Z5: =$AI$10 -> 0.09289789 | AA5: =Z5*X5 -> 1447327.1 | AB5: Imported Generation | AE5: Four Corners | AF5: 2 | AG5: 1417014 | AH5: 0 | AI5: =AH5*AG5 -> 0
A6: 6008 | B6: N | C6: 1 | D6: Palo Verde | E6: Arizona Public Service Co | F6: 803 | G6: AZ | H6: MTN | I6: WECC | K6: 22 | L6: 1 | M6: Electric Utility | N6: ST | O6: NUC | P6: NUC | T6: 0 | U6: 0 | V6: 75301433 | W6: 75301433 | X6: 7216237 | Y6: 2005 | Z6: 0.102 | AA6: =Z6*X6 -> 736056.17 | AB6: Imported Generation | AE6: Four Corners | AF6: 3 | AG6: 1768284 | AH6: 0 | AI6: =AH6*AG6 -> 0
A7: 6008 | B7: N | C7: 2 | D7: Palo Verde | E7: Arizona Public Service Co | F7: 803 | G7: AZ | H7: MTN | I7: WECC | K7: 22 | L7: 1 | M7: Electric Utility | N7: ST | O7: NUC | P7: NUC | T7: 0 | U7: 0 | V7: 98373260 | W7: 98373260 | X7: 9427241 | Y7: 2005 | Z7: 0.102 | AA7: =Z7*X7 -> 961578.58 | AB7: Imported Generation | AE7: Four Corners | AF7: 4 | AG7: 5769742 | AH7: 0.13 | AI7: =AH7*AG7 -> 750066.46
A8: 6008 | B8: N | C8: 3 | D8: Palo Verde | E8: Arizona Public Service Co | F8: 803 | G8: AZ | H8: MTN | I8: WECC | K8: 22 | L8: 1 | M8: Electric Utility | N8: ST | O8: NUC | P8: NUC | T8: 0 | U8: 0 | V8: 95626006 | W8: 95626006 | X8: 9163968 | Y8: 2005 | Z8: 0.102 | AA8: =Z8*X8 -> 934724.74 | AB8: Imported Generation | AE8: Four Corners | AF8: 5 | AG8: 5389467 | AH8: 0.13 | AI8: =AH8*AG8 -> 700630.71
A9: 87 | B9: N | D9: Escalante | E9: Tri-State G & T Assn, Inc | F9: 30151 | G9: NM | H9: MTN | I9: WECC | K9: 22 | L9: 1 | M9: Electric Utility | N9: ST | O9: NG | P9: NG | S9: mcf | T9: 10644 | U9: 10644 | V9: 10952.51 | W9: 10952.51 | X9: 979 | Y9: 2005 | Z9: 1 | AA9: =Z9*X9 -> 979 | AB9: In-State Generation
A10: 87 | B10: N | D10: Escalante | E10: Tri-State G & T Assn, Inc | F10: 30151 | G10: NM | H10: MTN | I10: WECC | K10: 22 | L10: 1 | M10: Electric Utility | N10: ST | O10: SUB | P10: COL | S10: tons | T10: 1154375 | U10: 1154375 | V10: 21272499 | W10: 21272499 | X10: 1909198 | Y10: 2005 | Z10: 1 | AA10: =Z10*X10 -> 1909198 | AB10: In-State Generation | AH10: Weighted NM Share of Four Corners Total Gen | AI10: =SUM(AI4:AI8)/SUM(AG4:AG8) -> 0.09289789
A11: 584 | B11: N | D11: Navajo Dam | E11: City of Farmington | F11: 6204 | G11: NM | H11: MTN | I11: WECC | K11: 22 | L11: 1 | M11: Electric Utility | N11: HY | O11: WAT | P11: HYC | T11: 0 | U11: 0 | V11: 650814.92 | W11: 650814.92 | X11: 65088 | Y11: 2005 | Z11: 1 | AA11: =Z11*X11 -> 65088 | AB11: In-State Generation
A12: 2444 | B12: N | D12: Rio Grande | E12: El Paso Electric Co | F12: 5701 | G12: NM | H12: MTN | I12: WECC | K12: 22 | L12: 1 | M12: Electric Utility | N12: ST | O12: DFO | P12: DFO | S12: barrels | T12: 563 | U12: 563 | V12: 3195.03 | W12: 3195.03 | X12: 277 | Y12: 2005 | Z12: 1 | AA12: =Z12*X12 -> 277 | AB12: In-State Generation
A13: 2444 | B13: N | D13: Rio Grande | E13: El Paso Electric Co | F13: 5701 | G13: NM | H13: MTN | I13: WECC | K13: 22 | L13: 1 | M13: Electric Utility | N13: ST | O13: NG | P13: NG | S13: mcf | T13: 7867842 | U13: 7867842 | V13: 8058812.7 | W13: 8058812.7 | X13: 688607 | Y13: 2005 | Z13: 1 | AA13: =Z13*X13 -> 688607 | AB13: In-State Generation
A14: 2446 | B14: N | D14: Maddox | E14: Southwestern Public Service Co | F14: 17718 | G14: NM | H14: MTN | I14: SPP | K14: 22 | L14: 1 | M14: Electric Utility | N14: GT | O14: NG | P14: NG | S14: mcf | T14: 663076 | U14: 663076 | V14: 671994.03 | W14: 671994.03 | X14: 48512 | Y14: 2005 | Z14: 1 | AA14: =Z14*X14 -> 48512 | AB14: In-State Generation
A15: 2446 | B15: N | D15: Maddox | E15: Southwestern Public Service Co | F15: 17718 | G15: NM | H15: MTN | I15: SPP | K15: 22 | L15: 1 | M15: Electric Utility | N15: ST | O15: NG | P15: NG | S15: mcf | T15: 4692382 | U15: 4692382 | V15: 4760350 | W15: 4760350 | X15: 461525 | Y15: 2005 | Z15: 1 | AA15: =Z15*X15 -> 461525 | AB15: In-State Generation
A16: 2447 | B16: N | D16: Las Vegas | E16: Public Service Co of NM | F16: 15473 | G16: NM | H16: MTN | I16: WECC | K16: 22 | L16: 1 | M16: Electric Utility | N16: GT | O16: DFO | P16: DFO | S16: barrels | T16: 0 | U16: 0 | V16: 0 | W16: 0 | X16: 0 | Y16: 2005 | Z16: 1 | AA16: =Z16*X16 -> 0 | AB16: In-State Generation
A17: 2450 | B17: N | D17: Reeves | E17: Public Service Co of NM | F17: 15473 | G17: NM | H17: MTN | I17: WECC | K17: 22 | L17: 1 | M17: Electric Utility | N17: ST | O17: NG | P17: NG | S17: mcf | T17: 1250597 | U17: 1250597 | V17: 1314377.5 | W17: 1314377.5 | X17: 100992 | Y17: 2005 | Z17: 1 | AA17: =Z17*X17 -> 100992 | AB17: In-State Generation
A18: 2451 | B18: N | D18: San Juan | E18: Public Service Co of NM | F18: 15473 | G18: NM | H18: MTN | I18: WECC | K18: 22 | L18: 1 | M18: Electric Utility | N18: ST | O18: DFO | P18: DFO | S18: barrels | T18: 54431 | U18: 54431 | V18: 308079.46 | W18: 308079.46 | X18: 31026 | Y18: 2005 | Z18: 1 | AA18: =Z18*X18 -> 31026 | AB18: In-State Generation
A19: 2451 | B19: N | D19: San Juan | E19: Public Service Co of NM | F19: 15473 | G19: NM | H19: MTN | I19: WECC | K19: 22 | L19: 1 | M19: Electric Utility | N19: ST | O19: SUB | P19: COL | S19: tons | T19: 7004508 | U19: 7004508 | V19: 1.360268e+08 | W19: 1.360268e+08 | X19: 12431310 | Y19: 2005 | Z19: 1 | AA19: =Z19*X19 -> 12431310 | AB19: In-State Generation
A20: 2453 | B20: N | D20: Carlsbad | E20: Southwestern Public Service Co | F20: 17718 | G20: NM | H20: MTN | I20: SPP | K20: 22 | L20: 1 | M20: Electric Utility | N20: GT | O20: NG | P20: NG | S20: mcf | T20: 22312.01 | U20: 22312.01 | V20: 22624.36 | W20: 22624.36 | X20: 1211.999 | Y20: 2005 | Z20: 1 | AA20: =Z20*X20 -> 1211.999 | AB20: In-State Generation
A21: 2454 | B21: N | D21: Cunningham | E21: Southwestern Public Service Co | F21: 17718 | G21: NM | H21: MTN | I21: SPP | K21: 22 | L21: 1 | M21: Electric Utility | N21: GT | O21: NG | P21: NG | S21: mcf | T21: 2155106 | U21: 2155106 | V21: 2191344 | W21: 2191344 | X21: 183473 | Y21: 2005 | Z21: 1 | AA21: =Z21*X21 -> 183473 | AB21: In-State Generation
A22: 2454 | B22: N | D22: Cunningham | E22: Southwestern Public Service Co | F22: 17718 | G22: NM | H22: MTN | I22: SPP | K22: 22 | L22: 1 | M22: Electric Utility | N22: ST | O22: NG | P22: NG | S22: mcf | T22: 12778705 | U22: 12778705 | V22: 12962026 | W22: 12962026 | X22: 1222079 | Y22: 2005 | Z22: 1 | AA22: =Z22*X22 -> 1222079 | AB22: In-State Generation
A23: 2465 | B23: N | D23: Animas | E23: City of Farmington | F23: 6204 | G23: NM | H23: MTN | I23: WECC | K23: 22 | L23: 1 | M23: Electric Utility | N23: CA | O23: NG | P23: NG | S23: mcf | T23: 0 | U23: 0 | V23: 0 | W23: 0 | X23: 46430.001 | Y23: 2005 | Z23: 1 | AA23: =Z23*X23 -> 46430.001 | AB23: In-State Generation
A24: 2465 | B24: N | D24: Animas | E24: City of Farmington | F24: 6204 | G24: NM | H24: MTN | I24: WECC | K24: 22 | L24: 1 | M24: Electric Utility | N24: CT | O24: NG | P24: NG | S24: mcf | T24: 937355.01 | U24: 937355.01 | V24: 984222.76 | W24: 984222.76 | X24: 132357 | Y24: 2005 | Z24: 1 | AA24: =Z24*X24 -> 132357 | AB24: In-State Generation
A25: 2465 | B25: N | D25: Animas | E25: City of Farmington | F25: 6204 | G25: NM | H25: MTN | I25: WECC | K25: 22 | L25: 1 | M25: Electric Utility | N25: HY | O25: WAT | P25: HYC | T25: 0 | U25: 0 | V25: 0 | W25: 0 | X25: 0 | Y25: 2005 | Z25: 1 | AA25: =Z25*X25 -> 0 | AB25: In-State Generation
A26: 2465 | B26: N | D26: Animas | E26: City of Farmington | F26: 6204 | G26: NM | H26: MTN | I26: WECC | K26: 22 | L26: 1 | M26: Electric Utility | N26: ST | O26: NG | P26: NG | S26: mcf | T26: 0 | U26: 0 | V26: 0 | W26: 0 | X26: 0 | Y26: 2005 | Z26: 1 | AA26: =Z26*X26 -> 0 | AB26: In-State Generation
A27: 2468 | B27: N | D27: Raton | E27: Raton Public Service Company | F27: 15698 | G27: NM | H27: MTN | I27: WECC | K27: 22 | L27: 1 | M27: Electric Utility | N27: IC | O27: NG | P27: NG | S27: mcf | T27: 5918 | U27: 5918 | V27: 6509.81 | W27: 6509.81 | X27: 401.999 | Y27: 2005 | Z27: 1 | AA27: =Z27*X27 -> 401.999 | AB27: In-State Generation
A28: 2468 | B28: N | D28: Raton | E28: Raton Public Service Company | F28: 15698 | G28: NM | H28: MTN | I28: WECC | K28: 22 | L28: 1 | M28: Electric Utility | N28: ST | O28: BIT | P28: COL | S28: tons | T28: 20422.02 | U28: 20422.02 | V28: 592237.98 | W28: 592237.98 | X28: 26977.001 | Y28: 2005 | Z28: 1 | AA28: =Z28*X28 -> 26977.001 | AB28: In-State Generation
A29: 2469 | B29: N | D29: Tucumcari | E29: Southwestern Public Service Co | F29: 17718 | G29: NM | H29: MTN | I29: SPP | K29: 22 | L29: 1 | M29: Electric Utility | N29: IC | O29: DFO | P29: DFO | S29: barrels | T29: 136.01 | U29: 136.01 | V29: 789.07 | W29: 789.07 | X29: 70 | Y29: 2005 | Z29: 1 | AA29: =Z29*X29 -> 70 | AB29: In-State Generation
A30: 6402 | B30: N | D30: Elephant Butte | E30: U S Bureau of Reclamation | F30: 2518 | G30: NM | H30: MTN | I30: WECC | K30: 22 | L30: 1 | M30: Electric Utility | N30: HY | O30: WAT | P30: HYC | T30: 0 | U30: 0 | V30: 459524.05 | W30: 459524.05 | X30: 45956.999 | Y30: 2005 | Z30: 1 | AA30: =Z30*X30 -> 45956.999 | AB30: In-State Generation
A31: 7593 | B31: N | D31: El Vado Dam | E31: Los Alamos County | F31: 11204 | G31: NM | H31: MTN | I31: WECC | K31: 22 | L31: 1 | M31: Electric Utility | N31: HY | O31: WAT | P31: HYC | T31: 0 | U31: 0 | V31: 216738.34 | W31: 216738.34 | X31: 21676.002 | Y31: 2005 | Z31: 1 | AA31: =Z31*X31 -> 21676.002 | AB31: In-State Generation
A32: 7789 | B32: N | D32: Abiquiu Dam | E32: Los Alamos County | F32: 11204 | G32: NM | H32: MTN | I32: WECC | K32: 22 | L32: 1 | M32: Electric Utility | N32: HY | O32: WAT | P32: HYC | T32: 0 | U32: 0 | V32: 322687.74 | W32: 322687.74 | X32: 32271.999 | Y32: 2005 | Z32: 1 | AA32: =Z32*X32 -> 32271.999 | AB32: In-State Generation
A33: 7967 | B33: N | D33: Lordsburg Generating | E33: Public Service Co of NM | F33: 15473 | G33: NM | H33: MTN | I33: WECC | K33: 22 | L33: 1 | M33: Electric Utility | N33: GT | O33: NG | P33: NG | S33: mcf | T33: 1091051 | U33: 1091051 | V33: 1119418.3 | W33: 1119418.3 | X33: 83141 | Y33: 2005 | Z33: 1 | AA33: =Z33*X33 -> 83141 | AB33: In-State Generation
A34: 7975 | B34: N | D34: Pyramid | E34: Tri-State G & T Assn, Inc | F34: 30151 | G34: NM | H34: MTN | I34: WECC | K34: 22 | L34: 1 | M34: Electric Utility | N34: GT | O34: DFO | P34: DFO | S34: barrels | T34: 2007.01 | U34: 2007.01 | V34: 11038.53 | W34: 11038.53 | X34: 1155.001 | Y34: 2005 | Z34: 1 | AA34: =Z34*X34 -> 1155.001 | AB34: In-State Generation
A35: 7975 | B35: N | D35: Pyramid | E35: Tri-State G & T Assn, Inc | F35: 30151 | G35: NM | H35: MTN | I35: WECC | K35: 22 | L35: 1 | M35: Electric Utility | N35: GT | O35: NG | P35: NG | S35: mcf | T35: 530112.01 | U35: 530112.01 | V35: 546015.36 | W35: 546015.36 | X35: 55456 | Y35: 2005 | Z35: 1 | AA35: =Z35*X35 -> 55456 | AB35: In-State Generation
A36: 10339 | B36: Y | D36: Southside Water Reclamation Plant | E36: Albuquerque City of | F36: 194 | G36: NM | H36: MTN | I36: WECC | K36: 22 | L36: 3 | M36: NAICS-22 Cogen | N36: IC | O36: NG | P36: NG | S36: mcf | T36: 142904 | U36: 108441.1 | V36: 142904 | W36: 108441.1 | X36: 15251.68 | Y36: 2005 | Z36: 1 | AA36: =Z36*X36 -> 15251.68 | AB36: In-State Generation
A37: 10339 | B37: Y | D37: Southside Water Reclamation Plant | E37: Albuquerque City of | F37: 194 | G37: NM | H37: MTN | I37: WECC | K37: 22 | L37: 3 | M37: NAICS-22 Cogen | N37: IC | O37: OBG | P37: ORW | S37: Mcf | T37: 65974.99 | U37: 50064 | V37: 43543.49 | W37: 33042.24 | X37: 4647.2194 | Y37: 2005 | Z37: 1 | AA37: =Z37*X37 -> 4647.2194 | AB37: In-State Generation
A38: 50905 | B38: Y | D38: Univ New Mexico Cogen Plant | E38: University of New Mexico | F38: 21964 | G38: NM | H38: MTN | I38: WECC | K38: 611 | L38: 5 | M38: Commercial NAICS Cogen | N38: GT | O38: NG | P38: NG | S38: mcf | T38: 5384 | U38: 2683.36 | V38: 5384 | W38: 2683.36 | X38: 571.341 | Y38: 2005 | Z38: 1 | AA38: =Z38*X38 -> 571.341 | AB38: In-State Generation
A39: 50906 | B39: Y | D39: Ford Utilities Center | E39: University of New Mexico | F39: 21964 | G39: NM | H39: MTN | I39: WECC | K39: 611 | L39: 5 | M39: Commercial NAICS Cogen | N39: GT | O39: NG | P39: NG | S39: mcf | T39: 538380 | U39: 341026.4 | V39: 538380 | W39: 341026.4 | X39: 21463.959 | Y39: 2005 | Z39: 1 | AA39: =Z39*X39 -> 21463.959 | AB39: In-State Generation
A40: 50997 | B40: Y | D40: Gallup Refinery | E40: Western Refining Southwest Inc | F40: 6996 | G40: NM | H40: MTN | I40: WECC | K40: 32411 | L40: 7 | M40: Industrial NAICS Cogen | N40: GT | O40: NG | P40: NG | S40: mcf | T40: 11638.01 | U40: 4682.14 | V40: 11638.01 | W40: 4682.14 | X40: 865.339 | Y40: 2005 | Z40: 1 | AA40: =Z40*X40 -> 865.339 | AB40: In-State Generation
A41: 54208 | B41: Y | D41: Hidalgo Smelter | E41: Phelps Dodge Corp-Hidalgo | F41: 14938 | G41: NM | H41: MTN | I41: WECC | K41: 331 | L41: 7 | M41: Industrial NAICS Cogen | N41: IC | O41: DFO | P41: DFO | S41: barrels | T41: 0 | U41: 0 | V41: 0 | W41: 0 | X41: 0 | Y41: 2005 | Z41: 1 | AA41: =Z41*X41 -> 0 | AB41: In-State Generation
A42: 54208 | B42: Y | D42: Hidalgo Smelter | E42: Phelps Dodge Corp-Hidalgo | F42: 14938 | G42: NM | H42: MTN | I42: WECC | K42: 331 | L42: 7 | M42: Industrial NAICS Cogen | N42: ST | O42: NG | P42: NG | S42: mcf | T42: 0 | U42: 0 | V42: 0 | W42: 0 | X42: 0 | Y42: 2005 | Z42: 1 | AA42: =Z42*X42 -> 0 | AB42: In-State Generation
A43: 54221 | B43: N | D43: Blanco Compressor Station | E43: Enterprise Products Optg LP | F43: 29925 | G43: NM | H43: MTN | I43: WECC | K43: 2212 | L43: 6 | M43: Industrial NAICS Non-Cogen | N43: ST | O43: NG | P43: NG | S43: mcf | T43: 3124642 | U43: 3124642 | V43: 3143389.9 | W43: 3143389.9 | X43: 20248.002 | Y43: 2005 | Z43: 1 | AA43: =Z43*X43 -> 20248.002 | AB43: In-State Generation
A44: 54667 | B44: N | D44: Chino Mines | E44: Phelps Dodge Corp-Chino Mines | F44: 3670 | G44: NM | H44: MTN | I44: WECC | K44: 2122 | L44: 6 | M44: Industrial NAICS Non-Cogen | N44: CA | O44: NG | P44: NG | S44: mcf | T44: 0 | U44: 0 | V44: 0 | W44: 0 | X44: 0 | Y44: 2005 | Z44: 1 | AA44: =Z44*X44 -> 0 | AB44: In-State Generation
... A57: 55977 | B57: N | D57: Bluffview | E57: City of Farmington | F57: 6204 | G57: NM | H57: MTN | I57: WECC | K57: 22 | L57: 1 | M57: Electric Utility | N57: CT | O57: NG | P57: NG | S57: mcf | T57: 1362470 | U57: 1362470 | V57: 1430593.5 | W57: 1430593.5 | X57: 208985 | Y57: 2005 | Z57: 1 | AA57: =Z57*X57 -> 208985 | AB57: In-State Generation
A58: 56097 | B58: N | D58: New Mexico Wind Energy Center | E58: FPL Energy New Mexico Wind LLC | F58: 34717 | G58: NM | H58: MTN | I58: WECC | K58: 22 | L58: 2 | M58: NAICS-22 Non-Cogen | N58: WT | O58: WND | P58: WND | T58: 0 | U58: 0 | V58: 5129467 | W58: 5129467 | X58: 512998 | Y58: 2005 | Z58: 1 | AA58: =Z58*X58 -> 512998 | AB58: In-State Generation
A59: 56293 | B59: N | D59: Caprock Wind Farm | E59: Bluarc Management Group LLC | F59: 50123 | G59: NM | H59: MTN | I59: WECC | K59: 22 | L59: 2 | M59: NAICS-22 Non-Cogen | N59: WT | O59: WND | P59: WND | T59: 0 | U59: 0 | V59: 2668303.1 | W59: 2668303.1 | X59: 266857 | Y59: 2005 | Z59: 1 | AA59: =Z59*X59 -> 266857 | AB59: In-State Generation
A60: 56304 | B60: N | D60: San Juan Mesa | E60: Edison Mission Energy | F60: 34505 | G60: NM | H60: MTN | I60: SPP | K60: 22 | L60: 2 | M60: NAICS-22 Non-Cogen | N60: WT | O60: WND | P60: WND | T60: 0 | U60: 0 | V60: 147735.23 | W60: 147735.23 | X60: 14775 | Y60: 2005 | Z60: 1 | AA60: =Z60*X60 -> 14775 | AB60: In-State Generation

Sheet 2018 Generation (EIA)
A1: Sources: EIA Form 860, EIA Form 923
O3: Net Generation (MWh)
A4: Plant Id | B4: Combined Heat And Power Plant | C4: Plant Name | D4: Operator Name | E4: Operator Id | F4: Plant State | G4: Census Region | H4: NERC Region | I4: NAICS Code | J4: Sector Number | K4: Sector Name | L4: Generator Id | M4: Reported Prime Mover | N4: Reported Fuel Type Code | O4: Net Generation January | P4: Net Generation February | Q4: Net Generation March | R4: Net Generation April | S4: Net Generation May | T4: Net Generation June | U4: Net Generation July | V4: Net Generation August | W4: Net Generation September | X4: Net Generation October | Y4: Net Generation November | Z4: Net Generation December | AA4: Net Generation Year To Date | AB4: YEAR | AC4: NM-Associated Share (%) | AD4: NM-Associated Net Generation (MWh) | AE4: Category
A5: 2442 | B5: N | C5: Four Corners | D5: Arizona Public Service Co | E5: 803 | F5: NM | G5: MTN | H5: WECC | I5: 22 | J5: 1 | K5: Electric Utility | L5: 4 | M5: ST | N5: SUB | O5: 241256 | P5: 0 | Q5: 0 | R5: 0 | S5: 0 | T5: 243430 | U5: 511653 | V5: 507578 | W5: 272791 | X5: 510764 | Y5: 501471 | Z5: 381476 | AA5: 3170419 | AB5: 2018 | AC5: 0.13 | AD5: =AC5*AA5 -> 412154.47 | AE5: Imported Generation
A6: 2442 | B6: N | C6: Four Corners | D6: Arizona Public Service Co | E6: 803 | F6: NM | G6: MTN | H6: WECC | I6: 22 | J6: 1 | K6: Electric Utility | L6: 5 | M6: ST | N6: SUB | O6: 0 | P6: -9057 | Q6: 322706 | R6: 486194 | S6: 482562 | T6: 378962 | U6: 487798 | V6: 302446 | W6: 517242 | X6: 428829 | Y6: 478657 | Z6: 462087 | AA6: 4338426 | AB6: 2018 | AC6: 0.13 | AD6: =AC6*AA6 -> 563995.38 | AE6: Imported Generation
A7: 8223 | B7: N | C7: Springerville | D7: Tucson Electric Power Co | E7: 24211 | F7: AZ | G7: MTN | H7: WECC | I7: 22 | J7: 1 | K7: Electric Utility | L7: 3 | M7: ST | N7: SUB | O7: 269068 | P7: 205225 | Q7: 217415 | R7: 221400 | S7: 106924 | T7: 136241 | U7: 204365 | V7: 263232 | W7: 230656 | X7: 237814 | Y7: 219593 | Z7: 245127 | AA7: 2557060 | AB7: 2018 | AC7: 0.75 | AD7: =AC7*AA7 -> 1917795 | AE7: Imported Generation
A8: 6008 | B8: N | C8: Palo Verde | D8: Arizona Public Service Co | E8: 803 | F8: AZ | G8: MTN | H8: WECC | I8: 22 | J8: 1 | K8: Electric Utility | L8: 1 | M8: ST | N8: NUC | O8: 995290 | P8: 759808 | Q8: 992318 | R8: 821590 | S8: 990348 | T8: 951142 | U8: 839992 | V8: 976824 | W8: 950843 | X8: 986855 | Y8: 961142 | Z8: 994727 | AA8: 11220879 | AB8: 2018 | AC8: 0.102 | AD8: =AC8*AA8 -> 1144529.7 | AE8: Imported Generation
A9: 6008 | B9: N | C9: Palo Verde | D9: Arizona Public Service Co | E9: 803 | F9: AZ | G9: MTN | H9: WECC | I9: 22 | J9: 1 | K9: Electric Utility | L9: 2 | M9: ST | N9: NUC | O9: 999093 | P9: 902468 | Q9: 996445 | R9: 959690 | S9: 852902 | T9: 951789 | U9: 978809 | V9: 977195 | W9: 914349 | X9: 135991 | Y9: -9095 | Z9: 789296 | AA9: 9448932 | AB9: 2018 | AC9: 0.102 | AD9: =AC9*AA9 -> 963791.06 | AE9: Imported Generation
A10: 6008 | B10: N | C10: Palo Verde | D10: Arizona Public Service Co | E10: 803 | F10: AZ | G10: MTN | H10: WECC | I10: 22 | J10: 1 | K10: Electric Utility | L10: 3 | M10: ST | N10: NUC | O10: 989648 | P10: 893775 | Q10: 988663 | R10: 181326 | S10: 787003 | T10: 847368 | U10: 911508 | V10: 969365 | W10: 942363 | X10: 978791 | Y10: 952142 | Z10: 985496 | AA10: 10427448 | AB10: 2018 | AC10: 0.102 | AD10: =AC10*AA10 -> 1063599.7 | AE10: Imported Generation
A11: 87 | B11: N | C11: Escalante | D11: Tri-State G & T Assn, Inc | E11: 30151 | F11: NM | G11: MTN | H11: WECC | I11: 22 | J11: 1 | K11: Electric Utility | M11: ST | N11: NG | O11: 64.655 | P11: 34.468 | Q11: 357.881 | R11: 480.373 | S11: 469.918 | T11: 485.97 | U11: 443.001 | V11: 503.268 | W11: 8.352 | X11: 3.482 | Y11: 6988.383 | Z11: 60.392 | AA11: 9900.143 | AB11: 2018 | AC11: 1 | AD11: =AC11*AA11 -> 9900.143 | AE11: In-State Generation
A12: 87 | B12: N | C12: Escalante | D12: Tri-State G & T Assn, Inc | E12: 30151 | F12: NM | G12: MTN | H12: WECC | I12: 22 | J12: 1 | K12: Electric Utility | M12: ST | N12: SUB | O12: 124568.35 | P12: 110538.53 | Q12: 103347.12 | R12: 72788.627 | S12: 112875.08 | T12: 102321.03 | U12: 119927 | V12: 58032.732 | W12: 115158.65 | X12: 127052.52 | Y12: 105436.62 | Z12: 127964.61 | AA12: 1280010.9 | AB12: 2018 | AC12: 1 | AD12: =AC12*AA12 -> 1280010.9 | AE12: In-State Generation
A13: 584 | B13: N | C13: Navajo Dam | D13: City of Farmington - (NM) | E13: 6204 | F13: NM | G13: MTN | H13: WECC | I13: 22 | J13: 1 | K13: Electric Utility | M13: HY | N13: WAT | O13: 6036.493 | P13: 6518.424 | Q13: 7473.929 | R13: 7738.933 | S13: 7867.232 | T13: 7735.372 | U13: 7414.368 | V13: 7283.368 | W13: 5966.886 | X13: 5506.076 | Y13: 5284.239 | Z13: 5174.68 | AA13: 80000 | AB13: 2018 | AC13: 1 | AD13: =AC13*AA13 -> 80000 | AE13: In-State Generation
A14: 2444 | B14: N | C14: Rio Grande | D14: El Paso Electric Co | E14: 5701 | F14: NM | G14: MTN | H14: WECC | I14: 22 | J14: 1 | K14: Electric Utility | M14: GT | N14: NG | O14: 5294 | P14: 1929 | Q14: 86 | R14: 2628 | S14: 3677 | T14: 13249 | U14: 18716 | V14: 22027 | W14: 9679 | X14: 1259 | Y14: 2984 | Z14: 5052 | AA14: 86580 | AB14: 2018 | AC14: 1 | AD14: =AC14*AA14 -> 86580 | AE14: In-State Generation
A15: 2444 | B15: N | C15: Rio Grande | D15: El Paso Electric Co | E15: 5701 | F15: NM | G15: MTN | H15: WECC | I15: 22 | J15: 1 | K15: Electric Utility | M15: ST | N15: NG | O15: 10317 | P15: 6401 | Q15: -201 | R15: 4863 | S15: 25068 | T15: 81178 | U15: 94668 | V15: 81725 | W15: 62809 | X15: 63928 | Y15: 66879 | Z15: 57807 | AA15: 555442 | AB15: 2018 | AC15: 1 | AD15: =AC15*AA15 -> 555442 | AE15: In-State Generation
A16: 2446 | B16: N | C16: Maddox | D16: Southwestern Public Service Co | E16: 17718 | F16: NM | G16: MTN | H16: MRO | I16: 22 | J16: 1 | K16: Electric Utility | M16: GT | N16: NG | O16: 1592 | P16: 1389 | Q16: 3328 | R16: 19086 | S16: 39894 | T16: 15080 | U16: 12438 | V16: 12929 | W16: 15590 | X16: 32470 | Y16: 21894 | Z16: 17012 | AA16: 192702 | AB16: 2018 | AC16: 1 | AD16: =AC16*AA16 -> 192702 | AE16: In-State Generation
A17: 2446 | B17: N | C17: Maddox | D17: Southwestern Public Service Co | E17: 17718 | F17: NM | G17: MTN | H17: MRO | I17: 22 | J17: 1 | K17: Electric Utility | M17: ST | N17: NG | O17: 20681 | P17: 33629 | Q17: 33075 | R17: 45624 | S17: 51710 | T17: 40011 | U17: 47329 | V17: 46004 | W17: 28605 | X17: 0 | Y17: 0 | Z17: 15826 | AA17: 362494 | AB17: 2018 | AC17: 1 | AD17: =AC17*AA17 -> 362494 | AE17: In-State Generation
A18: 2450 | B18: N | C18: Reeves | D18: Public Service Co of NM | E18: 15473 | F18: NM | G18: MTN | H18: WECC | I18: 22 | J18: 1 | K18: Electric Utility | M18: ST | N18: BIT | O18: 0 | P18: 0 | Q18: 0 | R18: 0 | S18: 0 | T18: 0 | U18: 0 | V18: 0 | W18: 0 | X18: 0 | Y18: 0 | Z18: 0 | AA18: 0 | AB18: 2018 | AC18: 1 | AD18: =AC18*AA18 -> 0 | AE18: In-State Generation
A19: 2450 | B19: N | C19: Reeves | D19: Public Service Co of NM | E19: 15473 | F19: NM | G19: MTN | H19: WECC | I19: 22 | J19: 1 | K19: Electric Utility | M19: ST | N19: DFO | O19: 0 | P19: 0 | Q19: 0 | R19: 0 | S19: 0 | T19: 0 | U19: 0 | V19: 0 | W19: 0 | X19: 0 | Y19: 0 | Z19: 0 | AA19: 0 | AB19: 2018 | AC19: 1 | AD19: =AC19*AA19 -> 0 | AE19: In-State Generation
A20: 2450 | B20: N | C20: Reeves | D20: Public Service Co of NM | E20: 15473 | F20: NM | G20: MTN | H20: WECC | I20: 22 | J20: 1 | K20: Electric Utility | M20: ST | N20: NG | O20: 0 | P20: 11152 | Q20: 8594 | R20: 19505 | S20: 25673 | T20: 29935 | U20: 35330 | V20: 35189 | W20: 13403 | X20: 10956 | Y20: 599 | Z20: 2925 | AA20: 193261 | AB20: 2018 | AC20: 1 | AD20: =AC20*AA20 -> 193261 | AE20: In-State Generation
A21: 2451 | B21: N | C21: San Juan | D21: Public Service Co of NM | E21: 15473 | F21: NM | G21: MTN | H21: WECC | I21: 22 | J21: 1 | K21: Electric Utility | M21: ST | N21: BIT | O21: 0 | P21: 0 | Q21: 0 | R21: 0 | S21: 0 | T21: 0 | U21: 0 | V21: 0 | W21: 0 | X21: 0 | Y21: 0 | Z21: 0 | AA21: 0 | AB21: 2018 | AC21: 1 | AD21: =AC21*AA21 -> 0 | AE21: In-State Generation
A22: 2451 | B22: N | C22: San Juan | D22: Public Service Co of NM | E22: 15473 | F22: NM | G22: MTN | H22: WECC | I22: 22 | J22: 1 | K22: Electric Utility | M22: ST | N22: DFO | O22: 1329.23 | P22: 1235.918 | Q22: 709.819 | R22: 846.66 | S22: 1000.198 | T22: 711.772 | U22: 2299.592 | V22: 1603.447 | W22: 2166.934 | X22: 3318.542 | Y22: 1905.495 | Z22: 1364.832 | AA22: 18492.439 | AB22: 2018 | AC22: 1 | AD22: =AC22*AA22 -> 18492.439 | AE22: In-State Generation
A23: 2451 | B23: N | C23: San Juan | D23: Public Service Co of NM | E23: 15473 | F23: NM | G23: MTN | H23: WECC | I23: 22 | J23: 1 | K23: Electric Utility | M23: ST | N23: RC | O23: 436009.77 | P23: 424539.08 | Q23: 420039.18 | R23: 244316.34 | S23: 279153.8 | T23: 287363.23 | U23: 350551.41 | V23: 519025.55 | W23: 357535.07 | X23: 306514.46 | Y23: 472674.51 | Z23: 558033.17 | AA23: 4655755.6 | AB23: 2018 | AC23: 1 | AD23: =AC23*AA23 -> 4655755.6 | AE23: In-State Generation
A24: 2454 | B24: N | C24: Cunningham | D24: Southwestern Public Service Co | E24: 17718 | F24: NM | G24: MTN | H24: MRO | I24: 22 | J24: 1 | K24: Electric Utility | M24: GT | N24: NG | O24: 8605 | P24: 23445 | Q24: 41083 | R24: 96981 | S24: 118280 | T24: 57576 | U24: . | V24: 39160 | W24: 38038 | X24: 40407 | Y24: 0 | Z24: 10569 | AA24: 474144 | AB24: 2018 | AC24: 1 | AD24: =AC24*AA24 -> 474144 | AE24: In-State Generation
A25: 2454 | B25: N | C25: Cunningham | D25: Southwestern Public Service Co | E25: 17718 | F25: NM | G25: MTN | H25: MRO | I25: 22 | J25: 1 | K25: Electric Utility | M25: ST | N25: NG | O25: 38140 | P25: 29886 | Q25: 22272 | R25: 31804 | S25: 70789 | T25: 88009 | U25: . | V25: 114381 | W25: 97250 | X25: 36200 | Y25: 51296 | Z25: 101971 | AA25: 681998 | AB25: 2018 | AC25: 1 | AD25: =AC25*AA25 -> 681998 | AE25: In-State Generation
A26: 2465 | B26: N | C26: Animas | D26: City of Farmington - (NM) | E26: 6204 | F26: NM | G26: MTN | H26: WECC | I26: 22 | J26: 1 | K26: Electric Utility | M26: GT | N26: NG | O26: -81 | P26: -68 | Q26: 396 | R26: -59 | S26: -55 | T26: 1484 | U26: 2606 | V26: 2468 | W26: 5738 | X26: 13202 | Y26: 8396 | Z26: -65 | AA26: 33962 | AB26: 2018 | AC26: 1 | AD26: =AC26*AA26 -> 33962 | AE26: In-State Generation
A27: 2465 | B27: N | C27: Animas | D27: City of Farmington - (NM) | E27: 6204 | F27: NM | G27: MTN | H27: WECC | I27: 22 | J27: 1 | K27: Electric Utility | M27: HY | N27: WAT | O27: 6 | P27: 7 | Q27: -5 | R27: 9 | S27: 7 | T27: 10 | U27: 8 | V27: 0 | W27: 0 | X27: 0 | Y27: 0 | Z27: 0 | AA27: 42 | AB27: 2018 | AC27: 1 | AD27: =AC27*AA27 -> 42 | AE27: In-State Generation
A28: 6402 | B28: N | C28: Elephant Butte | D28: U S Bureau of Reclamation | E28: 2518 | F28: NM | G28: MTN | H28: WECC | I28: 22 | J28: 1 | K28: Electric Utility | M28: HY | N28: WAT | O28: 2982.33 | P28: 3220.427 | Q28: 3692.494 | R28: 3823.42 | S28: 3886.806 | T28: 3821.661 | U28: 3663.068 | V28: 3598.348 | W28: 2947.94 | X28: 2720.277 | Y28: 2610.678 | Z28: 2556.551 | AA28: 39524 | AB28: 2018 | AC28: 1 | AD28: =AC28*AA28 -> 39524 | AE28: In-State Generation
A29: 7593 | B29: N | C29: El Vado Dam | D29: Los Alamos County | E29: 11204 | F29: NM | G29: MTN | H29: WECC | I29: 22 | J29: 1 | K29: Electric Utility | M29: HY | N29: WAT | O29: 120.578 | P29: 130.206 | Q29: 149.292 | R29: 154.585 | S29: 157.148 | T29: 154.514 | U29: 148.102 | V29: 145.485 | W29: 119.189 | X29: 109.984 | Y29: 105.553 | Z29: 103.364 | AA29: 1598 | AB29: 2018 | AC29: 1 | AD29: =AC29*AA29 -> 1598 | AE29: In-State Generation
A30: 7789 | B30: N | C30: Abiquiu Dam | D30: Los Alamos County | E30: 11204 | F30: NM | G30: MTN | H30: WECC | I30: 22 | J30: 1 | K30: Electric Utility | M30: HY | N30: WAT | O30: 2141.597 | P30: 2312.574 | Q30: 2651.563 | R30: 2745.58 | S30: 2791.097 | T30: 2744.317 | U30: 2630.432 | V30: 2583.957 | W30: 2116.902 | X30: 1953.418 | Y30: 1874.716 | Z30: 1835.847 | AA30: 28382 | AB30: 2018 | AC30: 1 | AD30: =AC30*AA30 -> 28382 | AE30: In-State Generation
A31: 7967 | B31: N | C31: Lordsburg Generating | D31: Public Service Co of NM | E31: 15473 | F31: NM | G31: MTN | H31: WECC | I31: 22 | J31: 1 | K31: Electric Utility | M31: GT | N31: NG | O31: 276.408 | P31: 297.24 | Q31: 342.76 | R31: 404.411 | S31: 448.73 | T31: 511.383 | U31: 490.347 | V31: 546.608 | W31: 484.496 | X31: 345.841 | Y31: 413.779 | Z31: 479.997 | AA31: 5042 | AB31: 2018 | AC31: 1 | AD31: =AC31*AA31 -> 5042 | AE31: In-State Generation
A32: 7975 | B32: N | C32: Pyramid | D32: Tri-State G & T Assn, Inc | E32: 30151 | F32: NM | G32: MTN | H32: WECC | I32: 22 | J32: 1 | K32: Electric Utility | M32: GT | N32: DFO | O32: 127.594 | P32: 116.319 | Q32: 106.57 | R32: 130.542 | S32: 107.281 | T32: 141.474 | U32: 93.435 | V32: 103.588 | W32: 91.337 | X32: 201.924 | Y32: 123.116 | Z32: 78.544 | AA32: 1421.724 | AB32: 2018 | AC32: 1 | AD32: =AC32*AA32 -> 1421.724 | AE32: In-State Generation
A33: 7975 | B33: N | C33: Pyramid | D33: Tri-State G & T Assn, Inc | E33: 30151 | F33: NM | G33: MTN | H33: WECC | I33: 22 | J33: 1 | K33: Electric Utility | M33: GT | N33: NG | O33: 3558.33 | P33: 3826.527 | Q33: 4412.522 | R33: 5206.195 | S33: 5776.738 | T33: 6583.296 | U33: 6312.492 | V33: 7036.77 | W33: 6237.172 | X33: 4452.189 | Y33: 5326.791 | Z33: 6179.254 | AA33: 64908.276 | AB33: 2018 | AC33: 1 | AD33: =AC33*AA33 -> 64908.276 | AE33: In-State Generation
A34: 10339 | B34: Y | C34: Southside Water Reclamation Plant | D34: Albuquerque City of | E34: 194 | F34: NM | G34: MTN | H34: WECC | I34: 22 | J34: 3 | K34: NAICS-22 Cogen | M34: IC | N34: NG | O34: 1797.456 | P34: 1231.502 | Q34: 1451.955 | R34: 1298.07 | S34: 1655.111 | T34: 1047.38 | U34: 1695.71 | V34: 1741.929 | W34: 1564.202 | X34: 1587.61 | Y34: 1416.023 | Z34: 1515.737 | AA34: 18002.685 | AB34: 2018 | AC34: 1 | AD34: =AC34*AA34 -> 18002.685 | AE34: In-State Generation
A35: 10339 | B35: Y | C35: Southside Water Reclamation Plant | D35: Albuquerque City of | E35: 194 | F35: NM | G35: MTN | H35: WECC | I35: 22 | J35: 3 | K35: NAICS-22 Cogen | M35: IC | N35: OBG | O35: 1490.444 | P35: 1478.198 | Q35: 1640.925 | R35: 1592.93 | S35: 1334.869 | T35: 541.2 | U35: 1299.17 | V35: 1316.651 | W35: 1281.718 | X35: 1294.57 | Y35: 1481.837 | Z35: 1448.763 | AA35: 16201.275 | AB35: 2018 | AC35: 1 | AD35: =AC35*AA35 -> 16201.275 | AE35: In-State Generation
A36: 50906 | B36: Y | C36: Ford Utilities Center | D36: University of New Mexico | E36: 21964 | F36: NM | G36: MTN | H36: WECC | I36: 611 | J36: 5 | K36: Commercial NAICS Cogen | M36: GT | N36: NG | O36: 3884.775 | P36: 4177.575 | Q36: 4817.329 | R36: 5683.814 | S36: 6306.699 | T36: 7187.252 | U36: 6891.604 | V36: 7682.327 | W36: 6809.374 | X36: 4860.635 | Y36: 5815.474 | Z36: 6746.142 | AA36: 70863 | AB36: 2018 | AC36: 1 | AD36: =AC36*AA36 -> 70863 | AE36: In-State Generation
A37: 50906 | B37: Y | C37: Ford Utilities Center | D37: University of New Mexico | E37: 21964 | F37: NM | G37: MTN | H37: WECC | I37: 611 | J37: 5 | K37: Commercial NAICS Cogen | M37: ST | N37: NG | O37: 77.079 | P37: 82.888 | Q37: 95.581 | R37: 112.773 | S37: 125.132 | T37: 142.603 | U37: 136.737 | V37: 152.426 | W37: 135.105 | X37: 96.44 | Y37: 115.385 | Z37: 133.851 | AA37: 1406 | AB37: 2018 | AC37: 1 | AD37: =AC37*AA37 -> 1406 | AE37: In-State Generation
... A46: 55210 | B46: N | C46: Afton Generating Station | D46: Public Service Co of NM | E46: 15473 | F46: NM | G46: MTN | H46: WECC | I46: 22 | J46: 1 | K46: Electric Utility | M46: CT | N46: NG | O46: 21326 | P46: 26105 | Q46: 62333 | R46: 27 | S46: 79665 | T46: 92210 | U46: 124038 | V46: 130362 | W46: 77291 | X46: 73344 | Y46: 64740 | Z46: 64431 | AA46: 815872 | AB46: 2018 | AC46: 1 | AD46: =AC46*AA46 -> 815872 | AE46: In-State Generation
A47: 55312 | B47: N | C47: Freeport McMoRan Cobre Mining | D47: FreePort-McMoRan-Corp-Cobre Mines | E47: 23102 | F47: NM | G47: MTN | H47: WECC | I47: 2122 | J47: 6 | K47: Industrial NAICS Non-Cogen | M47: IC | N47: DFO | O47: 0 | P47: 0 | Q47: 0 | R47: 0 | S47: 0 | T47: 0 | U47: 0 | V47: 0 | W47: 0 | X47: 0 | Y47: . | Z47: . | AA47: 0 | AB47: 2018 | AC47: 1 | AD47: =AC47*AA47 -> 0 | AE47: In-State Generation
A48: 55343 | B48: N | C48: Luna Energy Facility | D48: Public Service Co of NM | E48: 15473 | F48: NM | G48: MTN | H48: WECC | I48: 22 | J48: 1 | K48: Electric Utility | M48: CA | N48: NG | O48: 0 | P48: 0 | Q48: 63068 | R48: 94771 | S48: 87799 | T48: 95906 | U48: 100887 | V48: 104448 | W48: 100587 | X48: 41786 | Y48: 96097 | Z48: 102574 | AA48: 887923 | AB48: 2018 | AC48: 1 | AD48: =AC48*AA48 -> 887923 | AE48: In-State Generation
A49: 55343 | B49: N | C49: Luna Energy Facility | D49: Public Service Co of NM | E49: 15473 | F49: NM | G49: MTN | H49: WECC | I49: 22 | J49: 1 | K49: Electric Utility | M49: CT | N49: NG | O49: 148131 | P49: 120169 | Q49: 105765 | R49: 162296 | S49: 152377 | T49: 165664 | U49: 179046 | V49: 182521 | W49: 177762 | X49: 75723 | Y49: 172341 | Z49: 189519 | AA49: 1831314 | AB49: 2018 | AC49: 1 | AD49: =AC49*AA49 -> 1831314 | AE49: In-State Generation
A50: 55802 | B50: N | C50: Valencia Energy Facility | D50: Valencia Power LLC | E50: 55972 | F50: NM | G50: MTN | H50: WECC | I50: 22 | J50: 2 | K50: NAICS-22 Non-Cogen | M50: GT | N50: NG | O50: 5566.022 | P50: 5985.541 | Q50: 6902.167 | R50: 8143.648 | S50: 9036.105 | T50: 10297.741 | U50: 9874.144 | V50: 11007.075 | W50: 9756.326 | X50: 6964.215 | Y50: 8332.287 | Z50: 9665.729 | AA50: 101531 | AB50: 2018 | AC50: 1 | AD50: =AC50*AA50 -> 101531 | AE50: In-State Generation
A51: 55977 | B51: N | C51: Bluffview | D51: City of Farmington - (NM) | E51: 6204 | F51: NM | G51: MTN | H51: WECC | I51: 22 | J51: 1 | K51: Electric Utility | M51: CA | N51: NG | O51: 12472 | P51: 11921 | Q51: 10522 | R51: 13160 | S51: 13941 | T51: 12864 | U51: 15637 | V51: 14704 | W51: 6571 | X51: -35 | Y51: 6122 | Z51: 12016 | AA51: 129895 | AB51: 2018 | AC51: 1 | AD51: =AC51*AA51 -> 129895 | AE51: In-State Generation
A52: 55977 | B52: N | C52: Bluffview | D52: City of Farmington - (NM) | E52: 6204 | F52: NM | G52: MTN | H52: WECC | I52: 22 | J52: 1 | K52: Electric Utility | M52: CT | N52: NG | O52: 26464 | P52: 22916 | Q52: 20787 | R52: 24475 | S52: 25000 | T52: 21571 | U52: 22682 | V52: 24682 | W52: 13437 | X52: -35 | Y52: 13570 | Z52: 26151 | AA52: 241700 | AB52: 2018 | AC52: 1 | AD52: =AC52*AA52 -> 241700 | AE52: In-State Generation
A53: 56097 | B53: N | C53: New Mexico Wind Energy Center | D53: FPL Energy New Mexico Wind LLC | E53: 34717 | F53: NM | G53: MTN | H53: WECC | I53: 22 | J53: 2 | K53: NAICS-22 Non-Cogen | M53: WT | N53: WND | O53: 44218 | P53: 48836 | Q53: 48821 | R53: 56937 | S53: 27777 | T53: 29420 | U53: 15986 | V53: 27431 | W53: 34937 | X53: 46631 | Y53: 55986 | Z53: 48155 | AA53: 485135 | AB53: 2018 | AC53: 1 | AD53: =AC53*AA53 -> 485135 | AE53: In-State Generation
A54: 56293 | B54: N | C54: Caprock Wind Farm | D54: Leeward Asset Management, LLC | E54: 50123 | F54: NM | G54: MTN | H54: MRO | I54: 22 | J54: 2 | K54: NAICS-22 Non-Cogen | M54: WT | N54: WND | O54: 29143.206 | P54: 30232.744 | Q54: 32992.073 | R54: 36326.286 | S54: 27861.888 | T54: 28317.115 | U54: 18166.83 | V54: 20185.774 | W54: 22096.825 | X54: 25551.795 | Y54: 30058.722 | Z54: 29392.742 | AA54: 330326 | AB54: 2018 | AC54: 1 | AD54: =AC54*AA54 -> 330326 | AE54: In-State Generation
A55: 56304 | B55: N | C55: San Juan Mesa Wind Project LLC | D55: NRG Energy Gas & Wind Holdings Inc | E55: 59883 | F55: NM | G55: MTN | H55: MRO | I55: 22 | J55: 2 | K55: NAICS-22 Non-Cogen | M55: WT | N55: WND | O55: 38808 | P55: 41643 | Q55: 39134 | R55: 46395 | S55: 34599 | T55: 38693 | U55: 23443 | V55: 24106 | W55: 27534 | X55: 25545 | Y55: 36244 | Z55: 30910 | AA55: 407054 | AB55: 2018 | AC55: 1 | AD55: =AC55*AA55 -> 407054 | AE55: In-State Generation
A56: 56336 | B56: N | C56: Aragonne Wind LLC | D56: Leeward Asset Management, LLC | E56: 50123 | F56: NM | G56: MTN | H56: WECC | I56: 22 | J56: 2 | K56: NAICS-22 Non-Cogen | M56: WT | N56: WND | O56: 23309.73 | P56: 24181.179 | Q56: 26388.185 | R56: 29055.002 | S56: 22284.889 | T56: 22648.994 | U56: 14530.451 | V56: 16145.27 | W56: 17673.794 | X56: 20437.197 | Y56: 24041.991 | Z56: 23509.318 | AA56: 264206 | AB56: 2018 | AC56: 1 | AD56: =AC56*AA56 -> 264206 | AE56: In-State Generation
A57: 56458 | B57: N | C57: Hobbs Generating Station | D57: Lea Power Partners LLC | E57: 54874 | F57: NM | G57: MTN | H57: MRO | I57: 22 | J57: 2 | K57: NAICS-22 Non-Cogen | M57: CA | N57: NG | O57: 97314 | P57: 133809 | Q57: 134996 | R57: 141201 | S57: 109494 | T57: 140019 | U57: 165157 | V57: 140639 | W57: 154414 | X57: 140971 | Y57: 140608 | Z57: 157115 | AA57: 1655737 | AB57: 2018 | AC57: 1 | AD57: =AC57*AA57 -> 1655737 | AE57: In-State Generation
A58: 56458 | B58: N | C58: Hobbs Generating Station | D58: Lea Power Partners LLC | E58: 54874 | F58: NM | G58: MTN | H58: MRO | I58: 22 | J58: 2 | K58: NAICS-22 Non-Cogen | M58: CT | N58: NG | O58: 176976 | P58: 205660 | Q58: 208218 | R58: 206023 | S58: 151206 | T58: 209069 | U58: 228589 | V58: 204736 | W58: 212742 | X58: 202487 | Y58: 211917 | Z58: 229916 | AA58: 2447539 | AB58: 2018 | AC58: 1 | AD58: =AC58*AA58 -> 2447539 | AE58: In-State Generation
A59: 56458 | B59: N | C59: Hobbs Generating Station | D59: Lea Power Partners LLC | E59: 54874 | F59: NM | G59: MTN | H59: MRO | I59: 22 | J59: 2 | K59: NAICS-22 Non-Cogen | M59: GT | N59: NG | O59: 0 | P59: 0 | Q59: 0 | R59: 0 | S59: 0 | T59: 163 | U59: 0 | V59: 0 | W59: 0 | X59: 0 | Y59: 0 | Z59: 0 | AA59: 163 | AB59: 2018 | AC59: 1 | AD59: =AC59*AA59 -> 163 | AE59: In-State Generation
... A122: 60258 | B122: N | C122: Alta Luna | D122: TPE Alta Luna, LLC | E122: 60046 | F122: NM | G122: MTN | H122: WECC | I122: 22 | J122: 2 | K122: NAICS-22 Non-Cogen | M122: PV | N122: SUN | O122: 4862 | P122: 4847 | Q122: 6614 | R122: 7215 | S122: 8464 | T122: 7594 | U122: 6658 | V122: 6605 | W122: 6098 | X122: 4438 | Y122: 4952 | Z122: 3807 | AA122: 72154 | AB122: 2018 | AC122: 1 | AD122: =AC122*AA122 -> 72154 | AE122: In-State Generation
A123: 60301 | B123: N | C123: Holloman Solar Facility | D123: El Paso Electric Co | E123: 5701 | F123: NM | G123: MTN | H123: WECC | I123: 22 | J123: 1 | K123: Electric Utility | M123: PV | N123: SUN | O123: . | P123: . | Q123: . | R123: . | S123: . | T123: . | U123: . | V123: . | W123: . | X123: 815.733 | Y123: 672.414 | Z123: 486.853 | AA123: 1975 | AB123: 2018 | AC123: 1 | AD123: =AC123*AA123 -> 1975 | AE123: In-State Generation
A124: 60341 | B124: N | C124: Wal-Mart Truth or Consequences PV | D124: SSA Solar of NM 3, LLC | E124: 60127 | F124: NM | G124: MTN | H124: WECC | I124: 22 | J124: 2 | K124: NAICS-22 Non-Cogen | M124: PV | N124: SUN | O124: 100.691 | P124: 118.414 | Q124: 153.123 | R124: 185.569 | S124: 213.847 | T124: 229.812 | U124: 200.31 | V124: 199.991 | W124: 192.216 | X124: 143.332 | Y124: 118.15 | Z124: 85.545 | AA124: 1941 | AB124: 2018 | AC124: 1 | AD124: =AC124*AA124 -> 1941 | AE124: In-State Generation
A125: 60405 | B125: N | C125: Chaves Solar, LLC | D125: Chaves Solar LLC | E125: 60208 | F125: NM | G125: MTN | H125: MRO | I125: 22 | J125: 2 | K125: NAICS-22 Non-Cogen | M125: PV | N125: SUN | O125: 9724.387 | P125: 11436.057 | Q125: 14788.05 | R125: 17921.62 | S125: 20652.601 | T125: 22194.47 | U125: 19345.236 | V125: 19314.441 | W125: 18563.544 | X125: 13842.501 | Y125: 11410.474 | Z125: 8261.619 | AA125: 187455 | AB125: 2018 | AC125: 1 | AD125: =AC125*AA125 -> 187455 | AE125: In-State Generation
A126: 60406 | B126: N | C126: Roswell Solar, LLC | D126: Roswell Solar, LLC | E126: 60209 | F126: NM | G126: MTN | H126: MRO | I126: 22 | J126: 2 | K126: NAICS-22 Non-Cogen | M126: PV | N126: SUN | O126: 9774.447 | P126: 11494.929 | Q126: 14864.178 | R126: 18013.879 | S126: 20758.918 | T126: 22308.725 | U126: 19444.823 | V126: 19413.87 | W126: 18659.107 | X126: 13913.761 | Y126: 11469.214 | Z126: 8304.149 | AA126: 188420 | AB126: 2018 | AC126: 1 | AD126: =AC126*AA126 -> 188420 | AE126: In-State Generation
A127: 60696 | B127: N | C127: Four Peaks Camino Real | D127: ENERGYneering Solutions, Inc | E127: 59370 | F127: NM | G127: MTN | H127: WECC | I127: 22 | J127: 2 | K127: NAICS-22 Non-Cogen | M127: IC | N127: LFG | O127: 422.696 | P127: 397.856 | Q127: 429.403 | R127: 401.192 | S127: 403.622 | T127: 408.801 | U127: 420.652 | V127: 422.348 | W127: 381.949 | X127: 417.658 | Y127: 414.835 | Z127: 433.988 | AA127: 4955 | AB127: 2018 | AC127: 1 | AD127: =AC127*AA127 -> 4955 | AE127: In-State Generation
A128: 60991 | B128: N | C128: Sterling I Wind Farm | D128: AEM Wind LLC | E128: 60634 | F128: NM | G128: MTN | H128: MRO | I128: 22 | J128: 2 | K128: NAICS-22 Non-Cogen | M128: WT | N128: WND | O128: 12615 | P128: 12225 | Q128: 13125 | R128: 12923 | S128: 12408 | T128: 11953 | U128: 8757 | V128: 10223 | W128: 8188 | X128: 9516 | Y128: 11497 | Z128: 10938 | AA128: 134368 | AB128: 2018 | AC128: 1 | AD128: =AC128*AA128 -> 134368 | AE128: In-State Generation
A129: 61165 | B129: N | C129: Columbus Solar Project | D129: New Mexico Renewable Development LLC | E129: 61724 | F129: NM | G129: MTN | H129: WECC | I129: 22 | J129: 2 | K129: NAICS-22 Non-Cogen | M129: PV | N129: SUN | O129: 266.642 | P129: 313.576 | Q129: 405.487 | R129: 491.409 | S129: 566.293 | T129: 608.57 | U129: 530.445 | V129: 529.6 | W129: 509.011 | X129: 379.56 | Y129: 312.874 | Z129: 226.533 | AA129: 5140 | AB129: 2018 | AC129: 1 | AD129: =AC129*AA129 -> 5140 | AE129: In-State Generation
A130: 61556 | B130: N | C130: Facebook 1 Solar Energy Center | D130: NMRD Data Center, LLC | E130: 61156 | F130: NM | G130: MTN | H130: WECC | I130: 22 | J130: 2 | K130: NAICS-22 Non-Cogen | M130: PV | N130: SUN | O130: 1377.459 | P130: 1619.917 | Q130: 2094.727 | R130: 2538.597 | S130: 2925.441 | T130: 3143.847 | U130: 2740.253 | V130: 2735.891 | W130: 2629.526 | X130: 1960.79 | Y130: 1616.294 | Z130: 1170.258 | AA130: 26553 | AB130: 2018 | AC130: 1 | AD130: =AC130*AA130 -> 26553 | AE130: In-State Generation
A131: 61557 | B131: N | C131: Facebook 2 Solar Energy Center | D131: NMRD Data Center, LLC | E131: 61156 | F131: NM | G131: MTN | H131: WECC | I131: 22 | J131: 2 | K131: NAICS-22 Non-Cogen | M131: PV | N131: SUN | O131: . | P131: 1605.34 | Q131: 2075.878 | R131: 2515.754 | S131: 2899.116 | T131: 3115.557 | U131: 2715.595 | V131: 2711.272 | W131: 2605.864 | X131: 1943.146 | Y131: 1601.75 | Z131: 1159.728 | AA131: 24949 | AB131: 2018 | AC131: 1 | AD131: =AC131*AA131 -> 24949 | AE131: In-State Generation
A132: 61558 | B132: N | C132: Facebook 3 Solar Energy Center | D132: NMRD Data Center, LLC | E132: 61156 | F132: NM | G132: MTN | H132: WECC | I132: 22 | J132: 2 | K132: NAICS-22 Non-Cogen | M132: PV | N132: SUN | O132: . | P132: . | Q132: . | R132: 2705.28 | S132: 3117.523 | T132: 3350.269 | U132: 2920.175 | V132: 2915.527 | W132: 2802.178 | X132: 2089.534 | Y132: 1722.418 | Z132: 1247.096 | AA132: 22870 | AB132: 2018 | AC132: 1 | AD132: =AC132*AA132 -> 22870 | AE132: In-State Generation
A133: 61662 | B133: N | C133: Carrizozo Solar | D133: SoCore Energy LLC | E133: 60520 | F133: NM | G133: MTN | H133: WECC | I133: 22 | J133: 2 | K133: NAICS-22 Non-Cogen | M133: PV | N133: SUN | O133: . | P133: . | Q133: 598.655 | R133: 725.51 | S133: 836.067 | T133: 898.485 | U133: 783.141 | V133: 781.895 | W133: 751.497 | X133: 560.377 | Y133: 461.923 | Z133: 334.45 | AA133: 6732 | AB133: 2018 | AC133: 1 | AD133: =AC133*AA133 -> 6732 | AE133: In-State Generation
A134: 61681 | B134: N | C134: Middle Daisy | D134: Onyx Asset Services Group | E134: 60584 | F134: NM | G134: MTN | H134: MRO | I134: 22 | J134: 2 | K134: NAICS-22 Non-Cogen | M134: PV | N134: SUN | O134: 708.729 | P134: 833.477 | Q134: 1077.775 | R134: 1306.154 | S134: 1505.192 | T134: 1617.566 | U134: 1409.91 | V134: 1407.665 | W134: 1352.939 | X134: 1008.862 | Y134: 831.612 | Z134: 602.119 | AA134: 13662 | AB134: 2018 | AC134: 1 | AD134: =AC134*AA134 -> 13662 | AE134: In-State Generation
A135: 61925 | B135: N | C135: Casa Mesa Wind Energy Center | D135: Casa Mesa Wind, LLC | E135: 61531 | F135: NM | G135: MTN | H135: WECC | I135: 22 | J135: 2 | K135: NAICS-22 Non-Cogen | M135: BA | N135: MWH | O135: . | P135: . | Q135: . | R135: . | S135: . | T135: . | U135: . | V135: . | W135: . | X135: . | Y135: 0 | Z135: -8 | AA135: -8 | AB135: 2018 | AC135: 1 | AD135: =AC135*AA135 -> -8 | AE135: In-State Generation
A136: 61925 | B136: N | C136: Casa Mesa Wind Energy Center | D136: Casa Mesa Wind, LLC | E136: 61531 | F136: NM | G136: MTN | H136: WECC | I136: 22 | J136: 2 | K136: NAICS-22 Non-Cogen | M136: WT | N136: WND | O136: . | P136: . | Q136: . | R136: . | S136: . | T136: . | U136: . | V136: . | W136: . | X136: . | Y136: 7451 | Z136: 11350 | AA136: 18801 | AB136: 2018 | AC136: 1 | AD136: =AC136*AA136 -> 18801 | AE136: In-State Generation
A137: 62149 | B137: N | C137: Syncarpha Eagle Nest | D137: Syncarpha Eagle Nest I, LLC | E137: 61685 | F137: NM | G137: MTN | H137: WECC | I137: 22 | J137: 2 | K137: NAICS-22 Non-Cogen | M137: PV | N137: SUN | O137: . | P137: . | Q137: . | R137: . | S137: . | T137: . | U137: . | V137: . | W137: . | X137: . | Y137: 233.754 | Z137: 169.246 | AA137: 403 | AB137: 2018 | AC137: 1 | AD137: =AC137*AA137 -> 403 | AE137: In-State Generation
A138: 62191 | B138: N | C138: CNMEC Solar Energy Center | D138: New Mexico Renewable Development LLC | E138: 61724 | F138: NM | G138: MTN | H138: WECC | I138: 22 | J138: 2 | K138: NAICS-22 Non-Cogen | M138: PV | N138: SUN | O138: . | P138: . | Q138: . | R138: . | S138: . | T138: . | U138: . | V138: . | W138: . | X138: 498.113 | Y138: 410.598 | Z138: 297.289 | AA138: 1206 | AB138: 2018 | AC138: 1 | AD138: =AC138*AA138 -> 1206 | AE138: In-State Generation
A139: 62406 | B139: N | C139: City of Gallup Solar | D139: Standard Solar | E139: 60531 | F139: NM | G139: MTN | H139: WECC | I139: 22 | J139: 2 | K139: NAICS-22 Non-Cogen | M139: PV | N139: SUN | O139: . | P139: . | Q139: . | R139: . | S139: 2071.678 | T139: 2226.344 | U139: 1940.535 | V139: 1937.446 | W139: 1862.123 | X139: 1388.552 | Y139: 1144.593 | Z139: 828.729 | AA139: 13400 | AB139: 2018 | AC139: 1 | AD139: =AC139*AA139 -> 13400 | AE139: In-State Generation
A140: 99999 | B140: N | C140: State-Fuel Level Increment | D140: State-Fuel Level Increment | E140: 99999 | F140: NM | G140: MTN | I140: 99999 | J140: 1 | K140: Electric Utility | M140: GT | N140: NG | O140: . | P140: . | Q140: . | R140: . | S140: . | T140: . | U140: 47160.123 | V140: . | W140: . | X140: . | Y140: . | Z140: . | AA140: 47160.123 | AB140: 2018 | AC140: 1 | AD140: 0 | AE140: In-State Generation
A141: 99999 | B141: N | C141: State-Fuel Level Increment | D141: State-Fuel Level Increment | E141: 99999 | F141: NM | G141: MTN | I141: 99999 | J141: 2 | K141: NAICS-22 Non-Cogen | M141: PV | N141: SUN | O141: 117.95 | P141: 137.994 | Q141: 177.333 | R141: 210.599 | S141: 234.818 | T141: 253.212 | U141: 229.295 | V141: 226.674 | W141: 199.886 | X141: 165.14 | Y141: 121.931 | Z141: 96.682 | AA141: 2171.514 | AB141: 2018 | AC141: 1 | AD141: =AC141*AA141 -> 2171.514 | AE141: In-State Generation
A142: 99999 | B142: N | C142: State-Fuel Level Increment | D142: State-Fuel Level Increment | E142: 99999 | F142: NM | G142: MTN | I142: 99999 | J142: 6 | K142: Industrial NAICS Non-Cogen | M142: ST | N142: DFO | O142: . | P142: . | Q142: . | R142: . | S142: . | T142: . | U142: . | V142: . | W142: . | X142: . | Y142: . | Z142: 0 | AA142: 0 | AB142: 2018 | AC142: 1 | AD142: =AC142*AA142 -> 0 | AE142: In-State Generation
A143: 99999 | B143: N | C143: State-Fuel Level Increment | D143: State-Fuel Level Increment | E143: 99999 | F143: NM | G143: MTN | I143: 99999 | J143: 1 | K143: Electric Utility | M143: ST | N143: NG | O143: . | P143: . | Q143: . | R143: . | S143: . | T143: . | U143: 89506.793 | V143: . | W143: . | X143: . | Y143: . | Z143: . | AA143: 89506.793 | AB143: 2018 | AC143: 1 | AD143: 0 | AE143: In-State Generation
AD144: =SUM(AD5:AD143) -> 31094035

Sheet 2005 Emissions (eGrid)
A1: Source: eGRID2005_plant
A3: eGRID2007 2005 file plant sequence number | B3: State abbreviation | C3: Plant name | D3: DOE/EIA ORIS plant or facility code | E3: Plant EPA Facility Registry System (FRS) identification code | F3: Plant operator name | G3: Plant operator ID | H3: Utility service area name | I3: Utility service area ID | J3: Parent company ID associated with the operator | K3: Parent company name associated with the operator | L3: Power control area name | M3: Power control area ID | N3: NERC region acronym | O3: eGRID subregion acronym | P3: eGRID subregion name | Q3: Plant FIPS State code | R3: Plant FIPS county code | S3: Plant county name | T3: Plant latitude | U3: Plant longitude | V3: County centroid flag: 1 = county centroid used | W3: Number of boilers | X3: Number of generators | Y3: Plant combustion status | Z3: Plant emissions source(s) | AA3: Plant primary fuel | AB3: Plant primary coal/oil/gas/ other fossil fuel category | AC3: Flag indicating if the plant used any amount of coal: 1 = Yes | AD3: Plant capacity factor | AE3: Plant nameplate capacity (MW) | AF3: Renewable methane/ biomass plant adjustment flag | AG3: Combined heat and power (CHP) plant adjustment flag: 1 = Yes | AH3: CHP plant useful thermal output (MMBtu) | AI3: CHP plant power to heat ratio | AJ3: CHP plant electric allocation factor | AK3: Plant pumped storage flag: 1 = Yes | AL3: Plant annual heat input (MMBtu) | AM3: Plant ozone season heat input (MMBtu) | AN3: Plant annual net generation (MWh) | AO3: Plant ozone season net generation (MWh) | AP3: Plant annual NOx emissions (tons) | AQ3: Plant ozone season NOx emissions (tons) | AR3: Plant annual SO2 emissions (tons) | AS3: Plant annual CO2 emissions (tons) | AT3: Plant annual CH4 emissions (lbs) | AU3: Plant annual N2O emissions (lbs) | AV3: Plant annual Hg emissions (lbs) | AW3: Unit unadjusted annual CO2 emissions (metric tons) | AX3: NM-Associated Share (%) | AY3: NM-Associated CO2 emissions (metric tons) | AZ3: Category
A4: SEQPLT05 | B4: PSTATABB | C4: PNAME | D4: ORISPL | E4: FRSID | F4: OPRNAME | G4: OPRCODE | H4: UTLSRVNM | I4: UTLSRVID | J4: OPPRNUM | K4: OPPRNAME | L4: PCANAME | M4: PCAID | N4: NERC | O4: SUBRGN | P4: SRNAME | Q4: FIPSST | R4: FIPSCNTY | S4: CNTYNAME | T4: LAT | U4: LON | V4: CCFLAG | W4: NUMBLR | X4: NUMGEN | Y4: COMBUST | Z4: SOURCEM | AA4: PLPRMFL | AB4: PLFUELCT | AC4: COALFLAG | AD4: CAPFAC | AE4: NAMEPCAP | AF4: RMBMFLAG | AG4: CHPFLAG | AH4: USETHRMO | AI4: PWRTOHT | AJ4: ELCALLOC | AK4: PSFLAG | AL4: PLHTIAN | AM4: PLHTIOZ | AN4: PLNGENAN | AO4: PLNGENOZ | AP4: PLNOXAN | AQ4: PLNOXOZ | AR4: PLSO2AN | AS4: PLCO2AN | AT4: PLCH4AN | AU4: PLN2OAN | AV4: PLHGAN
A5: 3258 | B5: NM | C5: Four Corners | D5: 2442 | E5: 110000600859 | F5: Arizona Public Service Co | G5: 803 | I5: 0 | J5: -7042 | K5: Pinnacle West Capital Corp | L5: Arizona Public Service Company | M5: 803 | N5: WECC | O5: AZNM | P5: WECC Southwest | Q5: 35 | R5: 045 | S5: San Juan | T5: 36.69 | U5: -108.4814 | V5: 0 | W5: 5 | X5: 5 | Y5: 1 | Z5: CEM, ICR | AA5: SUB | AB5: COAL | AC5: 1 | AD5: 0.7854 | AE5: 2269.6 | AF5: 0 | AG5: 0 | AH5: 0 | AI5: 0 | AJ5: 0 | AK5: 0 | AL5: 156325650 | AM5: 67096377 | AN5: 15616040 | AO5: 6706424 | AP5: 41743.364 | AQ5: 17966.385 | AR5: 12554.159 | AS5: 16015409 | AT5: 363613.46 | AU5: 545420.19 | AV5: 1146.608 | AW5: =AS5/1.102 -> 14533039 | AX5: ='2005 Generation (EIA)'!$AI$10 -> 0.09289789 | AY5: =AX5*AW5 -> 1350088.6 | AZ5: Imported Emissions
A6: 252 | B6: AZ | C6: Palo Verde | D6: 6008 | E6: 110028036907 | F6: Arizona Public Service Co | G6: 803 | I6: 0 | J6: -7042 | K6: Pinnacle West Capital Corp | L6: Arizona Public Service Company | M6: 803 | N6: WECC | O6: AZNM | P6: WECC Southwest | Q6: 04 | R6: 013 | S6: Maricopa | T6: 33.3596 | U6: -112.4878 | V6: 1 | W6: 0 | X6: 3 | Y6: 0 | AA6: NUC | AC6: 0 | AD6: 0.6999 | AE6: 4209.3 | AF6: 0 | AG6: 0 | AH6: 0 | AI6: 0 | AJ6: 0 | AK6: 0 | AL6: 0 | AM6: 0 | AN6: 25807446 | AO6: 11152866 | AP6: 0 | AQ6: 0 | AR6: 0 | AS6: 0 | AT6: 0 | AU6: 0 | AV6: N/A | AW6: =AS6/1.102 -> 0 | AX6: 0.102 | AY6: =AX6*AW6 -> 0 | AZ6: Imported Emissions
A7: 3243 | B7: NM | C7: Abiquiu Dam | D7: 7789 | E7: 110028023412 | F7: Los Alamos County | G7: 11204 | I7: 0 | J7: 0 | L7: Public Service Company of New Mexico | M7: 15473 | N7: WECC | O7: AZNM | P7: WECC Southwest | Q7: 35 | R7: 039 | S7: Rio Arriba | T7: 36.511 | U7: -106.6885 | V7: 1 | W7: 0 | X7: 2 | Y7: 0 | AA7: WAT | AC7: 0 | AD7: 0.2924 | AE7: 12.6 | AF7: 0 | AG7: 0 | AH7: 0 | AI7: 0 | AJ7: 0 | AK7: 0 | AL7: 0 | AM7: 0 | AN7: 32271.96 | AO7: 14739.82 | AP7: 0 | AQ7: 0 | AR7: 0 | AS7: 0 | AT7: 0 | AU7: 0 | AV7: N/A | AW7: =AS7/1.102 -> 0 | AX7: 1 | AY7: =AX7*AW7 -> 0 | AZ7: In-State Emissions
A8: 3244 | B8: NM | C8: Afton Generating Station | D8: 55210 | E8: 110007007416 | F8: Public Service Co of NM | G8: 15473 | I8: 0 | J8: -7113 | K8: PNM Resources Inc | L8: Public Service Company of New Mexico | M8: 15473 | N8: WECC | O8: AZNM | P8: WECC Southwest | Q8: 35 | R8: 013 | S8: Dona Ana | T8: 32.1134 | U8: -106.848 | V8: 0 | W8: 1 | X8: 1 | Y8: 1 | Z8: CEM, | AA8: NG | AB8: GAS | AC8: 0 | AD8: 0.0343 | AE8: 177 | AF8: 0 | AG8: 0 | AH8: 0 | AI8: 0 | AJ8: 0 | AK8: 0 | AL8: 578856 | AM8: 572647 | AN8: 53202.95 | AO8: 28309.63 | AP8: 9.033 | AQ8: 8.901 | AR8: 0.19 | AS8: 34418.85 | AT8: 1346.419 | AU8: 134.642 | AV8: N/A | AW8: =AS8/1.102 -> 31233.076 | AX8: 1 | AY8: =AX8*AW8 -> 31233.076 | AZ8: In-State Emissions
A9: 3245 | B9: NM | C9: Animas | D9: 2465 | E9: 110001547675 | F9: Farmington City of | G9: 6204 | I9: 0 | J9: 0 | L9: WAPA - Colorado-Missouri | M9: 28503 | N9: WECC | O9: RMPA | P9: WECC Rockies | Q9: 35 | R9: 045 | S9: San Juan | T9: 36.51 | U9: -108.33 | V9: 0 | W9: 0 | X9: 6 | Y9: 1 | Z9: 906, | AA9: NG | AB9: GAS | AC9: 0 | AD9: 0.4058 | AE9: 50.3 | AF9: 0 | AG9: 0 | AH9: 0 | AI9: 0 | AJ9: 0 | AK9: 0 | AL9: 984222.76 | AM9: 523711.1 | AN9: 178786.91 | AO9: 95133.64 | AP9: 75.7852 | AQ9: 40.3258 | AR9: 1.6404 | AS9: 57561.642 | AT9: 2289.3021 | AU9: 228.9302 | AV9: N/A | AW9: =AS9/1.102 -> 52233.795 | AX9: 1 | AY9: =AX9*AW9 -> 52233.795 | AZ9: In-State Emissions
A10: 3246 | B10: NM | C10: Blanco Compressor Station | D10: 54221 | E10: 110028023421 | F10: Enterprise Products Optg LP | G10: 29925 | H10: Farmington City of | I10: 6204 | J10: 0 | L10: WAPA - Colorado-Missouri | M10: 28503 | N10: WECC | O10: RMPA | P10: WECC Rockies | Q10: 35 | R10: 045 | S10: San Juan | T10: 36.5081 | U10: -108.3229 | V10: 1 | W10: 0 | X10: 2 | Y10: 1 | Z10: 906, | AA10: NG | AB10: GAS | AC10: 0 | AD10: 0.7705 | AE10: 3 | AF10: 0 | AG10: 0 | AH10: 0 | AI10: 0 | AJ10: 0 | AK10: 0 | AL10: 3143389.9 | AM10: 1621948.4 | AN10: 20247.95 | AO10: 10447.68 | AP10: 296.841 | AQ10: 153.1661 | AR10: 5.4681 | AS10: 183839.16 | AT10: 7311.5248 | AU10: 731.1525 | AV10: N/A | AW10: =AS10/1.102 -> 166823.19 | AX10: 1 | AY10: =AX10*AW10 -> 166823.19 | AZ10: In-State Emissions
A11: 3247 | B11: NM | C11: Bluffview | D11: 55977 | E11: 110028023430 | F11: Farmington City of | G11: 6204 | I11: 0 | J11: 0 | L11: WAPA - Colorado-Missouri | M11: 28503 | N11: WECC | O11: RMPA | P11: WECC Rockies | Q11: 35 | R11: 045 | S11: San Juan | T11: 36.7164 | U11: -108.2153 | V11: 0 | W11: 1 | X11: 2 | Y11: 1 | Z11: CEM, | AA11: NG | AB11: GAS | AC11: 0 | AD11: 0.5153 | AE11: 67 | AF11: 0 | AG11: 0 | AH11: 0 | AI11: 0 | AJ11: 0 | AK11: 0 | AL11: 2456718 | AM11: 1462959 | AN11: 302460.92 | AO11: 216422.88 | AP11: 58.527 | AQ11: 31.618 | AR11: 0.737 | AS11: 145997.32 | AT11: 5714.326 | AU11: 571.433 | AV11: N/A | AW11: =AS11/1.102 -> 132483.96 | AX11: 1 | AY11: =AX11*AW11 -> 132483.96 | AZ11: In-State Emissions
A12: 3248 | B12: NM | C12: Caprock Wind Farm | D12: 56293 | E12: 110028023449 | F12: Babcock & Brown | G12: -1406 | H12: Southwestern Public Service Co | I12: 17718 | J12: 0 | L12: Southwestern Public Service Company | M12: 17718 | N12: SPP | O12: SPSO | P12: SPP South | Q12: 35 | R12: 037 | S12: Quay | T12: 35.1081 | U12: -103.5359 | V12: 1 | W12: 0 | X12: 2 | Y12: 0 | AA12: WND | AC12: 0 | AD12: 0.3808 | AE12: 80 | AF12: 0 | AG12: 0 | AH12: 0 | AI12: 0 | AJ12: 0 | AK12: 0 | AL12: 0 | AM12: 0 | AN12: 266856.94 | AO12: 126249.33 | AP12: 0 | AQ12: 0 | AR12: 0 | AS12: 0 | AT12: 0 | AU12: 0 | AV12: N/A | AW12: =AS12/1.102 -> 0 | AX12: 1 | AY12: =AX12*AW12 -> 0 | AZ12: In-State Emissions
A13: 3249 | B13: NM | C13: Carlsbad | D13: 2453 | E13: 110028023458 | F13: Southwestern Public Service Co | G13: 17718 | I13: 0 | J13: -7067 | K13: Xcel Energy Inc | L13: Southwestern Public Service Company | M13: 17718 | N13: SPP | O13: SPSO | P13: SPP South | Q13: 35 | R13: 015 | S13: Eddy | T13: 32.4743 | U13: -104.2934 | V13: 1 | W13: 0 | X13: 1 | Y13: 1 | Z13: 906, | AA13: NG | AB13: GAS | AC13: 0 | AD13: 0.0085 | AE13: 16.3 | AF13: 0 | AG13: 0 | AH13: 0 | AI13: 0 | AJ13: 0 | AK13: 0 | AL13: 22624.36 | AM13: 12038.57 | AN13: 1211.97 | AO13: 644.9 | AP13: 3.1222 | AQ13: 1.6613 | AR13: 0.039 | AS13: 1323.1713 | AT13: 52.6243 | AU13: 5.2624 | AV13: N/A | AW13: =AS13/1.102 -> 1200.6999 | AX13: 1 | AY13: =AX13*AW13 -> 1200.6999 | AZ13: In-State Emissions
A14: 3250 | B14: NM | C14: Chino Mines | D14: 54667 | E14: 110028023467 | F14: Phelps Dodge Corp | G14: -1118 | H14: Texas-New Mexico Power Co-NM | I14: 40051.1 | J14: 0 | L14: Public Service Company of New Mexico | M14: 15473 | N14: WECC | O14: AZNM | P14: WECC Southwest | Q14: 35 | R14: 017 | S14: Grant | T14: 32.6994 | U14: -108.1225 | V14: 0 | W14: 0 | X14: 4 | Y14: 1 | Z14: 906, | AA14: NG | AB14: GAS | AC14: 0 | AD14: 0.2605 | AE14: 94 | AF14: 0 | AG14: 1 | AH14: 0 | AI14: N/A | AJ14: 0.817882 | AK14: 0 | AL14: 2204348.3 | AM14: 1137415.1 | AN14: 214508.95 | AO14: 110683.84 | AP14: 169.7348 | AQ14: 87.581 | AR14: 3.7562 | AS14: 128919.91 | AT14: 5127.3141 | AU14: 512.7314 | AV14: N/A | AW14: =AS14/1.102 -> 116987.21 | AX14: 1 | AY14: =AX14*AW14 -> 116987.21 | AZ14: In-State Emissions
A15: 3251 | B15: NM | C15: Ciniza Refinery | D15: 50997 | E15: 110028023476 | F15: Giant Industries Arizona Inc | G15: 6996 | H15: Continental Divide El Coop Inc | I15: 4265 | J15: 0 | L15: Public Service Company of New Mexico | M15: 15473 | N15: WECC | O15: AZNM | P15: WECC Southwest | Q15: 35 | R15: 031 | S15: McKinley | T15: 35.5804 | U15: -108.2599 | V15: 1 | W15: 0 | X15: 2 | Y15: 1 | Z15: 906, | AA15: NG | AB15: GAS | AC15: 0 | AD15: 0.0165 | AE15: 6 | AF15: 0 | AG15: 1 | AH15: 81.608 | AI15: 36.1881 | AJ15: 0.979696 | AK15: 0 | AL15: 11401.709 | AM15: 5883.1317 | AN15: 865.29 | AO15: 446.48 | AP15: 1.5734 | AQ15: 0.8119 | AR15: 0.02 | AS15: 666.8217 | AT15: 26.5204 | AU15: 2.652 | AV15: N/A | AW15: =AS15/1.102 -> 605.10136 | AX15: 1 | AY15: =AX15*AW15 -> 605.10136 | AZ15: In-State Emissions
A16: 3252 | B16: NM | C16: Cunningham | D16: 2454 | E16: 110002468375 | F16: Southwestern Public Service Co | G16: 17718 | I16: 0 | J16: -7067 | K16: Xcel Energy Inc | L16: Southwestern Public Service Company | M16: 17718 | N16: SPP | O16: SPSO | P16: SPP South | Q16: 35 | R16: 025 | S16: Lea | T16: 32.7131 | U16: -103.3533 | V16: 0 | W16: 4 | X16: 4 | Y16: 1 | Z16: CEM, | AA16: NG | AB16: GAS | AC16: 0 | AD16: 0.309 | AE16: 519.2 | AF16: 0 | AG16: 0 | AH16: 0 | AI16: 0 | AJ16: 0 | AK16: 0 | AL16: 15089422 | AM16: 7869751 | AN16: 1405552 | AO16: 729108 | AP16: 1377.982 | AQ16: 706.815 | AR16: 4.528 | AS16: 896690 | AT16: 35097.995 | AU16: 3509.8 | AV16: N/A | AW16: =AS16/1.102 -> 813693.28 | AX16: 1 | AY16: =AX16*AW16 -> 813693.28 | AZ16: In-State Emissions
A17: 3253 | B17: NM | C17: Delta Person LLC | D17: 55039 | E17: 110007145179 | F17: Arroyo Energy | G17: -1514 | H17: Public Service Co of NM | I17: 15473 | J17: 0 | L17: Public Service Company of New Mexico | M17: 15473 | N17: WECC | O17: AZNM | P17: WECC Southwest | Q17: 35 | R17: 001 | S17: Bernalillo | T17: 35.026 | U17: -106.644 | V17: 0 | W17: 1 | X17: 1 | Y17: 1 | Z17: CEM, | AA17: NG | AB17: GAS | AC17: 0 | AD17: 0.0078 | AE17: 150 | AF17: 0 | AG17: 0 | AH17: 0 | AI17: 0 | AJ17: 0 | AK17: 0 | AL17: 73706 | AM17: 36559 | AN17: 10292.91 | AO17: 5172.68 | AP17: 3.634 | AQ17: 1.863 | AR17: 0.14 | AS17: 4491.675 | AT17: 171.44 | AU17: 17.144 | AV17: N/A | AW17: =AS17/1.102 -> 4075.9301 | AX17: 1 | AY17: =AX17*AW17 -> 4075.9301 | AZ17: In-State Emissions
A18: 3254 | B18: NM | C18: El Vado Dam | D18: 7593 | E18: 110028023485 | F18: Los Alamos County | G18: 11204 | I18: 0 | J18: 0 | L18: Public Service Company of New Mexico | M18: 15473 | N18: WECC | O18: AZNM | P18: WECC Southwest | Q18: 35 | R18: 039 | S18: Rio Arriba | T18: 36.511 | U18: -106.6885 | V18: 1 | W18: 0 | X18: 1 | Y18: 0 | AA18: WAT | AC18: 0 | AD18: 0.3093 | AE18: 8 | AF18: 0 | AG18: 0 | AH18: 0 | AI18: 0 | AJ18: 0 | AK18: 0 | AL18: 0 | AM18: 0 | AN18: 21675.93 | AO18: 9900.21 | AP18: 0 | AQ18: 0 | AR18: 0 | AS18: 0 | AT18: 0 | AU18: 0 | AV18: N/A | AW18: =AS18/1.102 -> 0 | AX18: 1 | AY18: =AX18*AW18 -> 0 | AZ18: In-State Emissions
A19: 3255 | B19: NM | C19: Elephant Butte | D19: 6402 | E19: 110028023494 | F19: USBR-Upper Colorado Region | G19: 25472 | I19: 0 | J19: -7061 | K19: US Bureau Of Reclamation | L19: WAPA - Colorado-Missouri | M19: 28503 | N19: WECC | O19: RMPA | P19: WECC Rockies | Q19: 35 | R19: 051 | S19: Sierra | T19: 33.1335 | U19: -107.1819 | V19: 1 | W19: 0 | X19: 3 | Y19: 0 | AA19: WAT | AC19: 0 | AD19: 0.188 | AE19: 27.9 | AF19: 0 | AG19: 0 | AH19: 0 | AI19: 0 | AJ19: 0 | AK19: 0 | AL19: 0 | AM19: 0 | AN19: 45956.95 | AO19: 20990.27 | AP19: 0 | AQ19: 0 | AR19: 0 | AS19: 0 | AT19: 0 | AU19: 0 | AV19: N/A | AW19: =AS19/1.102 -> 0 | AX19: 1 | AY19: =AX19*AW19 -> 0 | AZ19: In-State Emissions
A20: 3256 | B20: NM | C20: Escalante | D20: 87 | E20: 110000758797 | F20: Tri-State G & T Assn, Inc | G20: 30151 | I20: 0 | J20: 0 | L20: Public Service Company of Colorado | M20: 15466 | N20: WECC | O20: RMPA | P20: WECC Rockies | Q20: 35 | R20: 031 | S20: McKinley | T20: 35.4159 | U20: -108.082 | V20: 0 | W20: 1 | X20: 1 | Y20: 1 | Z20: CEM, ICR | AA20: SUB | AB20: COAL | AC20: 1 | AD20: 0.8485 | AE20: 257 | AF20: 0 | AG20: 0 | AH20: 0 | AI20: 0 | AJ20: 0 | AK20: 0 | AL20: 20053106 | AM20: 8327841 | AN20: 1910177 | AO20: 785757 | AP20: 3797.138 | AQ20: 1599.728 | AR20: 1293.216 | AS20: 2057449.2 | AT20: 46643.525 | AU20: 69965.287 | AV20: 3.5331 | AW20: =AS20/1.102 -> 1867013.8 | AX20: 1 | AY20: =AX20*AW20 -> 1867013.8 | AZ20: In-State Emissions
A21: 3257 | B21: NM | C21: Ford Utilities Center | D21: 50906 | E21: 110028023500 | F21: University of New Mexico | G21: 21964 | H21: Public Service Co of NM | I21: 15473 | J21: 0 | L21: Public Service Company of New Mexico | M21: 15473 | N21: WECC | O21: AZNM | P21: WECC Southwest | Q21: 35 | R21: 001 | S21: Bernalillo | T21: 35.057 | U21: -106.6575 | V21: 1 | W21: 0 | X21: 1 | Y21: 1 | Z21: 906, | AA21: NG | AB21: GAS | AC21: 0 | AD21: 0.35 | AE21: 7 | AF21: 0 | AG21: 1 | AH21: 0 | AI21: N/A | AJ21: 0.338875 | AK21: 0 | AL21: 182443.32 | AM21: 108452.52 | AN21: 21463.92 | AO21: 12759.12 | AP21: 25.1772 | AQ21: 14.9664 | AR21: 0.3193 | AS21: 10670.082 | AT21: 424.3632 | AU21: 42.4363 | AV21: N/A | AW21: =AS21/1.102 -> 9682.4696 | AX21: 1 | AY21: =AX21*AW21 -> 9682.4696 | AZ21: In-State Emissions
A22: 3259 | B22: NM | C22: Lordsburg Generating | D22: 7967 | E22: 110007020883 | F22: Public Service Co of NM | G22: 15473 | I22: 0 | J22: -7113 | K22: PNM Resources Inc | L22: Public Service Company of New Mexico | M22: 15473 | N22: WECC | O22: AZNM | P22: WECC Southwest | Q22: 35 | R22: 023 | S22: Hidalgo | T22: 32.3511 | U22: -108.6983 | V22: 0 | W22: 2 | X22: 2 | Y22: 1 | Z22: CEM, | AA22: NG | AB22: GAS | AC22: 0 | AD22: 0.1079 | AE22: 88 | AF22: 0 | AG22: 0 | AH22: 0 | AI22: 0 | AJ22: 0 | AK22: 0 | AL22: 1090684 | AM22: 417517 | AN22: 83140.96 | AO22: 44239.83 | AP22: 58.353 | AQ22: 20.108 | AR22: 0.327 | AS22: 64817.575 | AT22: 2536.931 | AU22: 253.693 | AV22: N/A | AW22: =AS22/1.102 -> 58818.126 | AX22: 1 | AY22: =AX22*AW22 -> 58818.126 | AZ22: In-State Emissions
A23: 3260 | B23: NM | C23: Maddox | D23: 2446 | E23: 110006091059 | F23: Southwestern Public Service Co | G23: 17718 | I23: 0 | J23: -7067 | K23: Xcel Energy Inc | L23: Southwestern Public Service Company | M23: 17718 | N23: SPP | O23: SPSO | P23: SPP South | Q23: 35 | R23: 025 | S23: Lea | T23: 32.7131 | U23: -103.31 | V23: 0 | W23: 1 | X23: 3 | Y23: 1 | Z23: CEM, ,906, | AA23: NG | AB23: GAS | AC23: 0 | AD23: 0.2733 | AE23: 213 | AF23: 0 | AG23: 0 | AH23: 0 | AI23: 0 | AJ23: 0 | AK23: 0 | AL23: 5759004 | AM23: 3310466.2 | AN23: 510037 | AO23: 286645 | AP23: 514.8262 | AQ23: 287.8924 | AR23: 2.6864 | AS23: 341598 | AT23: 13395.443 | AU23: 1339.5448 | AV23: N/A | AW23: =AS23/1.102 -> 309980.04 | AX23: 1 | AY23: =AX23*AW23 -> 309980.04 | AZ23: In-State Emissions
A24: 3261 | B24: NM | C24: Milagro Cogeneration Plant | D24: 54814 | E24: 110006091353 | F24: Williams Energy | G24: -1241 | H24: Farmington City of | I24: 6204 | J24: 0 | L24: WAPA - Colorado-Missouri | M24: 28503 | N24: WECC | O24: RMPA | P24: WECC Rockies | Q24: 35 | R24: 045 | S24: San Juan | T24: 36.7367 | U24: -107.9417 | V24: 0 | W24: 2 | X24: 4 | Y24: 1 | Z24: CEM, | AA24: NG | AB24: GAS | AC24: 0 | AD24: 0.4307 | AE24: 121.6 | AF24: 0 | AG24: 1 | AH24: 0 | AI24: N/A | AJ24: 0.663157 | AK24: 0 | AL24: 5566326.1 | AM24: 2324768.8 | AN24: 458828.12 | AO24: 236749.37 | AP24: 73.1097 | AQ24: 32.2712 | AR24: 1.6698 | AS24: 330798.09 | AT24: 12947.274 | AU24: 1294.727 | AV24: N/A | AW24: =AS24/1.102 -> 300179.76 | AX24: 1 | AY24: =AX24*AW24 -> 300179.76 | AZ24: In-State Emissions
A25: 3262 | B25: NM | C25: Navajo Dam | D25: 584 | E25: 110028023537 | F25: Farmington City of | G25: 6204 | I25: 0 | J25: 0 | L25: WAPA - Colorado-Missouri | M25: 28503 | N25: WECC | O25: RMPA | P25: WECC Rockies | Q25: 35 | R25: 045 | S25: San Juan | T25: 36.5081 | U25: -108.3229 | V25: 1 | W25: 0 | X25: 2 | Y25: 0 | AA25: WAT | AC25: 0 | AD25: 0.2477 | AE25: 30 | AF25: 0 | AG25: 0 | AH25: 0 | AI25: 0 | AJ25: 0 | AK25: 0 | AL25: 0 | AM25: 0 | AN25: 65087.95 | AO25: 29728.12 | AP25: 0 | AQ25: 0 | AR25: 0 | AS25: 0 | AT25: 0 | AU25: 0 | AV25: N/A | AW25: =AS25/1.102 -> 0 | AX25: 1 | AY25: =AX25*AW25 -> 0 | AZ25: In-State Emissions
A26: 3263 | B26: NM | C26: New Mexico State University | D26: 54975 | E26: 110007975548 | F26: New Mexico State University | G26: 21965 | H26: El Paso Electric Company | I26: 5701 | J26: 0 | L26: El Paso Electric Company | M26: 5701 | N26: WECC | O26: AZNM | P26: WECC Southwest | Q26: 35 | R26: 013 | S26: Dona Ana | T26: 32.3589 | U26: -106.8216 | V26: 1 | W26: 0 | X26: 1 | Y26: 1 | Z26: 906, | AA26: NG | AB26: GAS | AC26: 0 | AD26: 0.7137 | AE26: 4.7 | AF26: 0 | AG26: 1 | AH26: 0 | AI26: N/A | AJ26: 1 | AK26: 0 | AL26: 219899.4 | AM26: 113465.24 | AN26: 29384.27 | AO26: 15161.9 | AP26: 30.3461 | AQ26: 15.6582 | AR26: 0.3754 | AS26: 12860.676 | AT26: 511.486 | AU26: 51.1486 | AV26: N/A | AW26: =AS26/1.102 -> 11670.305 | AX26: 1 | AY26: =AX26*AW26 -> 11670.305 | AZ26: In-State Emissions
A27: 3264 | B27: NM | C27: New Mexico Wind Energy Center | D27: 56097 | E27: 110028024518 | F27: FPL Energy | G27: -1064 | H27: Public Service Co of NM | I27: 15473 | J27: -7027 | K27: FPL Group Inc | L27: Public Service Company of New Mexico | M27: 15473 | N27: WECC | O27: AZNM | P27: WECC Southwest | Q27: 35 | R27: 037 | S27: Quay | T27: 35.1081 | U27: -103.5359 | V27: 1 | W27: 0 | X27: 1 | Y27: 0 | AA27: WND | AC27: 0 | AD27: 0.2871 | AE27: 204 | AF27: 0 | AG27: 0 | AH27: 0 | AI27: 0 | AJ27: 0 | AK27: 0 | AL27: 0 | AM27: 0 | AN27: 512998 | AO27: 188633 | AP27: 0 | AQ27: 0 | AR27: 0 | AS27: 0 | AT27: 0 | AU27: 0 | AV27: N/A | AW27: =AS27/1.102 -> 0 | AX27: 1 | AY27: =AX27*AW27 -> 0 | AZ27: In-State Emissions
A28: 3265 | B28: NM | C28: Phelps Dodge Tyrone | D28: 54734 | E28: 110028024536 | F28: Phelps Dodge Corp | G28: -1118 | H28: Texas-New Mexico Power Co-NM | I28: 40051.1 | J28: 0 | L28: Public Service Company of New Mexico | M28: 15473 | N28: WECC | O28: AZNM | P28: WECC Southwest | Q28: 35 | R28: 017 | S28: Grant | T28: 32.7435 | U28: -108.375 | V28: 1 | W28: 0 | X28: 15 | Y28: 1 | Z28: 906, | AA28: NG | AB28: GAS | AC28: 0 | AD28: 0.0077 | AE28: 45.4 | AF28: 0 | AG28: 0 | AH28: 0 | AI28: 0 | AJ28: 0 | AK28: 0 | AL28: 30459.72 | AM28: 24151.65 | AN28: 3075 | AO28: 2552 | AP28: 24.0731 | AQ28: 18.2502 | AR28: 0.656 | AS28: 1922.4796 | AT28: 100.4771 | AU28: 14.4919 | AV28: N/A | AW28: =AS28/1.102 -> 1744.5368 | AX28: 1 | AY28: =AX28*AW28 -> 1744.5368 | AZ28: In-State Emissions
A29: 3266 | B29: NM | C29: Pyramid | D29: 7975 | E29: 110014356990 | F29: Tri-State G & T Assn Inc | G29: 30151 | I29: 0 | J29: 0 | L29: Public Service Company of Colorado | M29: 15466 | N29: WECC | O29: RMPA | P29: WECC Rockies | Q29: 35 | R29: 023 | S29: Hidalgo | T29: 32.2363 | U29: -108.5494 | V29: 0 | W29: 4 | X29: 4 | Y29: 1 | Z29: CEM, | AA29: NG | AB29: GAS | AC29: 0 | AD29: 0.0347 | AE29: 186 | AF29: 0 | AG29: 0 | AH29: 0 | AI29: 0 | AJ29: 0 | AK29: 0 | AL29: 563898 | AM29: 428498 | AN29: 56610.92 | AO29: 30066.04 | AP29: 23.614 | AQ29: 16.924 | AR29: 0.407 | AS29: 33770.85 | AT29: 1311.626 | AU29: 131.163 | AV29: N/A | AW29: =AS29/1.102 -> 30645.054 | AX29: 1 | AY29: =AX29*AW29 -> 30645.054 | AZ29: In-State Emissions
A30: 3267 | B30: NM | C30: Raton | D30: 2468 | E30: 110001547210 | F30: Raton Public Service Company | G30: 15698 | I30: 0 | J30: 0 | L30: Public Service Company of Colorado | M30: 15466 | N30: WECC | O30: RMPA | P30: WECC Rockies | Q30: 35 | R30: 007 | S30: Colfax | T30: 36.6 | U30: -104.65 | V30: 0 | W30: 0 | X30: 2 | Y30: 1 | Z30: 906, | AA30: BIT | AB30: COAL | AC30: 1 | AD30: 0.2016 | AE30: 15.5 | AF30: 0 | AG30: 1 | AH30: 0 | AI30: N/A | AJ30: 0.395683 | AK30: 0 | AL30: 236914.44 | AM30: 103562.52 | AN30: 27378.89 | AO30: 11978.16 | AP30: 90.631 | AQ30: 39.6904 | AR30: 226.3108 | AS30: 24549.023 | AT30: 551.063 | AU30: 818.2066 | AV30: N/A | AW30: =AS30/1.102 -> 22276.791 | AX30: 1 | AY30: =AX30*AW30 -> 22276.791 | AZ30: In-State Emissions
A31: 3268 | B31: NM | C31: Reeves | D31: 2450 | E31: 110022325170 | F31: Public Service Co of NM | G31: 15473 | I31: 0 | J31: -7113 | K31: PNM Resources Inc | L31: Public Service Company of New Mexico | M31: 15473 | N31: WECC | O31: AZNM | P31: WECC Southwest | Q31: 35 | R31: 001 | S31: Bernalillo | T31: 35.1018 | U31: -106.3559 | V31: 0 | W31: 3 | X31: 3 | Y31: 1 | Z31: CEM, | AA31: NG | AB31: GAS | AC31: 0 | AD31: 0.0749 | AE31: 154 | AF31: 0 | AG31: 0 | AH31: 0 | AI31: 0 | AJ31: 0 | AK31: 0 | AL31: 1291098 | AM31: 963138 | AN31: 100991.94 | AO31: 53738.45 | AP31: 150.877 | AQ31: 112.186 | AR31: 0.388 | AS31: 76729.675 | AT31: 3003.094 | AU31: 300.31 | AV31: N/A | AW31: =AS31/1.102 -> 69627.654 | AX31: 1 | AY31: =AX31*AW31 -> 69627.654 | AZ31: In-State Emissions
A32: 3269 | B32: NM | C32: Rio Grande | D32: 2444 | E32: 110001547238 | F32: El Paso Electric Co | G32: 5701 | I32: 0 | J32: 0 | L32: El Paso Electric Company | M32: 5701 | N32: WECC | O32: AZNM | P32: WECC Southwest | Q32: 35 | R32: 013 | S32: Dona Ana | T32: 31.8047 | U32: -106.5472 | V32: 0 | W32: 3 | X32: 3 | Y32: 1 | Z32: CEM, | AA32: NG | AB32: GAS | AC32: 0 | AD32: 0.2951 | AE32: 266.5 | AF32: 0 | AG32: 0 | AH32: 0 | AI32: 0 | AJ32: 0 | AK32: 0 | AL32: 8060849 | AM32: 4361033 | AN32: 688884 | AO32: 372248 | AP32: 870.12 | AQ32: 468.371 | AR32: 2.449 | AS32: 479029.78 | AT32: 18749.535 | AU32: 1874.954 | AV32: N/A | AW32: =AS32/1.102 -> 434691.27 | AX32: 1 | AY32: =AX32*AW32 -> 434691.27 | AZ32: In-State Emissions
A33: 3270 | B33: NM | C33: San Juan | D33: 2451 | E33: 110000600868 | F33: Public Service Co of NM | G33: 15473 | I33: 0 | J33: -7113 | K33: PNM Resources Inc | L33: Public Service Company of New Mexico | M33: 15473 | N33: WECC | O33: AZNM | P33: WECC Southwest | Q33: 35 | R33: 045 | S33: San Juan | T33: 36.8006 | U33: -108.4386 | V33: 0 | W33: 4 | X33: 4 | Y33: 1 | Z33: CEM, ICR | AA33: SUB | AB33: COAL | AC33: 1 | AD33: 0.7698 | AE33: 1848 | AF33: 0 | AG33: 0 | AH33: 0 | AI33: 0 | AJ33: 0 | AK33: 0 | AL33: 127629979 | AM33: 54117671 | AN33: 12462336 | AO33: 5291334 | AP33: 26809.014 | AQ33: 11492.104 | AR33: 16569.458 | AS33: 13097410 | AT33: 296867.33 | AU33: 445301 | AV33: 1094.8169 | AW33: =AS33/1.102 -> 11885127 | AX33: 1 | AY33: =AX33*AW33 -> 11885127 | AZ33: In-State Emissions
A34: 3271 | B34: NM | C34: San Juan Mesa | D34: 56304 | E34: 0 | F34: Edison Mission Energy | G34: -1191 | H34: Southwestern Public Service Co | I34: 17718 | J34: -7022 | K34: Edison International | L34: Southwestern Public Service Company | M34: 17718 | N34: SPP | O34: SPSO | P34: SPP South | Q34: 35 | R34: 041 | S34: Roosevelt | T34: 34.0207 | U34: -103.4668 | V34: 1 | W34: 0 | X34: 1 | Y34: 0 | AA34: WND | AC34: 0 | AD34: 0.0141 | AE34: 120 | AF34: 0 | AG34: 0 | AH34: 0 | AI34: 0 | AJ34: 0 | AK34: 0 | AL34: 0 | AM34: 0 | AN34: 14775 | AO34: 6156.25 | AP34: 0 | AQ34: 0 | AR34: 0 | AS34: 0 | AT34: 0 | AU34: 0 | AV34: N/A | AW34: =AS34/1.102 -> 0 | AX34: 1 | AY34: =AX34*AW34 -> 0 | AZ34: In-State Emissions
A35: 3272 | B35: NM | C35: Southside Water Reclamation Plant | D35: 10339 | E35: 110028024554 | F35: Albuquerque City of | G35: 194 | H35: Public Service Co of NM | I35: 15473 | J35: 0 | L35: Public Service Company of New Mexico | M35: 15473 | N35: WECC | O35: AZNM | P35: WECC Southwest | Q35: 35 | R35: 001 | S35: Bernalillo | T35: 35.057 | U35: -106.6575 | V35: 1 | W35: 0 | X35: 4 | Y35: 1 | Z35: 906, | AA35: NG | AB35: GAS | AC35: 0 | AD35: 0.3442 | AE35: 6.6 | AF35: 1 | AG35: 1 | AH35: 31.696 | AI35: 2142.6858 | AJ35: 0.99965 | AK35: 0 | AL35: 186382.28 | AM35: 92419.94 | AN35: 19898.79 | AO35: 9867.36 | AP35: 101.2134 | AQ35: 51.8369 | AR35: 0.25 | AS35: 8354.7251 | AT35: 0 | AU35: 0 | AV35: N/A | AW35: =AS35/1.102 -> 7581.4202 | AX35: 1 | AY35: =AX35*AW35 -> 7581.4202 | AZ35: In-State Emissions
A36: 3273 | B36: NM | C36: Tucumcari | D36: 2469 | E36: 110028024563 | F36: Southwestern Public Service Co | G36: 17718 | I36: 0 | J36: -7067 | K36: Xcel Energy Inc | L36: Southwestern Public Service Company | M36: 17718 | N36: SPP | O36: SPSO | P36: SPP South | Q36: 35 | R36: 037 | S36: Quay | T36: 35.1081 | U36: -103.5359 | V36: 1 | W36: 0 | X36: 6 | Y36: 1 | Z36: 906, | AA36: DFO | AB36: OIL | AC36: 0 | AD36: 0.0005 | AE36: 16.1 | AF36: 0 | AG36: 0 | AH36: 0 | AI36: 0 | AJ36: 0 | AK36: 0 | AL36: 789.07 | AM36: 380.93 | AN36: 69.94 | AO36: 33.76 | AP36: 0.9619 | AQ36: 0.4644 | AR36: 0.073 | AS36: 63.6253 | AT36: 5.5061 | AU36: 1.1012 | AV36: N/A | AW36: =AS36/1.102 -> 57.736207 | AX36: 1 | AY36: =AX36*AW36 -> 57.736207 | AZ36: In-State Emissions
A37: 3274 | B37: NM | C37: Univ New Mexico Cogen Plant | D37: 50905 | E37: 110028024572 | F37: University of New Mexico | G37: 21964 | H37: Public Service Co of NM | I37: 15473 | J37: 0 | L37: Public Service Company of New Mexico | M37: 15473 | N37: WECC | O37: AZNM | P37: WECC Southwest | Q37: 35 | R37: 001 | S37: Bernalillo | T37: 35.057 | U37: -106.6575 | V37: 1 | W37: 0 | X37: 1 | Y37: 1 | Z37: 906, | AA37: NG | AB37: GAS | AC37: 0 | AD37: 0.0261 | AE37: 2.5 | AF37: 0 | AG37: 1 | AH37: 0 | AI37: N/A | AJ37: 0.901925 | AK37: 0 | AL37: 4855.965 | AM37: 2505.6112 | AN37: 571.29 | AO37: 294.78 | AP37: 0.6701 | AQ37: 0.3458 | AR37: 0.0085 | AS37: 283.998 | AT37: 11.295 | AU37: 1.1295 | AV37: N/A | AW37: =AS37/1.102 -> 257.71143 | AX37: 1 | AY37: =AX37*AW37 -> 257.71143 | AZ37: In-State Emissions

Sheet 2018 Emissions (eGrid)
A1: Source: egrid2018_data_v2
A3: eGRID 2018 Unit file sequence number | B3: Data Year | C3: Plant state abbreviation | D3: Plant name | E3: DOE/EIA ORIS plant or facility code | F3: Unit ID | G3: Prime Mover | H3: Unit Operational Status | I3: CAMD Program flag | J3: Program code(s) | K3: Unit bottom and firing type | L3: Number of associated generators | M3: Unit primary fuel | N3: Unit operating hours | O3: Unit unadjusted annual heat input (MMBtu) | P3: Unit unadjusted ozone season heat input (MMBtu) | Q3: Unit unadjusted annual NOx emissions (tons) | R3: Unit unadjusted ozone season NOx emissions (tons) | S3: Unit unadjusted annual SO2 emissions (tons) | T3: Unit unadjusted annual CO2 emissions (tons) | U3: Unit unadjusted annual Hg emissions (lbs) | V3: Unit unadjusted annual heat input source | W3: Unit unadjusted ozone season heat input source | X3: Unit unadjusted annual NOx emissions source | Y3: Unit unadjusted ozone season NOx emissions source | Z3: Unit unadjusted annual SO2 emissions source | AA3: Unit unadjusted annual CO2 emissions source | AB3: Unit unadjusted annual Hg emissions source | AC3: Unit SO2 (scrubber) first control device | AD3: Unit NOx first control device | AE3: Unit Hg Activated carbon injection system flag | AF3: Unit year on-line | AG3: Unit unadjusted annual CO2 emissions (metric tons) | AH3: NM-Associated Share (%) | AI3: NM CO2 emissions (metric tons) | AJ3: Category | AK3: Offline Year
A4: SEQUNT18 | B4: YEAR | C4: PSTATABB | D4: PNAME | E4: ORISPL | F4: UNITID | G4: PRMVR | H4: UNTOPST | I4: CAMDFLAG | J4: PRGCODE | K4: BOTFIRTY | L4: NUMGEN | M4: FUELU1 | N4: HRSOP | O4: HTIAN | P4: HTIOZ | Q4: NOXAN | R4: NOXOZ | S4: SO2AN | T4: CO2AN | U4: HGAN | V4: HTIANSRC | W4: HTIOZSRC | X4: NOXANSRC | Y4: NOXOZSRC | Z4: SO2SRC | AA4: CO2SRC | AB4: HGSRC | AC4: SO2CTLDV | AD4: NOXCTLDV | AE4: HGCTLDV | AF4: UNTYRONL
A5: 17472 | B5: 2018 | C5: NM | D5: Four Corners Steam Elec Station | E5: 2442 | F5: 4 | G5: ST | H5: OP | I5: Yes | J5: ARP,MATS | K5: CELL | L5: 1 | M5: SUB | N5: 5058 | O5: 33852522 | P5: 16347391 | Q5: 2666.95 | R5: 1558.22 | S5: 833.37 | T5: 3473196.4 | U5: 5.31 | V5: EPA/CAMD | W5: EPA/CAMD | X5: EPA/CAMD | Y5: EPA/CAMD | Z5: EPA/CAMD | AA5: EPA/CAMD | AB5: EPA/CAMD | AC5: WL | AD5: LNCB | AF5: 1969 | AG5: =T5/1.102 -> 3151720.9 | AH5: 0.13 | AI5: =AH5*AG5 -> 409723.71 | AJ5: Imported Emissions | AK5: 2031
A6: 17473 | B6: 2018 | C6: NM | D6: Four Corners Steam Elec Station | E6: 2442 | F6: 5 | G6: ST | H6: OP | I6: Yes | J6: ARP,MATS | K6: CELL | L6: 1 | M6: SUB | N6: 6933 | O6: 48352655 | P6: 25393156 | Q6: 2097.56 | R6: 759.75 | S6: 679.38 | T6: 4960987.7 | U6: 9.35 | V6: EPA/CAMD | W6: EPA/CAMD | X6: EPA/CAMD | Y6: EPA/CAMD | Z6: EPA/CAMD | AA6: EPA/CAMD | AB6: EPA/CAMD | AC6: WL | AD6: LNCB | AF6: 1970 | AG6: =T6/1.102 -> 4501803.7 | AH6: 0.13 | AI6: =AH6*AG6 -> 585234.48 | AJ6: Imported Emissions | AK6: 2031
A7: 1564 | B7: 2018 | C7: AZ | D7: Springerville Generating Station | E7: 8223 | F7: TS3 | G7: ST | H7: OP | I7: Yes | J7: ARP,MATS | K7: WALL | M7: SUB | N7: 7992 | O7: 26931439 | P7: 10214755 | Q7: 1085.73 | R7: 410.24 | S7: 1044.33 | T7: 2823122.7 | U7: 15.17 | V7: EPA/CAMD | W7: EPA/CAMD | X7: EPA/CAMD | Y7: EPA/CAMD | Z7: EPA/CAMD | AA7: EPA/CAMD | AB7: EPA/CAMD | AC7: DL | AD7: LNB,SCR | AF7: 2006 | AG7: =T7/1.102 -> 2561817.3 | AH7: 0.75 | AI7: =AH7*AG7 -> 1921363 | AJ7: Imported Emissions | AK7: 2050
A8: 1517 | B8: 2018 | C8: AZ | D8: Palo Verde | E8: 6008 | F8: 1 | G8: ST | H8: OP | M8: NUC | O8: 117310346 | P8: 49232497 | V8: EIA Prime Mover-level Data | W8: EIA Prime Mover-level Data | AG8: =T8/1.102 -> 0 | AH8: 0.102 | AI8: =AH8*AG8 -> 0 | AJ8: Imported Emissions | AK8: 2050
A9: 1518 | B9: 2018 | C9: AZ | D9: Palo Verde | E9: 6008 | F9: 2 | G9: ST | H9: OP | M9: NUC | O9: 98880348 | P9: 48875942 | V9: EIA Prime Mover-level Data | W9: EIA Prime Mover-level Data | AG9: =T9/1.102 -> 0 | AH9: 0.102 | AI9: =AH9*AG9 -> 0 | AJ9: Imported Emissions | AK9: 2050
A10: 1519 | B10: 2018 | C10: AZ | D10: Palo Verde | E10: 6008 | F10: 3 | G10: ST | H10: OP | M10: NUC | O10: 109015305 | P10: 46602715 | V10: EIA Prime Mover-level Data | W10: EIA Prime Mover-level Data | AG10: =T10/1.102 -> 0 | AH10: 0.102 | AI10: =AH10*AG10 -> 0 | AJ10: Imported Emissions | AK10: 2050
A11: 17403 | B11: 2018 | C11: NM | D11: Abiquiu Dam | E11: 7789 | F11: 1 | G11: HY | H11: OP | M11: WAT | O11: 104510.13 | P11: 47378.827 | V11: EIA Prime Mover-level Data | W11: EIA Prime Mover-level Data | AG11: =T11/1.102 -> 0 | AH11: 1 | AI11: =AH11*AG11 -> 0 | AJ11: In-State Emissions | AK11: 2050
A12: 17404 | B12: 2018 | C12: NM | D12: Abiquiu Dam | E12: 7789 | F12: 2 | G12: HY | H12: OP | M12: WAT | O12: 104510.13 | P12: 47378.827 | V12: EIA Prime Mover-level Data | W12: EIA Prime Mover-level Data | AG12: =T12/1.102 -> 0 | AH12: 1 | AI12: =AH12*AG12 -> 0 | AJ12: In-State Emissions | AK12: 2050
A13: 17405 | B13: 2018 | C13: NM | D13: Abiquiu Dam | E13: 7789 | F13: 3 | G13: HY | H13: OP | M13: WAT | O13: 49766.731 | P13: 22561.346 | V13: EIA Prime Mover-level Data | W13: EIA Prime Mover-level Data | AG13: =T13/1.102 -> 0 | AH13: 1 | AI13: =AH13*AG13 -> 0 | AJ13: In-State Emissions | AK13: 2050
A14: 17406 | B14: 2018 | C14: NM | D14: Afton Generating Station | E14: 55210 | F14: 0001 | G14: CT | H14: OP | I14: Yes | J14: ARP | K14: CC | M14: NG | N14: 5001 | O14: 6383882 | P14: 3883808 | Q14: 48.21 | R14: 26.07 | S14: 1.92 | T14: 379389.1 | V14: EPA/CAMD | W14: EPA/CAMD | X14: EPA/CAMD | Y14: EPA/CAMD | Z14: EPA/CAMD | AA14: EPA/CAMD | AD14: DLNB,H2O,SCR | AF14: 2002 | AG14: =T14/1.102 -> 344273.23 | AH14: 1 | AI14: =AH14*AG14 -> 344273.23 | AJ14: In-State Emissions | AK14: 2050
A15: 17407 | B15: 2018 | C15: NM | D15: Alamogordo Solar Energy Center | E15: 57577 | F15: AGSEC | G15: PV | H15: OP | M15: SUN | O15: 101183 | P15: 54015 | V15: EIA Prime Mover-level Data | W15: EIA Prime Mover-level Data | AG15: =T15/1.102 -> 0 | AH15: 1 | AI15: =AH15*AG15 -> 0 | AJ15: In-State Emissions | AK15: 2050
A16: 17408 | B16: 2018 | C16: NM | D16: Albuquerque Solar Energy Center | E16: 57567 | F16: ASEC1 | G16: PV | H16: OP | M16: SUN | O16: 39026 | P16: 20834 | V16: EIA Prime Mover-level Data | W16: EIA Prime Mover-level Data | AG16: =T16/1.102 -> 0 | AH16: 1 | AI16: =AH16*AG16 -> 0 | AJ16: In-State Emissions | AK16: 2050
A17: 17409 | B17: 2018 | C17: NM | D17: Algodones | E17: 2475 | F17: 1 | G17: ST | H17: OS | L17: 1 | M17: NG | AG17: =T17/1.102 -> 0 | AH17: 1 | AI17: =AH17*AG17 -> 0 | AJ17: In-State Emissions | AK17: 2050
A18: 17410 | B18: 2018 | C18: NM | D18: Algodones | E18: 2475 | F18: 2 | G18: ST | H18: OS | L18: 1 | M18: NG | AG18: =T18/1.102 -> 0 | AH18: 1 | AI18: =AH18*AG18 -> 0 | AJ18: In-State Emissions | AK18: 2050
A19: 17411 | B19: 2018 | C19: NM | D19: Algodones | E19: 2475 | F19: 3 | G19: ST | H19: OS | L19: 1 | M19: NG | AG19: =T19/1.102 -> 0 | AH19: 1 | AI19: =AH19*AG19 -> 0 | AJ19: In-State Emissions | AK19: 2050
A20: 17412 | B20: 2018 | C20: NM | D20: Alta Luna | E20: 60258 | F20: ALPV1 | G20: PV | H20: OP | M20: SUN | O20: 657900 | P20: 322951 | V20: EIA Prime Mover-level Data | W20: EIA Prime Mover-level Data | AG20: =T20/1.102 -> 0 | AH20: 1 | AI20: =AH20*AG20 -> 0 | AJ20: In-State Emissions | AK20: 2050
A21: 17413 | B21: 2018 | C21: NM | D21: Anderson Wind I | E21: 58939 | F21: AND1 | G21: WT | H21: OP | M21: WND | O21: 166430 | P21: 58761 | V21: EIA Prime Mover-level Data | W21: EIA Prime Mover-level Data | AG21: =T21/1.102 -> 0 | AH21: 1 | AI21: =AH21*AG21 -> 0 | AJ21: In-State Emissions | AK21: 2050
A22: 17414 | B22: 2018 | C22: NM | D22: Anderson Wind II | E22: 58940 | F22: AND2 | G22: WT | H22: OP | M22: WND | O22: 403846 | P22: 142586 | V22: EIA Prime Mover-level Data | W22: EIA Prime Mover-level Data | AG22: =T22/1.102 -> 0 | AH22: 1 | AI22: =AH22*AG22 -> 0 | AJ22: In-State Emissions | AK22: 2050
A23: 17415 | B23: 2018 | C23: NM | D23: Animas | E23: 2465 | F23: 1 | G23: CA | H23: RE | M23: NG | AG23: =T23/1.102 -> 0 | AH23: 1 | AI23: =AH23*AG23 -> 0 | AJ23: In-State Emissions | AK23: 2050
A24: 17416 | B24: 2018 | C24: NM | D24: Animas | E24: 2465 | F24: 2 | G24: CA | H24: RE | M24: NG | AG24: =T24/1.102 -> 0 | AH24: 1 | AI24: =AH24*AG24 -> 0 | AJ24: In-State Emissions | AK24: 2050
A25: 17417 | B25: 2018 | C25: NM | D25: Animas | E25: 2465 | F25: 3 | G25: ST | H25: RE | L25: 1 | M25: NG | AG25: =T25/1.102 -> 0 | AH25: 1 | AI25: =AH25*AG25 -> 0 | AJ25: In-State Emissions | AK25: 2050
A26: 17418 | B26: 2018 | C26: NM | D26: Animas | E26: 2465 | F26: GT1 | G26: GT | H26: OP | M26: NG | O26: 417846 | P26: 153560 | Q26: 66.113 | R26: 24.199 | S26: 0.6677 | T26: 24420.813 | V26: EIA Prime Mover-level Data | W26: EIA Prime Mover-level Data | X26: Estimated using emissions factor | Y26: Estimated using emissions factor | Z26: Estimated using emissions factor | AA26: Estimated using emissions factor | AG26: =T26/1.102 -> 22160.447 | AH26: 1 | AI26: =AH26*AG26 -> 22160.447 | AJ26: In-State Emissions | AK26: 2050
A27: 17419 | B27: 2018 | C27: NM | D27: Animas | E27: 2465 | F27: HY1 | G27: HY | H27: OS | M27: WAT | O27: 429 | P27: 228 | V27: EIA Prime Mover-level Data | W27: EIA Prime Mover-level Data | AG27: =T27/1.102 -> 0 | AH27: 1 | AI27: =AH27*AG27 -> 0 | AJ27: In-State Emissions | AK27: 2050
A28: 17420 | B28: 2018 | C28: NM | D28: Animas | E28: 2465 | F28: ST4 | G28: ST | H28: RE | M28: NG | AG28: =T28/1.102 -> 0 | AH28: 1 | AI28: =AH28*AG28 -> 0 | AJ28: In-State Emissions | AK28: 2050
A29: 17421 | B29: 2018 | C29: NM | D29: Aragonne Mesa Phase II | E29: 56656 | F29: 1 | G29: WT | H29: CN | M29: WND | AG29: =T29/1.102 -> 0 | AH29: 1 | AI29: =AH29*AG29 -> 0 | AJ29: In-State Emissions | AK29: 2050
A30: 17422 | B30: 2018 | C30: NM | D30: Aragonne Solar LLC | E30: 59252 | F30: PV1 | G30: PV | H30: CN | M30: SUN | AG30: =T30/1.102 -> 0 | AH30: 1 | AI30: =AH30*AG30 -> 0 | AJ30: In-State Emissions | AK30: 2050
A31: 17423 | B31: 2018 | C31: NM | D31: Aragonne Wind LLC | E31: 56336 | F31: 1 | G31: WT | H31: OP | M31: WND | O31: 2409032 | P31: 850560 | V31: EIA Prime Mover-level Data | W31: EIA Prime Mover-level Data | AG31: =T31/1.102 -> 0 | AH31: 1 | AI31: =AH31*AG31 -> 0 | AJ31: In-State Emissions | AK31: 2050
A32: 17424 | B32: 2018 | C32: NM | D32: Blanco Compressor Station | E32: 54221 | F32: 1 | G32: ST | H32: RE | M32: NG | AG32: =T32/1.102 -> 0 | AH32: 1 | AI32: =AH32*AG32 -> 0 | AJ32: In-State Emissions | AK32: 2050
A33: 17425 | B33: 2018 | C33: NM | D33: Blanco Compressor Station | E33: 54221 | F33: 2 | G33: ST | H33: RE | M33: NG | AG33: =T33/1.102 -> 0 | AH33: 1 | AI33: =AH33*AG33 -> 0 | AJ33: In-State Emissions | AK33: 2050
A34: 17426 | B34: 2018 | C34: NM | D34: Blue Sky One | E34: 58689 | F34: 1 | G34: PV | H34: OP | M34: SUN | O34: 23807 | P34: 12710 | V34: EIA Prime Mover-level Data | W34: EIA Prime Mover-level Data | AG34: =T34/1.102 -> 0 | AH34: 1 | AI34: =AH34*AG34 -> 0 | AJ34: In-State Emissions | AK34: 2050
A35: 17427 | B35: 2018 | C35: NM | D35: Bluffview Power Plant | E35: 55977 | F35: CTG-1 | G35: CT | H35: OP | I35: Yes | J35: ARP | K35: CC | M35: NG | N35: 7161 | O35: 3084957 | P35: 1431535 | Q35: 66.35 | R35: 30.6 | S35: 0.93 | T35: 183333.3 | V35: EPA/CAMD | W35: EPA/CAMD | X35: EPA/CAMD | Y35: EPA/CAMD | Z35: EPA/CAMD | AA35: EPA/CAMD | AD35: DLNB,SCR | AF35: 2005 | AG35: =T35/1.102 -> 166364.16 | AH35: 1 | AI35: =AH35*AG35 -> 166364.16 | AJ35: In-State Emissions | AK35: 2050
A36: 17428 | B36: 2018 | C36: NM | D36: Broadview Energy JN, LLC | E36: 60145 | F36: 1 | G36: WT | H36: OP | M36: WND | O36: 6657563 | P36: 2536783 | V36: EIA Prime Mover-level Data | W36: EIA Prime Mover-level Data | AG36: =T36/1.102 -> 0 | AH36: 1 | AI36: =AH36*AG36 -> 0 | AJ36: In-State Emissions | AK36: 2050
A37: 17429 | B37: 2018 | C37: NM | D37: Broadview Energy KW, LLC | E37: 60152 | F37: 1 | G37: WT | H37: OP | M37: WND | O37: 5310732 | P37: 2046024 | V37: EIA Prime Mover-level Data | W37: EIA Prime Mover-level Data | AG37: =T37/1.102 -> 0 | AH37: 1 | AI37: =AH37*AG37 -> 0 | AJ37: In-State Emissions | AK37: 2050
A38: 17430 | B38: 2018 | C38: NM | D38: Broadview Energy Prime 2 LLC | E38: 58465 | F38: 0002 | G38: WT | H38: OP | M38: WND | O38: 356915 | P38: 126016 | V38: EIA Prime Mover-level Data | W38: EIA Prime Mover-level Data | AG38: =T38/1.102 -> 0 | AH38: 1 | AI38: =AH38*AG38 -> 0 | AJ38: In-State Emissions | AK38: 2050
A39: 17431 | B39: 2018 | C39: NM | D39: Broadview Energy Prime LLC | E39: 58464 | F39: 0001 | G39: WT | H39: OP | M39: WND | O39: 356915 | P39: 126016 | V39: EIA Prime Mover-level Data | W39: EIA Prime Mover-level Data | AG39: =T39/1.102 -> 0 | AH39: 1 | AI39: =AH39*AG39 -> 0 | AJ39: In-State Emissions | AK39: 2050
A40: 17432 | B40: 2018 | C40: NM | D40: Caprock Solar 1 LLC | E40: 59251 | F40: PV1 | G40: PV | H40: OP | M40: SUN | O40: 618299 | P40: 316704 | V40: EIA Prime Mover-level Data | W40: EIA Prime Mover-level Data | AG40: =T40/1.102 -> 0 | AH40: 1 | AI40: =AH40*AG40 -> 0 | AJ40: In-State Emissions | AK40: 2050
A41: 17433 | B41: 2018 | C41: NM | D41: Caprock Solar 2 LLC | E41: 59846 | F41: PV1 | G41: PV | H41: IP | M41: SUN | AG41: =T41/1.102 -> 0 | AH41: 1 | AI41: =AH41*AG41 -> 0 | AJ41: In-State Emissions | AK41: 2050
A42: 17434 | B42: 2018 | C42: NM | D42: Caprock Wind Farm | E42: 56293 | F42: 1 | G42: WT | H42: OP | M42: WND | O42: 2258934 | P42: 797563.5 | V42: EIA Prime Mover-level Data | W42: EIA Prime Mover-level Data | AG42: =T42/1.102 -> 0 | AH42: 1 | AI42: =AH42*AG42 -> 0 | AJ42: In-State Emissions | AK42: 2050
A43: 17435 | B43: 2018 | C43: NM | D43: Caprock Wind Farm | E43: 56293 | F43: 2 | G43: WT | H43: OP | M43: WND | O43: 752978 | P43: 265854.5 | V43: EIA Prime Mover-level Data | W43: EIA Prime Mover-level Data | AG43: =T43/1.102 -> 0 | AH43: 1 | AI43: =AH43*AG43 -> 0 | AJ43: In-State Emissions | AK43: 2050
A44: 17436 | B44: 2018 | C44: NM | D44: Carlsbad | E44: 2453 | F44: 5 | G44: GT | H44: RE | M44: NG | AG44: =T44/1.102 -> 0 | AH44: 1 | AI44: =AH44*AG44 -> 0 | AJ44: In-State Emissions | AK44: 2050
A45: 17437 | B45: 2018 | C45: NM | D45: Carrizozo Solar | E45: 61662 | F45: PV1 | G45: PV | H45: OP | M45: SUN | O45: 61383 | P45: 36937 | V45: EIA Prime Mover-level Data | W45: EIA Prime Mover-level Data | AG45: =T45/1.102 -> 0 | AH45: 1 | AI45: =AH45*AG45 -> 0 | AJ45: In-State Emissions | AK45: 2050
A46: 17438 | B46: 2018 | C46: NM | D46: Casa Mesa Wind Energy Center | E46: 61925 | F46: CMNM | G46: WT | H46: OP | M46: WND | O46: 171427 | P46: 0 | V46: EIA Prime Mover-level Data | W46: EIA Prime Mover-level Data | AG46: =T46/1.102 -> 0 | AH46: 1 | AI46: =AH46*AG46 -> 0 | AJ46: In-State Emissions | AK46: 2050
A47: 17439 | B47: 2018 | C47: NM | D47: Casa Mesa Wind Energy Center | E47: 61925 | F47: CMNMB | G47: BA | H47: OP | M47: MWH | O47: 0 | P47: 0 | V47: EIA Prime Mover-level Data | W47: EIA Prime Mover-level Data | AG47: =T47/1.102 -> 0 | AH47: 1 | AI47: =AH47*AG47 -> 0 | AJ47: In-State Emissions | AK47: 2050
A48: 17440 | B48: 2018 | C48: NM | D48: Chaves Solar, LLC | E48: 60405 | F48: CSPV | G48: PV | H48: OP | M48: SUN | O48: 1709213 | P48: 912440 | V48: EIA Prime Mover-level Data | W48: EIA Prime Mover-level Data | AG48: =T48/1.102 -> 0 | AH48: 1 | AI48: =AH48*AG48 -> 0 | AJ48: In-State Emissions | AK48: 2050
A49: 17441 | B49: 2018 | C49: NM | D49: Chino Mines | E49: 54667 | F49: 9 | G49: CA | H49: OP | L49: 3 | M49: NG | O49: 296431.07 | P49: 148912.86 | Q49: 13.339 | R49: 5.957 | S49: 0 | T49: 17324.774 | V49: EIA Unit-level Data | W49: EIA Unit-Level Data | X49: Estimated based on unit-level NOx emission rates | Y49: Estimated based on unit-level NOx ozone season emission rates | Z49: Estimated using emissions factor | AA49: Estimated using emissions factor | AG49: =T49/1.102 -> 15721.211 | AH49: 1 | AI49: =AH49*AG49 -> 15721.211 | AJ49: In-State Emissions | AK49: 2050
A50: 17442 | B50: 2018 | C50: NM | D50: Chino Mines | E50: 54667 | F50: 8 | G50: ST | H50: RE | M50: NG | AG50: =T50/1.102 -> 0 | AH50: 1 | AI50: =AH50*AG50 -> 0 | AJ50: In-State Emissions | AK50: 2050
A51: 17443 | B51: 2018 | C51: NM | D51: Cibola | E51: 59619 | F51: CBLA | G51: PV | H51: OP | M51: SUN | O51: 179425 | P51: 95783 | V51: EIA Prime Mover-level Data | W51: EIA Prime Mover-level Data | AG51: =T51/1.102 -> 0 | AH51: 1 | AI51: =AH51*AG51 -> 0 | AJ51: In-State Emissions | AK51: 2050
A52: 17444 | B52: 2018 | C52: NM | D52: Cimarron Solar Facility | E52: 57243 | F52: CIM1 | G52: PV | H52: OP | M52: SUN | O52: 576862 | P52: 307950 | V52: EIA Prime Mover-level Data | W52: EIA Prime Mover-level Data | AG52: =T52/1.102 -> 0 | AH52: 1 | AI52: =AH52*AG52 -> 0 | AJ52: In-State Emissions | AK52: 2050
A53: 17445 | B53: 2018 | C53: NM | D53: City of Gallup Solar | E53: 62406 | F53: X0022 | G53: PV | H53: OP | M53: SUN | O53: 122182 | P53: 91529 | V53: EIA Prime Mover-level Data | W53: EIA Prime Mover-level Data | AG53: =T53/1.102 -> 0 | AH53: 1 | AI53: =AH53*AG53 -> 0 | AJ53: In-State Emissions | AK53: 2050
A54: 17446 | B54: 2018 | C54: NM | D54: City of Truth or Consequences PV | E54: 59653 | F54: COTC | G54: PV | H54: OP | M54: SUN | O54: 34402 | P54: 18365 | V54: EIA Prime Mover-level Data | W54: EIA Prime Mover-level Data | AG54: =T54/1.102 -> 0 | AH54: 1 | AI54: =AH54*AG54 -> 0 | AJ54: In-State Emissions | AK54: 2050
A55: 17447 | B55: 2018 | C55: NM | D55: Clean Path Energy Center | E55: 60289 | F55: CPEC1 | G55: CC | H55: P | M55: NG | AG55: =T55/1.102 -> 0 | AH55: 1 | AI55: =AH55*AG55 -> 0 | AJ55: In-State Emissions | AK55: 2050
A56: 17448 | B56: 2018 | C56: NM | D56: Clean Path Energy Center | E56: 60289 | F56: PVGEN | G56: PV | H56: P | M56: SUN | AG56: =T56/1.102 -> 0 | AH56: 1 | AI56: =AH56*AG56 -> 0 | AJ56: In-State Emissions | AK56: 2050
A57: 17449 | B57: 2018 | C57: NM | D57: CNMEC Solar Energy Center | E57: 62191 | F57: CNMEC | G57: PV | H57: OP | M57: SUN | O57: 10997 | P57: 0 | V57: EIA Prime Mover-level Data | W57: EIA Prime Mover-level Data | AG57: =T57/1.102 -> 0 | AH57: 1 | AI57: =AH57*AG57 -> 0 | AJ57: In-State Emissions | AK57: 2050
A58: 17450 | B58: 2018 | C58: NM | D58: Columbus Solar Project | E58: 61165 | F58: 88029 | G58: PV | H58: OP | M58: SUN | O58: 46867 | P58: 25019 | V58: EIA Prime Mover-level Data | W58: EIA Prime Mover-level Data | AG58: =T58/1.102 -> 0 | AH58: 1 | AI58: =AH58*AG58 -> 0 | AJ58: In-State Emissions | AK58: 2050
A59: 17451 | B59: 2018 | C59: NM | D59: Cunningham | E59: 2454 | F59: 121B | G59: ST | H59: OP | I59: Yes | J59: ARP | K59: TANGENTIAL | L59: 1 | M59: NG | N59: 6393 | O59: 3028527 | P59: 1237872 | Q59: 240.26 | R59: 98.42 | S59: 0.89 | T59: 179979.3 | V59: EPA/CAMD | W59: EPA/CAMD | X59: EPA/CAMD | Y59: EPA/CAMD | Z59: EPA/CAMD | AA59: EPA/CAMD | AD59: OFA | AF59: 1957 | AG59: =T59/1.102 -> 163320.6 | AH59: 1 | AI59: =AH59*AG59 -> 163320.6 | AJ59: In-State Emissions | AK59: 2025
A60: 17452 | B60: 2018 | C60: NM | D60: Cunningham | E60: 2454 | F60: 122B | G60: ST | H60: OP | I60: Yes | J60: ARP | K60: TANGENTIAL | L60: 1 | M60: NG | N60: 4903 | O60: 5407228 | P60: 3752182 | Q60: 396.75 | R60: 260.12 | S60: 1.62 | T60: 321342.8 | V60: EPA/CAMD | W60: EPA/CAMD | X60: EPA/CAMD | Y60: EPA/CAMD | Z60: EPA/CAMD | AA60: EPA/CAMD | AD60: OFA | AF60: 1965 | AG60: =T60/1.102 -> 291599.64 | AH60: 1 | AI60: =AH60*AG60 -> 291599.64 | AJ60: In-State Emissions | AK60: 2025
A61: 17453 | B61: 2018 | C61: NM | D61: Cunningham | E61: 2454 | F61: 123T | G61: GT | H61: OP | I61: Yes | J61: ARP | K61: CT | M61: NG | N61: 2220 | O61: 2215860 | P61: 1482203 | Q61: 74.42 | R61: 49.85 | S61: 0.64 | T61: 131684.3 | V61: EPA/CAMD | W61: EPA/CAMD | X61: EPA/CAMD | Y61: EPA/CAMD | Z61: EPA/CAMD | AA61: EPA/CAMD | AD61: DLNB | AF61: 1998 | AG61: =T61/1.102 -> 119495.74 | AH61: 1 | AI61: =AH61*AG61 -> 119495.74 | AJ61: In-State Emissions | AK61: 2040
A62: 17454 | B62: 2018 | C62: NM | D62: Cunningham | E62: 2454 | F62: 124T | G62: GT | H62: OP | I62: Yes | J62: ARP | K62: CT | M62: NG | N62: 4290 | O62: 4335950 | P62: 2656594 | Q62: 119.09 | R62: 69.59 | S62: 1.26 | T62: 257677.9 | V62: EPA/CAMD | W62: EPA/CAMD | X62: EPA/CAMD | Y62: EPA/CAMD | Z62: EPA/CAMD | AA62: EPA/CAMD | AD62: DLNB | AF62: 1998 | AG62: =T62/1.102 -> 233827.5 | AH62: 1 | AI62: =AH62*AG62 -> 233827.5 | AJ62: In-State Emissions | AK62: 2040
A63: 17455 | B63: 2018 | C63: NM | D63: Deming Solar Energy Center | E63: 57575 | F63: DSEC | G63: PV | H63: OP | M63: SUN | O63: 102127.22 | P63: 54518.889 | V63: EIA Prime Mover-level Data | W63: EIA Prime Mover-level Data | AG63: =T63/1.102 -> 0 | AH63: 1 | AI63: =AH63*AG63 -> 0 | AJ63: In-State Emissions | AK63: 2050
A64: 17456 | B64: 2018 | C64: NM | D64: Deming Solar Energy Center | E64: 57575 | F64: HON2 | G64: PV | H64: OP | M64: SUN | O64: 81701.778 | P64: 43615.111 | V64: EIA Prime Mover-level Data | W64: EIA Prime Mover-level Data | AG64: =T64/1.102 -> 0 | AH64: 1 | AI64: =AH64*AG64 -> 0 | AJ64: In-State Emissions | AK64: 2050
A65: 17457 | B65: 2018 | C65: NM | D65: Eddy County Generating Station | E65: 55252 | F65: 0001 | G65: GT | H65: IP | M65: NG | AG65: =T65/1.102 -> 0 | AH65: 1 | AI65: =AH65*AG65 -> 0 | AJ65: In-State Emissions | AK65: 2050
A66: 17458 | B66: 2018 | C66: NM | D66: El Cabo Wind | E66: 58098 | F66: 1 | G66: WT | H66: OP | M66: WND | O66: 9340754 | P66: 2972915 | V66: EIA Prime Mover-level Data | W66: EIA Prime Mover-level Data | AG66: =T66/1.102 -> 0 | AH66: 1 | AI66: =AH66*AG66 -> 0 | AJ66: In-State Emissions | AK66: 2050
A67: 17459 | B67: 2018 | C67: NM | D67: El Vado Dam | E67: 7593 | F67: 1 | G67: HY | H67: OP | M67: WAT | O67: 14570 | P67: 6606 | V67: EIA Prime Mover-level Data | W67: EIA Prime Mover-level Data | AG67: =T67/1.102 -> 0 | AH67: 1 | AI67: =AH67*AG67 -> 0 | AJ67: In-State Emissions | AK67: 2050
A68: 17460 | B68: 2018 | C68: NM | D68: Elephant Butte | E68: 6402 | F68: 1 | G68: HY | H68: OP | M68: WAT | O68: 120126.67 | P68: 54458.333 | V68: EIA Prime Mover-level Data | W68: EIA Prime Mover-level Data | AG68: =T68/1.102 -> 0 | AH68: 1 | AI68: =AH68*AG68 -> 0 | AJ68: In-State Emissions | AK68: 2050
A69: 17461 | B69: 2018 | C69: NM | D69: Elephant Butte | E69: 6402 | F69: 2 | G69: HY | H69: OP | M69: WAT | O69: 120126.67 | P69: 54458.333 | V69: EIA Prime Mover-level Data | W69: EIA Prime Mover-level Data | AG69: =T69/1.102 -> 0 | AH69: 1 | AI69: =AH69*AG69 -> 0 | AJ69: In-State Emissions | AK69: 2050
A70: 17462 | B70: 2018 | C70: NM | D70: Elephant Butte | E70: 6402 | F70: 3 | G70: HY | H70: OP | M70: WAT | O70: 120126.67 | P70: 54458.333 | V70: EIA Prime Mover-level Data | W70: EIA Prime Mover-level Data | AG70: =T70/1.102 -> 0 | AH70: 1 | AI70: =AH70*AG70 -> 0 | AJ70: In-State Emissions | AK70: 2050
A71: 17463 | B71: 2018 | C71: NM | D71: Escalante | E71: 87 | F71: 1 | G71: ST | H71: OP | I71: Yes | J71: ARP,MATS | K71: TANGENTIAL | L71: 1 | M71: SUB | N71: 8373 | O71: 14006095 | P71: 5497164 | Q71: 2442.01 | R71: 942.49 | S71: 880.19 | T71: 1468953.6 | U71: 8.85 | V71: EPA/CAMD | W71: EPA/CAMD | X71: EPA/CAMD | Y71: EPA/CAMD | Z71: EPA/CAMD | AA71: EPA/CAMD | AB71: EPA/CAMD | AC71: WLS | AD71: O | AF71: 1984 | AG71: =T71/1.102 -> 1332988.7 | AH71: 1 | AI71: =AH71*AG71 -> 1332988.7 | AJ71: In-State Emissions | AK71: 2020
A72: 17464 | B72: 2018 | C72: NM | D72: Eubank Landfill Solar Array | E72: 59393 | F72: ESNM1 | G72: PV | H72: OP | M72: SUN | O72: 22968 | P72: 12261 | V72: EIA Prime Mover-level Data | W72: EIA Prime Mover-level Data | AG72: =T72/1.102 -> 0 | AH72: 1 | AI72: =AH72*AG72 -> 0 | AJ72: In-State Emissions | AK72: 2050
A73: 17465 | B73: 2018 | C73: NM | D73: Facebook 1 Solar Energy Center | E73: 61556 | F73: FB1 | G73: PV | H73: OP | M73: SUN | O73: 242110 | P73: 129248 | V73: EIA Prime Mover-level Data | W73: EIA Prime Mover-level Data | AG73: =T73/1.102 -> 0 | AH73: 1 | AI73: =AH73*AG73 -> 0 | AJ73: In-State Emissions | AK73: 2050
A74: 17466 | B74: 2018 | C74: NM | D74: Facebook 2 Solar Energy Center | E74: 61557 | F74: FB2 | G74: PV | H74: OP | M74: SUN | O74: 227485 | P74: 128084 | V74: EIA Prime Mover-level Data | W74: EIA Prime Mover-level Data | AG74: =T74/1.102 -> 0 | AH74: 1 | AI74: =AH74*AG74 -> 0 | AJ74: In-State Emissions | AK74: 2050
A75: 17467 | B75: 2018 | C75: NM | D75: Facebook 3 Solar Energy Center | E75: 61558 | F75: FB3 | G75: PV | H75: OP | M75: SUN | O75: 208529 | P75: 137734 | V75: EIA Prime Mover-level Data | W75: EIA Prime Mover-level Data | AG75: =T75/1.102 -> 0 | AH75: 1 | AI75: =AH75*AG75 -> 0 | AJ75: In-State Emissions | AK75: 2050
A76: 17468 | B76: 2018 | C76: NM | D76: Ford Utilities Center | E76: 50906 | F76: 2 | G76: ST | H76: RE | M76: NG | AG76: =T76/1.102 -> 0 | AH76: 1 | AI76: =AH76*AG76 -> 0 | AJ76: In-State Emissions | AK76: 2050
A77: 17469 | B77: 2018 | C77: NM | D77: Ford Utilities Center | E77: 50906 | F77: 3 | G77: GT | H77: OP | M77: NG | O77: 413613.14 | P77: 203571.75 | Q77: 63.879 | R77: 31.44 | S77: 0.661 | T77: 24173.425 | V77: EIA Prime Mover-level Data | W77: EIA Prime Mover-level Data | X77: Estimated using emissions factor | Y77: Estimated using emissions factor | Z77: Estimated using emissions factor | AA77: Estimated using emissions factor | AG77: =T77/1.102 -> 21935.957 | AH77: 1 | AI77: =AH77*AG77 -> 21935.957 | AJ77: In-State Emissions | AK77: 2050
A78: 17470 | B78: 2018 | C78: NM | D78: Ford Utilities Center | E78: 50906 | F78: 4 | G78: ST | H78: OP | M78: NG | O78: 0 | P78: 0 | Q78: 0 | R78: 0 | S78: 0 | T78: 0 | V78: EIA Prime Mover-level Data | W78: EIA Prime Mover-level Data | X78: Estimated using emissions factor | Y78: Estimated using emissions factor | Z78: Estimated using emissions factor | AA78: Estimated using emissions factor | AG78: =T78/1.102 -> 0 | AH78: 1 | AI78: =AH78*AG78 -> 0 | AJ78: In-State Emissions | AK78: 2050
A79: 17471 | B79: 2018 | C79: NM | D79: Ford Utilities Center | E79: 50906 | F79: 5 | G79: GT | H79: OP | M79: NG | O79: 395886.86 | P79: 194847.25 | Q79: 61.141 | R79: 30.092 | S79: 0.6326 | T79: 23137.421 | V79: EIA Prime Mover-level Data | W79: EIA Prime Mover-level Data | X79: Estimated using emissions factor | Y79: Estimated using emissions factor | Z79: Estimated using emissions factor | AA79: Estimated using emissions factor | AG79: =T79/1.102 -> 20995.845 | AH79: 1 | AI79: =AH79*AG79 -> 20995.845 | AJ79: In-State Emissions | AK79: 2050
A80: 17474 | B80: 2018 | C80: NM | D80: Four Peaks Camino Real | E80: 60696 | F80: 1 | G80: IC | H80: OP | M80: LFG | O80: 31840.5 | P80: 13092 | Q80: 30.455 | R80: 12.522 | S80: 0.7164 | T80: 2021.865 | V80: EIA Prime Mover-level Data | W80: EIA Prime Mover-level Data | X80: Estimated using emissions factor | Y80: Estimated using emissions factor | Z80: Estimated using emissions factor | AA80: Estimated using emissions factor | AG80: =T80/1.102 -> 1834.7232 | AH80: 0 | AI80: =AH80*AG80 -> 0 | AJ80: In-State Emissions | AK80: 2050
A81: 17475 | B81: 2018 | C81: NM | D81: Four Peaks Camino Real | E81: 60696 | F81: 2 | G81: IC | H81: OP | M81: LFG | O81: 31840.5 | P81: 13092 | Q81: 30.455 | R81: 12.522 | S81: 0.7164 | T81: 2021.865 | V81: EIA Prime Mover-level Data | W81: EIA Prime Mover-level Data | X81: Estimated using emissions factor | Y81: Estimated using emissions factor | Z81: Estimated using emissions factor | AA81: Estimated using emissions factor | AG81: =T81/1.102 -> 1834.7232 | AH81: 0 | AI81: =AH81*AG81 -> 0 | AJ81: In-State Emissions | AK81: 2050
A82: 17476 | B82: 2018 | C82: NM | D82: Freeport McMoRan | E82: 54734 | F82: 1 | G82: IC | H82: SB | M82: DFO | AG82: =T82/1.102 -> 0 | AH82: 1 | AI82: =AH82*AG82 -> 0 | AJ82: In-State Emissions | AK82: 2050
A83: 17477 | B83: 2018 | C83: NM | D83: Freeport McMoRan | E83: 54734 | F83: 10 | G83: IC | H83: RE | M83: DFO | AG83: =T83/1.102 -> 0 | AH83: 1 | AI83: =AH83*AG83 -> 0 | AJ83: In-State Emissions | AK83: 2050
A84: 17478 | B84: 2018 | C84: NM | D84: Freeport McMoRan | E84: 54734 | F84: 11 | G84: IC | H84: SB | M84: DFO | AG84: =T84/1.102 -> 0 | AH84: 1 | AI84: =AH84*AG84 -> 0 | AJ84: In-State Emissions | AK84: 2050
A85: 17479 | B85: 2018 | C85: NM | D85: Freeport McMoRan | E85: 54734 | F85: 12 | G85: IC | H85: SB | M85: DFO | AG85: =T85/1.102 -> 0 | AH85: 1 | AI85: =AH85*AG85 -> 0 | AJ85: In-State Emissions | AK85: 2050
A86: 17480 | B86: 2018 | C86: NM | D86: Freeport McMoRan | E86: 54734 | F86: 13 | G86: IC | H86: SB | M86: DFO | AG86: =T86/1.102 -> 0 | AH86: 1 | AI86: =AH86*AG86 -> 0 | AJ86: In-State Emissions | AK86: 2050
A87: 17481 | B87: 2018 | C87: NM | D87: Freeport McMoRan | E87: 54734 | F87: 14 | G87: IC | H87: SB | M87: DFO | AG87: =T87/1.102 -> 0 | AH87: 1 | AI87: =AH87*AG87 -> 0 | AJ87: In-State Emissions | AK87: 2050
A88: 17482 | B88: 2018 | C88: NM | D88: Freeport McMoRan | E88: 54734 | F88: 15 | G88: IC | H88: SB | M88: DFO | AG88: =T88/1.102 -> 0 | AH88: 1 | AI88: =AH88*AG88 -> 0 | AJ88: In-State Emissions | AK88: 2050
A89: 17483 | B89: 2018 | C89: NM | D89: Freeport McMoRan | E89: 54734 | F89: 2 | G89: IC | H89: RE | M89: DFO | AG89: =T89/1.102 -> 0 | AH89: 1 | AI89: =AH89*AG89 -> 0 | AJ89: In-State Emissions | AK89: 2050
A90: 17484 | B90: 2018 | C90: NM | D90: Freeport McMoRan | E90: 54734 | F90: 3 | G90: IC | H90: SB | M90: DFO | AG90: =T90/1.102 -> 0 | AH90: 1 | AI90: =AH90*AG90 -> 0 | AJ90: In-State Emissions | AK90: 2050
A91: 17485 | B91: 2018 | C91: NM | D91: Freeport McMoRan | E91: 54734 | F91: 4 | G91: IC | H91: SB | M91: DFO | AG91: =T91/1.102 -> 0 | AH91: 1 | AI91: =AH91*AG91 -> 0 | AJ91: In-State Emissions | AK91: 2050
A92: 17486 | B92: 2018 | C92: NM | D92: Freeport McMoRan | E92: 54734 | F92: 5 | G92: IC | H92: RE | M92: DFO | AG92: =T92/1.102 -> 0 | AH92: 1 | AI92: =AH92*AG92 -> 0 | AJ92: In-State Emissions | AK92: 2050
A93: 17487 | B93: 2018 | C93: NM | D93: Freeport McMoRan | E93: 54734 | F93: 6 | G93: IC | H93: RE | M93: DFO | AG93: =T93/1.102 -> 0 | AH93: 1 | AI93: =AH93*AG93 -> 0 | AJ93: In-State Emissions | AK93: 2050
... A103: 17497 | B103: 2018 | C103: NM | D103: Grady Wind Energy Center, LLC | E103: 60317 | F103: 1 | G103: WT | H103: V | M103: WND | AG103: =T103/1.102 -> 0 | AH103: 1 | AI103: =AH103*AG103 -> 0 | AJ103: In-State Emissions | AK103: 2050
A104: 17498 | B104: 2018 | C104: NM | D104: GSE NM1 | E104: 58576 | F104: NMP1 | G104: PV | H104: OP | M104: SUN | O104: 42018 | P104: 22430 | V104: EIA Prime Mover-level Data | W104: EIA Prime Mover-level Data | AG104: =T104/1.102 -> 0 | AH104: 1 | AI104: =AH104*AG104 -> 0 | AJ104: In-State Emissions | AK104: 2050
A105: 17499 | B105: 2018 | C105: NM | D105: Hatch Solar Energy Center I, LLC | E105: 57591 | F105: 1 | G105: PV | H105: OP | M105: SUN | O105: 100407 | P105: 53600 | V105: EIA Prime Mover-level Data | W105: EIA Prime Mover-level Data | AG105: =T105/1.102 -> 0 | AH105: 1 | AI105: =AH105*AG105 -> 0 | AJ105: In-State Emissions | AK105: 2050
A106: 17500 | B106: 2018 | C106: NM | D106: High Lonesome Mesa LLC | E106: 56945 | F106: 1 | G106: WT | H106: OP | M106: WND | O106: 2432463 | P106: 858831 | V106: EIA Prime Mover-level Data | W106: EIA Prime Mover-level Data | AG106: =T106/1.102 -> 0 | AH106: 1 | AI106: =AH106*AG106 -> 0 | AJ106: In-State Emissions | AK106: 2050
A107: 17501 | B107: 2018 | C107: NM | D107: Hobbs Generating Station | E107: 56458 | F107: HOBB1 | G107: CT | H107: OP | I107: Yes | J107: ARP | K107: CC | M107: NG | N107: 8326 | O107: 16132255 | P107: 6976615 | Q107: 50.68 | R107: 21.68 | S107: 2.24 | T107: 958717.6 | V107: EPA/CAMD | W107: EPA/CAMD | X107: EPA/CAMD | Y107: EPA/CAMD | Z107: EPA/CAMD | AA107: EPA/CAMD | AD107: DLNB,SCR | AF107: 2008 | AG107: =T107/1.102 -> 869979.67 | AH107: 1 | AI107: =AH107*AG107 -> 869979.67 | AJ107: In-State Emissions | AK107: 2050
A108: 17502 | B108: 2018 | C108: NM | D108: Hobbs Generating Station | E108: 56458 | F108: HOBB2 | G108: CT | H108: OP | I108: Yes | J108: ARP | K108: CC | M108: NG | N108: 8262 | O108: 15537557 | P108: 6739773 | Q108: 50.1 | R108: 21.59 | S108: 2.16 | T108: 923376.4 | V108: EPA/CAMD | W108: EPA/CAMD | X108: EPA/CAMD | Y108: EPA/CAMD | Z108: EPA/CAMD | AA108: EPA/CAMD | AD108: DLNB,SCR | AF108: 2008 | AG108: =T108/1.102 -> 837909.62 | AH108: 1 | AI108: =AH108*AG108 -> 837909.62 | AJ108: In-State Emissions | AK108: 2050
A109: 17503 | B109: 2018 | C109: NM | D109: Holloman Solar Facility | E109: 60301 | F109: HPV1 | G109: PV | H109: OP | M109: SUN | O109: 18008 | P109: 0 | V109: EIA Prime Mover-level Data | W109: EIA Prime Mover-level Data | AG109: =T109/1.102 -> 0 | AH109: 1 | AI109: =AH109*AG109 -> 0 | AJ109: In-State Emissions | AK109: 2050
A110: 17504 | B110: 2018 | C110: NM | D110: Kit Carson | E110: 58240 | F110: PV_KC | G110: PV | H110: OP | M110: SUN | O110: 27954 | P110: 14923 | V110: EIA Prime Mover-level Data | W110: EIA Prime Mover-level Data | AG110: =T110/1.102 -> 0 | AH110: 1 | AI110: =AH110*AG110 -> 0 | AJ110: In-State Emissions | AK110: 2050
...

Sheet 2005 Ownership (EIA)
B2: Ownership Summary
B3: Plant Name | C3: Generator ID | D3: NM Utility Share | E3: Notes
B4: Four Corners | C4: 1 | D4: 0
B5: Four Corners | C5: 2 | D5: 0
B6: Four Corners | C6: 3 | D6: 0
B7: Four Corners | C7: 4 | D7: 0.13
B8: Four Corners | C8: 5 | D8: 0.13
B9: Palo Verde | C9: 1 | D9: 0.102
B10: Palo Verde | C10: 2 | D10: 0.102
B11: Palo Verde | C11: 3 | D11: 0.102
B12: San Juan | C12: 1 | D12: 0.5 | E12: 54% NM Utility Share when weighting by generator nameplate capacity
B13: San Juan | C13: 2 | D13: 0.5
B14: San Juan | C14: 3 | D14: 0.582
B15: San Juan | C15: 4 | D15: 0.5416
A20: YEAR | B20: UTILCODE | C20: PLNTCODE | D20: GENCODE | E20: OWNER_N | F20: OWNERSHIP | G20: PERCENT_OW | H20: PLNTNAME | I20: CNTYNAME | J20: STATE
A21: 2005 | B21: 803 | C21: 2442 | D21: 4 | E21: El Paso Electric Co | F21: 5701 | G21: 7 | H21: Four Corners | I21: San Juan | J21: NM
A22: 2005 | B22: 803 | C22: 2442 | D22: 4 | E22: Southern California Edison Co | F22: 17609 | G22: 48 | H22: Four Corners | I22: San Juan | J22: NM
A23: 2005 | B23: 803 | C23: 2442 | D23: 4 | E23: Arizona Public Service Co | F23: 803 | G23: 15 | H23: Four Corners | I23: San Juan | J23: NM
A24: 2005 | B24: 803 | C24: 2442 | D24: 4 | E24: Public Service Co of NM | F24: 15473 | G24: 13 | H24: Four Corners | I24: San Juan | J24: NM
A25: 2005 | B25: 803 | C25: 2442 | D25: 4 | E25: Salt River Proj Ag I & P Dist | F25: 16572 | G25: 10 | H25: Four Corners | I25: San Juan | J25: NM
A26: 2005 | B26: 803 | C26: 2442 | D26: 4 | E26: Tucson Electric Power Co | F26: 24211 | G26: 7 | H26: Four Corners | I26: San Juan | J26: NM
A27: 2005 | B27: 803 | C27: 2442 | D27: 5 | E27: Public Service Co of NM | F27: 15473 | G27: 13 | H27: Four Corners | I27: San Juan | J27: NM
A28: 2005 | B28: 803 | C28: 2442 | D28: 5 | E28: Tucson Electric Power Co | F28: 24211 | G28: 7 | H28: Four Corners | I28: San Juan | J28: NM
A29: 2005 | B29: 803 | C29: 2442 | D29: 5 | E29: Arizona Public Service Co | F29: 803 | G29: 15 | H29: Four Corners | I29: San Juan | J29: NM
A30: 2005 | B30: 803 | C30: 2442 | D30: 5 | E30: El Paso Electric Co | F30: 5701 | G30: 7 | H30: Four Corners | I30: San Juan | J30: NM
A31: 2005 | B31: 803 | C31: 2442 | D31: 5 | E31: Salt River Proj Ag I & P Dist | F31: 16572 | G31: 10 | H31: Four Corners | I31: San Juan | J31: NM
A32: 2005 | B32: 803 | C32: 2442 | D32: 5 | E32: Southern California Edison Co | F32: 17609 | G32: 48 | H32: Four Corners | I32: San Juan | J32: NM
... A70: 2005 | B70: 15473 | C70: 2451 | D70: 4 | E70: Utah Associated Mun Power Sys | F70: 40575 | G70: 7.09 | H70: San Juan | I70: San Juan | J70: NM

Sheet 2018 Ownership (EIA)
B2: Ownership Summary
B3: Plant Name | C3: Generator ID | D3: NM Utility Share | E3: Notes
B4: Four Corners | C4: 4 | D4: 0.13
B5: Four Corners | C5: 5 | D5: 0.13
B6: Springerville | C6: 3 | D6: 0.75
B7: Palo Verde | C7: 1 | D7: 0.102
B8: Palo Verde | C8: 2 | D8: 0.102
B9: Palo Verde | C9: 3 | D9: 0.102
B10: San Juan | C10: 1 | D10: 0.5 | E10: 65% NM Utility Share when weighting by generator nameplate capacity
B11: San Juan | C11: 2 | D11: 0.5
B12: San Juan | C12: 3 | D12: 0.582
B13: San Juan | C13: 4 | D13: 0.9297
A16: 2018 Form EIA-860 Data - Schedule 4, 'Generator Ownership' (Jointly or Third-Party Owned Only)
A17: Utility ID | B17: Utility Name | C17: Plant Code | D17: Plant Name | E17: State | F17: Generator ID | G17: Status | H17: Owner Name | I17: Owner Street Address | J17: Owner City | K17: Owner State | L17: Owner Zip | M17: Ownership ID | N17: Percent Owned | O17: Notes
A18: 803 | B18: Arizona Public Service Co | C18: 2442 | D18: Four Corners | E18: NM | F18: 4 | G18: OP | H18: Arizona Public Service Co | I18: P O Box 53999M S # 9997 | J18: Phoenix | K18: AZ | L18: 85072 | M18: 803 | N18: 0.63
A19: 803 | B19: Arizona Public Service Co | C19: 2442 | D19: Four Corners | E19: NM | F19: 4 | G19: OP | H19: Public Service Co of NM | I19: MS 2730414 Silver S.W. AS-7 | J19: Albuquerque | K19: NM | L19: 87102 | M19: 15473 | N19: 0.13
A20: 803 | B20: Arizona Public Service Co | C20: 2442 | D20: Four Corners | E20: NM | F20: 4 | G20: OP | H20: Salt River Project | I20: P O Box 52025 | J20: Phoenix | K20: AZ | L20: 85072 | M20: 16572 | N20: 0.1
A21: 803 | B21: Arizona Public Service Co | C21: 2442 | D21: Four Corners | E21: NM | F21: 4 | G21: OP | H21: Tucson Electric Power Co | I21: 88 East Broadway | J21: Tucson | K21: AZ | L21: 85701 | M21: 24211 | N21: 0.07
A22: 803 | B22: Arizona Public Service Co | C22: 2442 | D22: Four Corners | E22: NM | F22: 4 | G22: OP | H22: 4C Acquisition, LLC | I22: 400 East Van Buren Street, Suite 350 | J22: Phoenix | K22: AZ | L22: 85004 | M22: 60769 | N22: 0.07
A23: 803 | B23: Arizona Public Service Co | C23: 2442 | D23: Four Corners | E23: NM | F23: 5 | G23: OP | H23: Arizona Public Service Co | I23: P O Box 53999M S # 9997 | J23: Phoenix | K23: AZ | L23: 85072 | M23: 803 | N23: 0.63
A24: 803 | B24: Arizona Public Service Co | C24: 2442 | D24: Four Corners | E24: NM | F24: 5 | G24: OP | H24: El Paso Electric Co | I24: P O Box 982 | J24: El Paso | K24: TX | L24: 79960 | M24: 5701 | N24: 0.07
A25: 803 | B25: Arizona Public Service Co | C25: 2442 | D25: Four Corners | E25: NM | F25: 5 | G25: OP | H25: Public Service Co of NM | I25: MS 2730414 Silver S.W. AS-7 | J25: Albuquerque | K25: NM | L25: 87102 | M25: 15473 | N25: 0.13
A26: 803 | B26: Arizona Public Service Co | C26: 2442 | D26: Four Corners | E26: NM | F26: 5 | G26: OP | H26: Salt River Project | I26: P O Box 52025 | J26: Phoenix | K26: AZ | L26: 85072 | M26: 16572 | N26: 0.1
A27: 803 | B27: Arizona Public Service Co | C27: 2442 | D27: Four Corners | E27: NM | F27: 5 | G27: OP | H27: Tucson Electric Power Co | I27: 88 East Broadway | J27: Tucson | K27: AZ | L27: 85701 | M27: 24211 | N27: 0.07
A28: 24211 | B28: Tucson Electric Power Co | C28: 8223 | D28: Springerville | E28: AZ | F28: 3 | G28: OP | H28: Springerville Unit 3 Holding LLC | I28: 3800 N. Central Ave., Suite 460 | J28: Phoenix | K28: AZ | L28: 85012 | M28: 59957 | N28: 1 | O28: Tri-State owns 100% of Springerville Unit 3, sells ~25% to SRP
A29: 24211 | B29: Tucson Electric Power Co | C29: 8223 | D29: Springerville | E29: AZ | F29: 4 | G29: OP | H29: Salt River Project | I29: P O Box 52025 | J29: Phoenix | K29: AZ | L29: 85072 | M29: 16572 | N29: 1
A30: 803 | B30: Arizona Public Service Co | C30: 6008 | D30: Palo Verde | E30: AZ | F30: 1 | G30: OP | H30: Arizona Public Service Co | I30: P O Box 53999M S # 9997 | J30: Phoenix | K30: AZ | L30: 85072 | M30: 803 | N30: 0.291
A31: 803 | B31: Arizona Public Service Co | C31: 6008 | D31: Palo Verde | E31: AZ | F31: 1 | G31: OP | H31: El Paso Electric Co | I31: P O Box 982 | J31: El Paso | K31: TX | L31: 79960 | M31: 5701 | N31: 0.158
A32: 803 | B32: Arizona Public Service Co | C32: 6008 | D32: Palo Verde | E32: AZ | F32: 1 | G32: OP | H32: Los Angeles Department of Water & Power | I32: P O Box 51111, JFB Rm 445 | J32: Los Angeles | K32: CA | L32: 90051 | M32: 11208 | N32: 0.057
A33: 803 | B33: Arizona Public Service Co | C33: 6008 | D33: Palo Verde | E33: AZ | F33: 1 | G33: OP | H33: Public Service Co of NM | I33: MS 2730414 Silver S.W. AS-7 | J33: Albuquerque | K33: NM | L33: 87102 | M33: 15473 | N33: 0.102
A34: 803 | B34: Arizona Public Service Co | C34: 6008 | D34: Palo Verde | E34: AZ | F34: 1 | G34: OP | H34: Salt River Project | I34: P O Box 52025 | J34: Phoenix | K34: AZ | L34: 85072 | M34: 16572 | N34: 0.1749
A35: 803 | B35: Arizona Public Service Co | C35: 6008 | D35: Palo Verde | E35: AZ | F35: 1 | G35: OP | H35: Southern California P P A | I35: 1160 Nicole Court | J35: Glendora | K35: CA | L35: 91740 | M35: 17513 | N35: 0.0591
A36: 803 | B36: Arizona Public Service Co | C36: 6008 | D36: Palo Verde | E36: AZ | F36: 1 | G36: OP | H36: Southern California Edison Co | I36: 2244 Walnut Grove Avenue | J36: Rosemead | K36: CA | L36: 91770 | M36: 17609 | N36: 0.158
A37: 803 | B37: Arizona Public Service Co | C37: 6008 | D37: Palo Verde | E37: AZ | F37: 2 | G37: OP | H37: Arizona Public Service Co | I37: P O Box 53999M S # 9997 | J37: Phoenix | K37: AZ | L37: 85072 | M37: 803 | N37: 0.291
A38: 803 | B38: Arizona Public Service Co | C38: 6008 | D38: Palo Verde | E38: AZ | F38: 2 | G38: OP | H38: El Paso Electric Co | I38: P O Box 982 | J38: El Paso | K38: TX | L38: 79960 | M38: 5701 | N38: 0.158
A39: 803 | B39: Arizona Public Service Co | C39: 6008 | D39: Palo Verde | E39: AZ | F39: 2 | G39: OP | H39: Los Angeles Department of Water & Power | I39: P O Box 51111, JFB Rm 445 | J39: Los Angeles | K39: CA | L39: 90051 | M39: 11208 | N39: 0.057
A40: 803 | B40: Arizona Public Service Co | C40: 6008 | D40: Palo Verde | E40: AZ | F40: 2 | G40: OP | H40: Public Service Co of NM | I40: MS 2730414 Silver S.W. AS-7 | J40: Albuquerque | K40: NM | L40: 87102 | M40: 15473 | N40: 0.102
... A65: 15473 | B65: Public Service Co of NM | C65: 2451 | D65: San Juan | E65: NM | F65: 4 | G65: OP | H65: Utah Associated Mun Power Sys | I65: 155 North 400 West | J65: Salt Lake City | K65: UT | L65: 84103 | M65: 40575 | N65: 0.0703

Sheet 2005 Retail Sales (EIA)
A1: Table 10. Class of Ownership, Number of Bundled Ultimate Consumers, Revenue, Sales, and
A2: Average Retail Price for All Sectors by State, Utility, 2005
G4: Average Retail
C5: Class of | D5: Number of | E5: Revenue | F5: Sales | G5: Price
A6: Electric Utility | B6: State | C6: Ownership | D6: Consumers | E6: (thousand dollars) | F6: (megawatthours) | G6: (cents/kWh) | H6: Data Type
A7: Aztec City of | B7: NM | C7: Public | D7: 2930 | E7: 3917 | F7: 40107 | G7: 9.7663749 | H7: O
A8: Central New Mexico El Coop, Inc | B8: NM | C8: Cooperative | D8: 16600 | E8: 22831 | F8: 220248 | G8: 10.366042 | H8: O
A9: Central Valley Elec Coop, Inc | B9: NM | C9: Cooperative | D9: 11622 | E9: 48061 | F9: 716672 | G9: 6.7061361 | H9: O
A10: City of Farmington | B10: NM | C10: Public | D10: 41168 | E10: 84413 | F10: 1183733 | G10: 7.1310845 | H10: O
A11: City of Gallup | B11: NM | C11: Public | D11: 10293 | E11: 17409 | F11: 214520 | G11: 8.1153272 | H11: O
A12: City of Truth or Consequences | B12: NM | C12: Public | D12: 3982 | E12: 4227 | F12: 41557 | G12: 10.171572 | H12: O
A13: Columbus Electric Coop, Inc | B13: NM | C13: Cooperative | D13: 4272 | E13: 7575 | F13: 74646 | G13: 10.147898 | H13: O
A14: Continental Divide El Coop Inc | B14: NM | C14: Cooperative | D14: 23047 | E14: 31792 | F14: 469959 | G14: 6.7648454 | H14: O
A15: Duncan Valley Elec Coop, Inc | B15: NM | C15: Cooperative | D15: 347 | E15: 334 | F15: 3231 | G15: 10.337357 | H15: O
A16: El Paso Electric Company | B16: NM | C16: Investor Owned | D16: 81237 | E16: 153071 | F16: 1503364 | G16: 10.181899 | H16: O
A17: Farmers' Electric Coop, Inc | B17: NM | C17: Cooperative | D17: 12013 | E17: 23243 | F17: 256414 | G17: 9.0646377 | H17: O
A18: Jemez Mountains Elec Coop, Inc | B18: NM | C18: Cooperative | D18: 30197 | E18: 30365 | F18: 301805 | G18: 10.061132 | H18: O
... A40: Western Area Power Administration | B40: NM | C40: Federal | D40: 29 | E40: 4280 | F40: 185337 | G40: 2.3093068 | H40: O

Sheet 2018 Retail Sales (EIA)
A1: 2018 Utility Bundled Retail Sales- Total
A2: (Data from forms EIA-861- schedules 4A & 4D and EIA-861S)
A3: Entity | B3: State | C3: Ownership | D3: Customers (Count) | E3: Sales (Megawatthours) | F3: Revenues (Thousands Dollars) | G3: Average Price (cents/kWh) | H3: Notes
A4: Public Service Co of NM | B4: NM | C4: Investor Owned | D4: 526346 | E4: 8853054 | F4: 950913 | G4: 10.741073
A5: Southwestern Public Service Co | B5: NM | C5: Investor Owned | D5: 121604 | E5: 6181142 | F5: 408118.6 | G5: 6.6026407
A6: El Paso Electric Co | B6: NM | C6: Investor Owned | D6: 98984 | E6: 1682520 | F6: 174161 | G6: 10.351199
A7: City of Farmington - (NM) | B7: NM | C7: Municipal | D7: 44828 | E7: 1008610 | F7: 89006.2 | G7: 8.8246399
A8: Central Valley Elec Coop, Inc | B8: NM | C8: Cooperative | D8: 15356 | E8: 849924 | F8: 64060.4 | G8: 7.5371916
A9: Lea County Electric Coop, Inc | B9: NM | C9: Cooperative | D9: 11595 | E9: 828285 | F9: 58841 | G9: 7.1039558
A10: Continental Divide El Coop Inc | B10: NM | C10: Cooperative | D10: 24130 | E10: 671174 | F10: 59858 | G10: 8.9184027 | H10: Tri-State member
A11: Los Alamos County | B11: NM | C11: Municipal | D11: 8545 | E11: 578951 | F11: 40602 | G11: 7.0130287
A12: Southwestern Electric Coop Inc - (NM) | B12: NM | C12: Cooperative | D12: 2281 | E12: 428416 | F12: 35660.1 | G12: 8.3237087 | H12: Tri-State member
A13: Jemez Mountains Elec Coop, Inc | B13: NM | C13: Cooperative | D13: 31026 | E13: 384389 | F13: 50412 | G13: 13.114839 | H13: Tri-State member
A14: Farmers Electric Coop, Inc - (NM) | B14: NM | C14: Cooperative | D14: 13169 | E14: 381511 | F14: 37131 | G14: 9.7326158
A15: Kit Carson Electric Coop, Inc | B15: NM | C15: Cooperative | D15: 28984 | E15: 263931 | F15: 44603 | G15: 16.899493
A16: Springer Electric Coop, Inc | B16: NM | C16: Cooperative | D16: 3042 | E16: 255680 | F16: 21174 | G16: 8.2814456 | H16: Tri-State member
A17: Central New Mexico El Coop, Inc | B17: NM | C17: Cooperative | D17: 17852 | E17: 222086 | F17: 35106 | G17: 15.80739 | H17: Tri-State member
A18: WAPA-- Western Area Power Administration | B18: NM | C18: Federal | D18: 5 | E18: 185484 | F18: 4976.8 | G18: 2.6831425
A19: City of Gallup - (NM) | B19: NM | C19: Municipal | D19: 9634 | E19: 184493 | F19: 21303.9 | G19: 11.547267
A20: Otero County Electric Coop Inc | B20: NM | C20: Cooperative | D20: 19486 | E20: 182872 | F20: 31624.9 | G20: 17.293462 | H20: Tri-State member
A21: Socorro Electric Coop, Inc | B21: NM | C21: Cooperative | D21: 12725 | E21: 178394 | F21: 25064 | G21: 14.0498 | H21: Tri-State member
A22: Adjustment 2018 | B22: NM | C22: Other | D22: 10500 | E22: 165718 | F22: 23398.2 | G22: .
A23: Roosevelt County Elec Coop Inc | B23: NM | C23: Cooperative | D23: 6010 | E23: 152798 | F23: 15878 | G23: 10.391497
A24: Navajo Tribal Utility Authority | B24: NM | C24: State | D24: 10657 | E24: 132551 | F24: 16560 | G24: 12.493304
A25: Columbus Electric Coop, Inc | B25: NM | C25: Cooperative | D25: 4634 | E25: 91916 | F25: 13488.3 | G25: 14.674594 | H25: Tri-State member
A26: Mora-San Miguel Elec Coop | B26: NM | C26: Cooperative | D26: 11069 | E26: 70666 | F26: 11936.7 | G26: 16.891716 | H26: Tri-State member
A27: Sierra Electric Coop, Inc | B27: NM | C27: Cooperative | D27: 4208 | E27: 39656 | F27: 7174 | G27: 18.090579 | H27: Tri-State member
A28: Vivint Solar, Inc. | B28: NM | C28: Behind the Meter | D28: 2277 | E28: 19955 | F28: 2144.7 | G28: 10.747682
A29: SolarCity Corporation | B29: NM | C29: Behind the Meter | D29: 1115 | E29: 13023 | F29: 1496.3 | G29: 11.489672
A30: Navopache Electric Coop, Inc | B30: NM | C30: Cooperative | D30: 1569 | E30: 10292 | F30: 1260 | G30: 12.242518
A31: Sunnova | B31: NM | C31: Behind the Meter | D31: 814 | E31: 8167 | F31: 1323.7 | G31: 16.20791
A32: Rio Grande Electric Coop, Inc | B32: NM | C32: Cooperative | D32: 318 | E32: 2674 | F32: 401.5 | G32: 15.014959
A33: Sunrun Inc. | B33: NM | C33: Behind the Meter | D33: 297 | E33: 1273 | F33: 200 | G33: 15.710919
A34: Tri-County Electric Coop, Inc | B34: NM | C34: Cooperative | D34: 7 | E34: 32 | F34: 7 | G34: 21.875
C36: IOU Share of Sales | D36: =SUMIFS($E$4:$E$34,$C$4:$C$34,"Investor Owned")/SUM($E$4:$E$34) -> 0.69567077

Sheet CO2FFC
A1: Summary of CO2 Emissions from Fossil Fuel Combustion in New Mexico (MMTCO2E)
R2: Base Year
B3: Emissions (MMTCO2 Eq.) | C3: 1990 | D3: 1991 | E3: 1992 | F3: 1993 | G3: 1994 | H3: 1995 | I3: 1996 | J3: 1997 | K3: 1998 | L3: 1999 | M3: 2000 | N3: 2001 | O3: 2002 | P3: 2003 | Q3: 2004 | R3: 2005 | S3: 2006 | T3: 2007 | U3: 2008 | V3: 2009 | W3: 2010 | X3: 2011 | Y3: 2012 | Z3: 2013 | AA3: 2014 | AB3: 2015 | AC3: 2016 | AD3: 2017 | AE3: 2018 | AF3: 2019 | AG3: 2020
B4: Residential | C4: 1.9700306 | D4: 1.9583492 | E4: 1.9964218 | F4: 1.950547 | G4: 1.8184676 | H4: 1.7567733 | I4: 2.0471924 | J4: 2.2365795 | K4: 2.2278439 | L4: 2.3213843 | M4: 2.3130188 | N4: 2.5786199 | O4: 2.3532092 | P4: 2.2003054 | Q4: 2.3009499 | R4: 2.2736824 | S4: 2.1340746 | T4: 2.2337331 | U4: 2.2840975 | V4: 2.198639 | W4: 2.2969933 | X4: 2.2112553 | Y4: 2.0652849 | Z4: 2.3248898 | AA4: 2.0792032 | AB4: 2.0952705 | AC4: 2.1027475 | AD4: 1.9048395 | AE4: 0 | AF4: 0 | AG4: 0
B5: Coal | C5: 0.0017727658 | D5: 0.0025204182 | E5: 0.0029944197 | F5: 0.0032783217 | G5: 0.002436504 | H5: 0.0018742339 | I5: 0.0017848313 | J5: 0.0015908867 | K5: 0.0023701211 | L5: 0.0016797889 | M5: 0.0015864673 | N5: 0.00093321607 | O5: 0.0010265377 | P5: 0.00093321607 | Q5: 0.00074657285 | R5: 0.00055992964 | S5: 0.00065325125 | T5: 0.00065325125 | U5: 0 | V5: 0 | W5: 0 | X5: 0 | Y5: 0 | Z5: 0 | AA5: 0 | AB5: 0 | AC5: 0 | AD5: 0 | AE5: 0 | AF5: 0 | AG5: 0
B6: Petroleum | C6: 0.39077618 | D6: 0.30980022 | E6: 0.25418128 | F6: 0.18632314 | G6: 0.17880965 | H6: 0.19763134 | I6: 0.19612563 | J6: 0.24840052 | K6: 0.36223837 | L6: 0.48044995 | M6: 0.46713751 | N6: 0.78310438 | O6: 0.62418421 | P6: 0.48347029 | Q6: 0.43176859 | R6: 0.46612533 | S6: 0.48415636 | T6: 0.41085594 | U6: 0.42998756 | V6: 0.43090241 | W6: 0.3879715 | X6: 0.35115015 | Y6: 0.30136826 | Z6: 0.35538539 | AA6: 0.30271259 | AB6: 0.27007547 | AC6: 0.29861532 | AD6: 0.2484121 | AE6: 0 | AF6: 0 | AG6: 0
B7: Natural Gas | C7: 1.5774816 | D7: 1.6460286 | E7: 1.7392461 | F7: 1.7609455 | G7: 1.6372215 | H7: 1.5572677 | I7: 1.849282 | J7: 1.9865881 | K7: 1.8632354 | L7: 1.8392546 | M7: 1.8442948 | N7: 1.7945823 | O7: 1.7279984 | P7: 1.7159019 | Q7: 1.8684348 | R7: 1.8069972 | S7: 1.6492649 | T7: 1.822224 | U7: 1.85411 | V7: 1.7677366 | W7: 1.9090218 | X7: 1.8601052 | Y7: 1.7639166 | Z7: 1.9695044 | AA7: 1.7764906 | AB7: 1.825195 | AC7: 1.8041322 | AD7: 1.6564274 | AE7: 0 | AF7: 0 | AG7: 0
B8: Other | C8: 0 | D8: 0 | E8: 0 | F8: 0 | G8: 0 | H8: 0 | I8: 0 | J8: 0 | K8: 0 | L8: 0 | M8: 0 | N8: 0 | O8: 0 | P8: 0 | Q8: 0 | R8: 0 | S8: 0 | T8: 0 | U8: 0 | V8: 0 | W8: 0 | X8: 0 | Y8: 0 | Z8: 0 | AA8: 0 | AB8: 0 | AC8: 0 | AD8: 0 | AE8: 0 | AF8: 0 | AG8: 0
B9: Commercial | C9: 1.6624256 | D9: 1.6653496 | E9: 1.7339632 | F9: 1.731974 | G9: 1.4671721 | H9: 1.4662395 | I9: 1.5935961 | J9: 1.6374789 | K9: 1.5836267 | L9: 1.6689548 | M9: 1.6328437 | N9: 1.76452 | O9: 1.7372101 | P9: 1.7741242 | Q9: 1.7085145 | R9: 1.6953252 | S9: 1.5452633 | T9: 1.5451861 | U9: 1.7366788 | V9: 1.5504963 | W9: 1.5608314 | X9: 1.545014 | Y9: 1.548315 | Z9: 1.6533893 | AA9: 1.632052 | AB9: 1.7047169 | AC9: 1.6903168 | AD9: 1.592238 | AE9: 0 | AF9: 0 | AG9: 0
B10: Coal | C10: 0.0069977597 | D10: 0.011388556 | E10: 0.01366204 | F10: 0.014892947 | G10: 0.014056754 | H10: 0.012557367 | I10: 0.012775635 | J10: 0.012633512 | K10: 0.018771359 | L10: 0.012411774 | M10: 0.012598417 | N10: 0.007839015 | O10: 0.0077456933 | P10: 0.006159226 | Q10: 0.0064391909 | R10: 0.0064391909 | S10: 0.0066258341 | T10: 0.0060659044 | U10: 0 | V10: 0 | W10: 0 | X10: 0 | Y10: 0 | Z10: 0 | AA10: 0 | AB10: 0 | AC10: 0 | AD10: 0 | AE10: 0 | AF10: 0 | AG10: 0
B11: Petroleum | C11: 0.32746343 | D11: 0.27193369 | E11: 0.17746435 | F11: 0.17424431 | G11: 0.12907699 | H11: 0.15818732 | I11: 0.12801789 | J11: 0.13840594 | K11: 0.15195007 | L11: 0.25424872 | M11: 0.23354907 | N11: 0.35544771 | O11: 0.41534734 | P11: 0.47936733 | Q11: 0.31686463 | R11: 0.37418534 | S11: 0.27041285 | T11: 0.18478746 | U11: 0.36319328 | V11: 0.20300773 | W11: 0.19864659 | X11: 0.18728583 | Y11: 0.19764308 | Z11: 0.18870243 | AA11: 0.22217082 | AB11: 0.32534225 | AC11: 0.30834246 | AD11: 0.28756471 | AE11: 0 | AF11: 0 | AG11: 0
B12: Natural Gas | C12: 1.3279644 | D12: 1.3820274 | E12: 1.5428368 | F12: 1.5428368 | G12: 1.3240383 | H12: 1.2954948 | I12: 1.4528026 | J12: 1.4864394 | K12: 1.4129053 | L12: 1.4022943 | M12: 1.3866962 | N12: 1.4012332 | O12: 1.3141171 | P12: 1.2885977 | Q12: 1.3852107 | R12: 1.3147007 | S12: 1.2682246 | T12: 1.3543327 | U12: 1.3734855 | V12: 1.3474886 | W12: 1.3621848 | X12: 1.3577282 | Y12: 1.3506719 | Z12: 1.4646869 | AA12: 1.4098812 | AB12: 1.3793746 | AC12: 1.3819743 | AD12: 1.3046733 | AE12: 0 | AF12: 0 | AG12: 0
B13: Other | C13: 0 | D13: 0 | E13: 0 | F13: 0 | G13: 0 | H13: 0 | I13: 0 | J13: 0 | K13: 0 | L13: 0 | M13: 0 | N13: 0 | O13: 0 | P13: 0 | Q13: 0 | R13: 0 | S13: 0 | T13: 0 | U13: 0 | V13: 0 | W13: 0 | X13: 0 | Y13: 0 | Z13: 0 | AA13: 0 | AB13: 0 | AC13: 0 | AD13: 0 | AE13: 0 | AF13: 0 | AG13: 0
B14: Industrial | C14: 7.0096957 | D14: 6.4589212 | E14: 6.7077589 | F14: 6.4657276 | G14: 6.5360422 | H14: 6.8626474 | I14: 8.0543624 | J14: 7.3101524 | K14: 6.4735923 | L14: 6.4737782 | M14: 7.7679428 | N14: 7.8223547 | O14: 7.1226568 | P14: 7.7315897 | Q14: 8.2014656 | R14: 7.8794991 | S14: 7.8520057 | T14: 8.5332435 | U14: 8.1363607 | V14: 7.4359902 | W14: 7.4760352 | X14: 7.7033897 | Y14: 7.7327765 | Z14: 7.5346315 | AA14: 7.9246911 | AB14: 7.7285227 | AC14: 7.7523397 | AD14: 8.055585 | AE14: 0 | AF14: 0 | AG14: 0
... B35: Other | C35: 0 | D35: 0 | E35: 0 | F35: 0 | G35: 0 | H35: 0 | I35: 0 | J35: 0 | K35: 0 | L35: 0 | M35: 0 | N35: 0 | O35: 0 | P35: 0 | Q35: 0 | R35: 0 | S35: 0 | T35: 0 | U35: 0 | V35: 0 | W35: 0 | X35: 0 | Y35: 0 | Z35: 0 | AA35: 0 | AB35: 0 | AC35: 0 | AD35: 0 | AE35: 0 | AF35: 0 | AG35: 0
I37: E3 Calculations
Q39: Share of Industrial Natural Gas Emissions from the Fossil Fuel Industry | R39: ='EIA NG Consumption'!$I$20 -> 0.75778922
Q40: Share of Petroleum Emissions from the Fossil Fuel Industry | R40: =SUM('2018 SEDS Benchmarking'!L100:L101)/CO2FFC!R16 -> 0.42976527

Sheet IndirectCO2
A1: Summary of Indirect CO2 Emissions from Electricity Consumption in New Mexico (MMTCO2E)
R2: Base Year
B3: Emissions (MMTCO2 Eq.) | C3: 1990 | D3: 1991 | E3: 1992 | F3: 1993 | G3: 1994 | H3: 1995 | I3: 1996 | J3: 1997 | K3: 1998 | L3: 1999 | M3: 2000 | N3: 2001 | O3: 2002 | P3: 2003 | Q3: 2004 | R3: 2005 | S3: 2006 | T3: 2007 | U3: 2008 | V3: 2009 | W3: 2010 | X3: 2011 | Y3: 2012 | Z3: 2013 | AA3: 2014 | AB3: 2015 | AC3: 2016 | AD3: 2017 | AE3: 2018 | AF3: 2019 | AG3: 2020
B4: Residential | C4: 3.3081659 | D4: 3.4003464 | E4: 3.5175435 | F4: 3.6037418 | G4: 3.7851118 | H4: 3.8261715 | I4: 4.0159709 | J4: 4.176947 | K4: 4.3066523 | L4: 4.3134503 | M4: 4.5804747 | N4: 4.6383934 | O4: 4.8600074 | P4: 5.0266937 | Q4: 5.2279137 | R4: 5.4413701 | S4: 5.3626874 | T4: 5.475134 | U4: 5.6158915 | V4: 5.8822933 | W4: 5.9762711 | X4: 5.9733991 | Y4: 5.7706231 | Z4: 5.6448471 | AA4: 5.3316534 | AB4: 5.1668247 | AC4: 4.979425 | AD4: 4.8704507 | AE4: 0 | AF4: 0 | AG4: 0
B5: Space Heating | C5: 0.42631004 | D5: 0.43818898 | E5: 0.45329169 | F5: 0.46439972 | G5: 0.48777213 | H5: 0.49306334 | I5: 0.51752203 | J5: 0.53826636 | K5: 0.55498097 | L5: 0.55585699 | M5: 0.59026736 | N5: 0.59773111 | O5: 0.55107894 | P5: 0.49218938 | Q5: 0.43098768 | R5: 0.36437746 | S5: 0.35910853 | T5: 0.36663844 | U5: 0.37606417 | V5: 0.5177285 | W5: 0.52599993 | X5: 0.52574716 | Y5: 0.50789988 | Z5: 0.49682974 | AA5: 0.46926408 | AB5: 0.68890996 | AC5: 0.66392334 | AD5: 0.64939342 | AE5: 0 | AF5: 0 | AG5: 0
B6: Air-conditioning | C6: 0.25578603 | D6: 0.26291339 | E6: 0.27197501 | F6: 0.27863983 | G6: 0.29266328 | H6: 0.295838 | I6: 0.31051322 | J6: 0.32295982 | K6: 0.33298858 | L6: 0.3335142 | M6: 0.35416041 | N6: 0.35863867 | O6: 0.43912967 | P6: 0.51971959 | Q6: 0.60867612 | R6: 0.70446309 | S6: 0.69427649 | T6: 0.70883432 | U6: 0.72705739 | V6: 0.6759318 | W6: 0.68673075 | X6: 0.68640073 | Y6: 0.66309983 | Z6: 0.64864696 | AA6: 0.61265801 | AB6: 0.64298263 | AC6: 0.61966178 | AD6: 0.60610053 | AE6: 0 | AF6: 0 | AG6: 0
B7: Water Heating | C7: 0.30694323 | D7: 0.31549606 | E7: 0.32637002 | F7: 0.3343678 | G7: 0.35119594 | H7: 0.35500561 | I7: 0.37261586 | J7: 0.38755178 | K7: 0.3995863 | L7: 0.40021704 | M7: 0.4249925 | N7: 0.4303664 | O7: 0.44125458 | P7: 0.4463828 | Q7: 0.45384537 | R7: 0.46154478 | S7: 0.4548708 | T7: 0.46440869 | U7: 0.47634794 | V7: 0.48570117 | W7: 0.49346092 | X7: 0.49322379 | Y7: 0.47648057 | Z7: 0.46609524 | AA7: 0.44023482 | AB7: 0.62001896 | AC7: 0.597531 | AD7: 0.58445408 | AE7: 0 | AF7: 0 | AG7: 0
B8: Refrigeration | C8: 0.47746725 | D8: 0.49077165 | E8: 0.50768669 | F8: 0.52012769 | G8: 0.54630479 | H8: 0.55223094 | I8: 0.57962467 | J8: 0.60285833 | K8: 0.62157868 | L8: 0.62255983 | M8: 0.66109944 | N8: 0.66945884 | O8: 0.68880673 | P8: 0.69936004 | Q8: 0.71376132 | R8: 0.72875492 | S8: 0.71821706 | T8: 0.73327688 | U8: 0.75212833 | V8: 0.74331893 | W8: 0.75519448 | X8: 0.75483156 | Y8: 0.72920767 | Z8: 0.71331392 | AA8: 0.67373704 | AB8: 0.45927331 | AC8: 0.44261556 | AD8: 0.43292895 | AE8: 0 | AF8: 0 | AG8: 0
B9: Other Appliances and Lighting | C9: 1.8416594 | D9: 1.8929764 | E9: 1.9582201 | F9: 2.0062068 | G9: 2.1071756 | H9: 2.1300336 | I9: 2.2356952 | J9: 2.3253107 | K9: 2.3975178 | L9: 2.4013022 | M9: 2.549955 | N9: 2.5821984 | O9: 2.7397374 | P9: 2.8690419 | Q9: 3.0206432 | R9: 3.1822298 | S9: 3.1362145 | T9: 3.2019757 | U9: 3.2842937 | V9: 3.4596129 | W9: 3.514885 | X9: 3.5131958 | Y9: 3.3939352 | Z9: 3.3199612 | AA9: 3.1357594 | AB9: 2.7556398 | AC9: 2.6556934 | AD9: 2.5975737 | AE9: 0 | AF9: 0 | AG9: 0
B10: Commercial | C10: 5.4204323 | D10: 5.44844 | E10: 5.59582 | F10: 5.7769181 | G10: 6.1187202 | H10: 6.1614115 | I10: 6.4240852 | J10: 6.3452287 | K10: 6.8151046 | L10: 6.8980399 | M10: 7.7668209 | N10: 7.8445897 | O10: 8.028135 | P10: 7.4810341 | Q10: 7.6439136 | R10: 7.8032581 | S10: 7.6778702 | T10: 7.6559929 | U10: 7.7721978 | V10: 7.8995188 | W10: 7.979602 | X10: 8.0451011 | Y10: 7.8197719 | Z10: 7.4524626 | AA10: 7.2381448 | AB10: 6.9055152 | AC10: 6.6012974 | AD10: 6.5850391 | AE10: 0 | AF10: 0 | AG10: 0
B11: Space Heating | C11: 0.26227898 | D11: 0.26363419 | E11: 0.27076549 | F11: 0.27952829 | G11: 0.29606711 | H11: 0.29813281 | I11: 0.31084283 | J11: 0.30702719 | K11: 0.32976313 | L11: 0.33377612 | M11: 0.37581392 | N11: 0.37957692 | O11: 0.38845815 | P11: 0.36198552 | Q11: 0.34280888 | R11: 0.32233311 | S11: 0.28997555 | T11: 0.26204863 | U11: 0.23851408 | V11: 0.21445863 | W11: 0.18838659 | X11: 0.1614549 | Y11: 0.12925243 | Z11: 0.1231812 | AA11: 0.11963876 | AB11: 0.11414075 | AC11: 0.10911235 | AD11: 0.10884362 | AE11: 0 | AF11: 0 | AG11: 0
B12: Cooling | C12: 0.69941062 | D12: 0.70302451 | E12: 0.7220413 | F12: 0.74540878 | G12: 0.78951228 | H12: 0.79502083 | I12: 0.82891421 | J12: 0.81873918 | K12: 0.87936834 | L12: 0.89006966 | M12: 1.0021704 | N12: 1.0122051 | O12: 1.0358884 | P12: 0.96529472 | Q12: 0.97148053 | R12: 0.97659188 | S12: 0.94600258 | T12: 0.92845271 | U12: 0.92746523 | V12: 0.92733176 | W12: 0.92125059 | X12: 0.91320322 | Y12: 0.87245389 | Z12: 0.8314731 | AA12: 0.80756162 | AB12: 0.77045005 | AC12: 0.73650839 | AD12: 0.73469445 | AE12: 0 | AF12: 0 | AG12: 0
B13: Ventilation | C13: 0.61198429 | D13: 0.61514645 | E13: 0.63178613 | F13: 0.65223268 | G13: 0.69082325 | H13: 0.69564323 | I13: 0.72529994 | J13: 0.71639678 | K13: 0.76944729 | L13: 0.77881095 | M13: 0.87689914 | N13: 0.88567949 | O13: 0.90640234 | P13: 0.84463288 | Q13: 0.9040056 | R13: 0.96468786 | S13: 0.99035178 | T13: 1.0285777 | U13: 1.0858607 | V13: 1.1460024 | W13: 1.2004031 | X13: 1.2533905 | Y13: 1.2602112 | Z13: 1.2010167 | AA13: 1.1664779 | AB13: 1.1128723 | AC13: 1.0638455 | AD13: 1.0612253 | AE13: 0 | AF13: 0 | AG13: 0
B14: Water Heating | C14: 0.11656844 | D14: 0.11717075 | E14: 0.12034022 | F14: 0.1242348 | G14: 0.13158538 | H14: 0.13250347 | I14: 0.13815237 | J14: 0.13645653 | K14: 0.14656139 | L14: 0.14834494 | M14: 0.16702841 | N14: 0.16870085 | O14: 0.17264807 | P14: 0.16088245 | Q14: 0.14962981 | R14: 0.13768597 | S14: 0.12065257 | T14: 0.10553004 | U14: 0.09212875 | V14: 0.078389135 | W14: 0.063780402 | X14: 0.048774076 | Y14: 0.032313107 | Z14: 0.0307953 | AA14: 0.029909689 | AB14: 0.028535187 | AC14: 0.027278089 | AD14: 0.027210906 | AE14: 0 | AF14: 0 | AG14: 0
... B52: Transportation | C52: 0 | D52: 0 | E52: 0 | F52: 0 | G52: 0 | H52: 0 | I52: 0 | J52: 0 | K52: 0 | L52: 0 | M52: 0 | N52: 0 | O52: 0 | P52: 0 | Q52: 0 | R52: 0 | S52: 0 | T52: 0 | U52: 0 | V52: 0 | W52: 0 | X52: 0 | Y52: 0 | Z52: 0 | AA52: 0 | AB52: 0 | AC52: 0 | AD52: 0 | AE52: 0 | AF52: 0 | AG52: 0

Sheet Coal
A1: Summary of CH4 Emissions from Coal Mining Activities in New Mexico (MTCO2E)
B3: Emissions (MTCO2E) | R3: Base Year
A4: AR4 | C4: 1990 | D4: 1991* | E4: 1992* | F4: 1993 | G4: 1994 | H4: 1995 | I4: 1996 | J4: 1997 | K4: 1998 | L4: 1999 | M4: 2000 | N4: 2001 | O4: 2002 | P4: 2003 | Q4: 2004 | R4: 2005 | S4: 2006 | T4: 2007 | U4: 2008 | V4: 2009 | W4: 2010 | X4: 2011 | Y4: 2012 | Z4: 2013 | AA4: 2014 | AB4: 2015 | AC4: 2016 | AD4: 2017 | AE4: 2018 | AF4: 2019 | AG4: 2020
B5: Coal Mining | C5: =C21*Constants!$C$5 -> 213611.32 | D5: =D21*Constants!$C$5 -> 179028.5 | E5: =E21*Constants!$C$5 -> 219756.82 | F5: =F21*Constants!$C$5 -> 303744.86 | G5: =G21*Constants!$C$5 -> 321444.55 | H5: =H21*Constants!$C$5 -> 277430.73 | I5: =I21*Constants!$C$5 -> 193522.75 | J5: =J21*Constants!$C$5 -> 217308.02 | ... AG5: =AG21*Constants!$C$5 -> 0
B6: Abandoned Coal Mines | C6: =C22*Constants!$C$5 -> 23033.212 | D6: =D22*Constants!$C$5 -> 19657.995 | E6: =E22*Constants!$C$5 -> 17520.826 | F6: =F22*Constants!$C$5 -> 16071.09 | G6: =G22*Constants!$C$5 -> 15019.71 | H6: =H22*Constants!$C$5 -> 14210.783 | I6: =I22*Constants!$C$5 -> 13557.712 | J6: =J22*Constants!$C$5 -> 13010.69 | ... AG6: =AG22*Constants!$C$5 -> 0
B7: Vented | C7: =C23*Constants!$C$5 -> 0 | D7: =D23*Constants!$C$5 -> 0 | E7: =E23*Constants!$C$5 -> 0 | F7: =F23*Constants!$C$5 -> 0 | G7: =G23*Constants!$C$5 -> 0 | H7: =H23*Constants!$C$5 -> 0 | I7: =I23*Constants!$C$5 -> 0 | J7: =J23*Constants!$C$5 -> 0 | ... AG7: =AG23*Constants!$C$5 -> 0
B8: Sealed | C8: =C24*Constants!$C$5 -> 23033.212 | D8: =D24*Constants!$C$5 -> 19657.995 | E8: =E24*Constants!$C$5 -> 17520.826 | F8: =F24*Constants!$C$5 -> 16071.09 | G8: =G24*Constants!$C$5 -> 15019.71 | H8: =H24*Constants!$C$5 -> 14210.783 | I8: =I24*Constants!$C$5 -> 13557.712 | J8: =J24*Constants!$C$5 -> 13010.69 | ... AG8: =AG24*Constants!$C$5 -> 0
B9: Flooded | C9: =C25*Constants!$C$5 -> 0 | D9: =D25*Constants!$C$5 -> 0 | E9: =E25*Constants!$C$5 -> 0 | F9: =F25*Constants!$C$5 -> 0 | G9: =G25*Constants!$C$5 -> 0 | H9: =H25*Constants!$C$5 -> 0 | I9: =I25*Constants!$C$5 -> 0 | J9: =J25*Constants!$C$5 -> 0 | ... AG9: =AG25*Constants!$C$5 -> 0
B11: Emissions (MTCO2E)
A12: AR5 | C12: 1990 | D12: 1991* | E12: 1992* | F12: 1993 | G12: 1994 | H12: 1995 | I12: 1996 | J12: 1997 | K12: 1998 | L12: 1999 | M12: 2000 | N12: 2001 | O12: 2002 | P12: 2003 | Q12: 2004 | R12: 2005 | S12: 2006 | T12: 2007 | U12: 2008 | V12: 2009 | W12: 2010 | X12: 2011 | Y12: 2012 | Z12: 2013 | AA12: 2014 | AB12: 2015 | AC12: 2016 | AD12: 2017 | AE12: 2018 | AF12: 2019 | AG12: 2020
B13: Coal Mining | C13: =C21*Constants!$D$5 -> 239244.68 | D13: =D21*Constants!$D$5 -> 200511.92 | E13: =E21*Constants!$D$5 -> 246127.64 | F13: =F21*Constants!$D$5 -> 340194.25 | G13: =G21*Constants!$D$5 -> 360017.9 | H13: =H21*Constants!$D$5 -> 310722.42 | I13: =I21*Constants!$D$5 -> 216745.48 | J13: =J21*Constants!$D$5 -> 243384.99 | ... AG13: =AG21*Constants!$D$5 -> 0
B14: Abandoned Coal Mines | C14: =C22*Constants!$D$5 -> 25797.197 | D14: =D22*Constants!$D$5 -> 22016.955 | E14: =E22*Constants!$D$5 -> 19623.325 | F14: =F22*Constants!$D$5 -> 17999.621 | G14: =G22*Constants!$D$5 -> 16822.075 | H14: =H22*Constants!$D$5 -> 15916.077 | I14: =I22*Constants!$D$5 -> 15184.637 | J14: =J22*Constants!$D$5 -> 14571.972 | ... AG14: =AG22*Constants!$D$5 -> 0
B15: Vented | C15: =C23*Constants!$D$5 -> 0 | D15: =D23*Constants!$D$5 -> 0 | E15: =E23*Constants!$D$5 -> 0 | F15: =F23*Constants!$D$5 -> 0 | G15: =G23*Constants!$D$5 -> 0 | H15: =H23*Constants!$D$5 -> 0 | I15: =I23*Constants!$D$5 -> 0 | J15: =J23*Constants!$D$5 -> 0 | ... AG15: =AG23*Constants!$D$5 -> 0
B16: Sealed | C16: =C24*Constants!$D$5 -> 25797.197 | D16: =D24*Constants!$D$5 -> 22016.955 | E16: =E24*Constants!$D$5 -> 19623.325 | F16: =F24*Constants!$D$5 -> 17999.621 | G16: =G24*Constants!$D$5 -> 16822.075 | H16: =H24*Constants!$D$5 -> 15916.077 | I16: =I24*Constants!$D$5 -> 15184.637 | J16: =J24*Constants!$D$5 -> 14571.972 | ... AG16: =AG24*Constants!$D$5 -> 0
B17: Flooded | C17: =C25*Constants!$D$5 -> 0 | D17: =D25*Constants!$D$5 -> 0 | E17: =E25*Constants!$D$5 -> 0 | F17: =F25*Constants!$D$5 -> 0 | G17: =G25*Constants!$D$5 -> 0 | H17: =H25*Constants!$D$5 -> 0 | I17: =I25*Constants!$D$5 -> 0 | J17: =J25*Constants!$D$5 -> 0 | ... AG17: =AG25*Constants!$D$5 -> 0
B19: Emissions by Gas (MTCH4)
C20: 1990 | D20: 1991* | E20: 1992* | F20: 1993 | G20: 1994 | H20: 1995 | I20: 1996 | J20: 1997 | K20: 1998 | L20: 1999 | M20: 2000 | N20: 2001 | O20: 2002 | P20: 2003 | Q20: 2004 | R20: 2005 | S20: 2006 | T20: 2007 | U20: 2008 | V20: 2009 | W20: 2010 | X20: 2011 | Y20: 2012 | Z20: 2013 | AA20: 2014 | AB20: 2015 | AC20: 2016 | AD20: 2017 | AE20: 2018 | AF20: 2019 | AG20: 2020
B21: Coal Mining | C21: 8544.4528 | D21: 7161.1398 | E21: 8790.2728 | F21: 12149.795 | G21: 12857.782 | H21: 11097.229 | I21: 7740.9099 | J21: 8692.321 | K21: 9263.6161 | L21: 9412.3519 | M21: 8789.7855 | N21: 11942.703 | O21: 24232.948 | P21: 35286.796 | Q21: 38839.393 | R21: 56791.357 | S21: 56216.892 | T21: 50349.49 | U21: 65843.129 | V21: 73871.866 | W21: 75959.157 | X21: 80470.537 | Y21: 41868.493 | Z21: 54937.207 | AA21: 42912.036 | AB21: 51014.351 | AC21: 37593.322 | AD21: 33288.21 | AE21: 33288.21 | AF21: 0 | AG21: 0
B22: Abandoned Coal Mines | C22: 921.32847 | D22: 786.31981 | E22: 700.83304 | F22: 642.84359 | G22: 600.78838 | H22: 568.4313 | I22: 542.30847 | J22: 520.42759 | K22: 501.59465 | L22: 1026.3752 | M22: 894.40345 | N22: 820.83507 | O22: 770.20104 | P22: 731.65743 | Q22: 700.55325 | R22: 674.48836 | S22: 652.0675 | T22: 632.40878 | U22: 614.91908 | V22: 599.17995 | W22: 584.88477 | X22: 571.80185 | Y22: 559.75166 | Z22: 548.59207 | AA22: 538.20858 | AB22: 528.50749 | AC22: 519.41111 | AD22: 510.85427 | AE22: 510.85427 | AF22: 0 | AG22: 0
B23: Vented | C23: 0 | D23: 0 | E23: 0 | F23: 0 | G23: 0 | H23: 0 | I23: 0 | J23: 0 | K23: 0 | L23: 0 | M23: 0 | N23: 0 | O23: 0 | P23: 0 | Q23: 0 | R23: 0 | S23: 0 | T23: 0 | U23: 0 | V23: 0 | W23: 0 | X23: 0 | Y23: 0 | Z23: 0 | AA23: 0 | AB23: 0 | AC23: 0 | AD23: 0 | AE23: 0 | AF23: 0 | AG23: 0
B24: Sealed | C24: 921.32847 | D24: 786.31981 | E24: 700.83304 | F24: 642.84359 | G24: 600.78838 | H24: 568.4313 | I24: 542.30847 | J24: 520.42759 | K24: 501.59465 | L24: 1026.3752 | M24: 894.40345 | N24: 820.83507 | O24: 770.20104 | P24: 731.65743 | Q24: 700.55325 | R24: 674.48836 | S24: 652.0675 | T24: 632.40878 | U24: 614.91908 | V24: 599.17995 | W24: 584.88477 | X24: 571.80185 | Y24: 559.75166 | Z24: 548.59207 | AA24: 538.20858 | AB24: 528.50749 | AC24: 519.41111 | AD24: 510.85427 | AE24: 510.85427 | AF24: 0 | AG24: 0
B25: Flooded | C25: 0 | D25: 0 | E25: 0 | F25: 0 | G25: 0 | H25: 0 | I25: 0 | J25: 0 | K25: 0 | L25: 0 | M25: 0 | N25: 0 | O25: 0 | P25: 0 | Q25: 0 | R25: 0 | S25: 0 | T25: 0 | U25: 0 | V25: 0 | W25: 0 | X25: 0 | Y25: 0 | Z25: 0 | AA25: 0 | AB25: 0 | AC25: 0 | AD25: 0 | AE25: 0 | AF25: 0 | AG25: 0
AE27: No 2018 data available, assume same as 2017

Sheet Gas and Oil
A1: Summary of CH4 Emissions from Oil and Gas Activities in New Mexico (MMTCO2E)
B3: Emissions (MMTCO2 Eq.) | R3: Base Year
A4: AR4 | C4: 1990 | D4: 1991 | E4: 1992 | F4: 1993 | G4: 1994 | H4: 1995 | I4: 1996 | J4: 1997 | K4: 1998 | L4: 1999 | M4: 2000 | N4: 2001 | O4: 2002 | P4: 2003 | Q4: 2004 | R4: 2005 | S4: 2006 | T4: 2007 | U4: 2008 | V4: 2009 | W4: 2010 | X4: 2011 | Y4: 2012 | Z4: 2013 | AA4: 2014 | AB4: 2015 | AC4: 2016 | AD4: 2017 | AE4: 2018 | AF4: 2019 | AG4: 2020
B5: Natural Gas | C5: 0 | D5: 0 | E5: 0 | F5: 0 | G5: 0 | H5: 0 | I5: 0 | J5: 0 | K5: 0 | L5: 0 | M5: 0 | N5: 0 | O5: 0 | P5: 0 | Q5: 0 | R5: =R19*Constants!$C$5/10^6 -> 0.35642525 | S5: 0 | T5: 0 | U5: 0 | V5: 0 | W5: 0 | X5: 0 | Y5: 0 | Z5: 0 | AA5: 0 | AB5: 0 | AC5: 0 | AD5: 0 | AE5: =AE19*Constants!$C$5/10^6 -> 0.41545175 | AF5: 0 | AG5: 0
B6: Oil | C6: 0 | D6: 0 | E6: 0 | F6: 0 | G6: 0 | H6: 0 | I6: 0 | J6: 0 | K6: 0 | L6: 0 | M6: 0 | N6: 0 | O6: 0 | P6: 0 | Q6: 0 | R6: 0 | S6: 0 | T6: 0 | U6: 0 | V6: 0 | W6: 0 | X6: 0 | Y6: 0 | Z6: 0 | AA6: 0 | AB6: 0 | AC6: 0 | AD6: 0 | AE6: 0 | AF6: 0 | AG6: 0
B7: Total | C7: 0 | D7: 0 | E7: 0 | F7: 0 | G7: 0 | H7: 0 | I7: 0 | J7: 0 | K7: 0 | L7: 0 | M7: 0 | N7: 0 | O7: 0 | P7: 0 | Q7: 0 | R7: =SUM(R5:R6) -> 0.35642525 | S7: 0 | T7: 0 | U7: 0 | V7: 0 | W7: 0 | X7: 0 | Y7: 0 | Z7: 0 | AA7: 0 | AB7: 0 | AC7: 0 | AD7: 0 | AE7: =SUM(AE5:AE6) -> 0.41545175 | AF7: 0 | AG7: 0
B10: Emissions (MMTCO2 Eq.)
A11: AR5 | C11: 1990 | D11: 1991 | E11: 1992 | F11: 1993 | G11: 1994 | H11: 1995 | I11: 1996 | J11: 1997 | K11: 1998 | L11: 1999 | M11: 2000 | N11: 2001 | O11: 2002 | P11: 2003 | Q11: 2004 | R11: 2005 | S11: 2006 | T11: 2007 | U11: 2008 | V11: 2009 | W11: 2010 | X11: 2011 | Y11: 2012 | Z11: 2013 | AA11: 2014 | AB11: 2015 | AC11: 2016 | AD11: 2017 | AE11: 2018 | AF11: 2019 | AG11: 2020
B12: Natural Gas | C12: 0 | D12: 0 | E12: 0 | F12: 0 | G12: 0 | H12: 0 | I12: 0 | J12: 0 | K12: 0 | L12: 0 | M12: 0 | N12: 0 | O12: 0 | P12: 0 | Q12: 0 | R12: =R19*Constants!$D$5/10^6 -> 0.39919628 | S12: 0 | T12: 0 | U12: 0 | V12: 0 | W12: 0 | X12: 0 | Y12: 0 | Z12: 0 | AA12: 0 | AB12: 0 | AC12: 0 | AD12: 0 | AE12: =AE19*Constants!$D$5/10^6 -> 0.46530596 | AF12: 0 | AG12: 0
B13: Oil | C13: 0 | D13: 0 | E13: 0 | F13: 0 | G13: 0 | H13: 0 | I13: 0 | J13: 0 | K13: 0 | L13: 0 | M13: 0 | N13: 0 | O13: 0 | P13: 0 | Q13: 0 | R13: =R20*Constants!$D$5/10^6 -> 0 | S13: 0 | T13: 0 | U13: 0 | V13: 0 | W13: 0 | X13: 0 | Y13: 0 | Z13: 0 | AA13: 0 | AB13: 0 | AC13: 0 | AD13: 0 | AE13: =AE20*Constants!$D$5/10^6 -> 0 | AF13: 0 | AG13: 0
B14: Total | C14: 0 | D14: 0 | E14: 0 | F14: 0 | G14: 0 | H14: 0 | I14: 0 | J14: 0 | K14: 0 | L14: 0 | M14: 0 | N14: 0 | O14: 0 | P14: 0 | Q14: 0 | R14: =SUM(R12:R13) -> 0.39919628 | S14: 0 | T14: 0 | U14: 0 | V14: 0 | W14: 0 | X14: 0 | Y14: 0 | Z14: 0 | AA14: 0 | AB14: 0 | AC14: 0 | AD14: 0 | AE14: =SUM(AE12:AE13) -> 0.46530596 | AF14: 0 | AG14: 0
B17: Emissions by Gas (MTCH4)
C18: 1990 | D18: 1991 | E18: 1992 | F18: 1993 | G18: 1994 | H18: 1995 | I18: 1996 | J18: 1997 | K18: 1998 | L18: 1999 | M18: 2000 | N18: 2001 | O18: 2002 | P18: 2003 | Q18: 2004 | R18: 2005 | S18: 2006 | T18: 2007 | U18: 2008 | V18: 2009 | W18: 2010 | X18: 2011 | Y18: 2012 | Z18: 2013 | AA18: 2014 | AB18: 2015 | AC18: 2016 | AD18: 2017 | AE18: 2018 | AF18: 2019 | AG18: 2020
B19: Natural Gas | C19: 0 | D19: 0 | E19: 0 | F19: 0 | G19: 0 | H19: 0 | I19: 0 | J19: 0 | K19: 0 | L19: 0 | M19: 0 | N19: 0 | O19: 0 | P19: 0 | Q19: 0 | R19: =R22 -> 14257.01 | S19: 0 | T19: 0 | U19: 0 | V19: 0 | W19: 0 | X19: 0 | Y19: 0 | Z19: 0 | AA19: 0 | AB19: 0 | AC19: 0 | AD19: 0 | AE19: =AE22 -> 16618.07 | AF19: 0 | AG19: 0
B20: Production | C20: 0 | D20: 0 | E20: 0 | F20: 0 | G20: 0 | H20: 0 | I20: 0 | J20: 0 | K20: 0 | L20: 0 | M20: 0 | N20: 0 | O20: 0 | P20: 0 | Q20: 0 | R20: 0 | S20: 0 | T20: 0 | U20: 0 | V20: 0 | W20: 0 | X20: 0 | Y20: 0 | Z20: 0 | AA20: 0 | AB20: 0 | AC20: 0 | AD20: 0 | AE20: 0 | AF20: 0 | AG20: 0
B21: Transmission | C21: 0 | D21: 0 | E21: 0 | F21: 0 | G21: 0 | H21: 0 | I21: 0 | J21: 0 | K21: 0 | L21: 0 | M21: 0 | N21: 0 | O21: 0 | P21: 0 | Q21: 0 | R21: 0 | S21: 0 | T21: 0 | U21: 0 | V21: 0 | W21: 0 | X21: 0 | Y21: 0 | Z21: 0 | AA21: 0 | AB21: 0 | AC21: 0 | AD21: 0 | AE21: 0 | AF21: 0 | AG21: 0
B22: Distribution | C22: 0 | D22: 0 | E22: 0 | F22: 0 | G22: 0 | H22: 0 | I22: 0 | J22: 0 | K22: 0 | L22: 0 | M22: 0 | N22: 0 | O22: 0 | P22: 0 | Q22: 0 | R22: 14257.01 | S22: 0 | T22: 0 | U22: 0 | V22: 0 | W22: 0 | X22: 0 | Y22: 0 | Z22: 0 | AA22: 0 | AB22: 0 | AC22: 0 | AD22: 0 | AE22: 16618.07 | AF22: 0 | AG22: 0
B23: Oil | C23: 0 | D23: 0 | E23: 0 | F23: 0 | G23: 0 | H23: 0 | I23: 0 | J23: 0 | K23: 0 | L23: 0 | M23: 0 | N23: 0 | O23: 0 | P23: 0 | Q23: 0 | R23: 0 | S23: 0 | T23: 0 | U23: 0 | V23: 0 | W23: 0 | X23: 0 | Y23: 0 | Z23: 0 | AA23: 0 | AB23: 0 | AC23: 0 | AD23: 0 | AE23: 0 | AF23: 0 | AG23: 0
B25: Emissions by Gas (MMTCO2)
C26: 1990 | D26: 1991 | E26: 1992 | F26: 1993 | G26: 1994 | H26: 1995 | I26: 1996 | J26: 1997 | K26: 1998 | L26: 1999 | M26: 2000 | N26: 2001 | O26: 2002 | P26: 2003 | Q26: 2004 | R26: 2005 | S26: 2006 | T26: 2007 | U26: 2008 | V26: 2009 | W26: 2010 | X26: 2011 | Y26: 2012 | Z26: 2013 | AA26: 2014 | AB26: 2015 | AC26: 2016 | AD26: 2017 | AE26: 2018 | AF26: 2019 | AG26: 2020
B27: Natural Gas Flaring | C27: 0 | D27: 0 | E27: 0 | F27: 0 | G27: 0 | H27: 0 | I27: 0 | J27: 0 | K27: 0 | L27: 0 | M27: 0 | N27: 0 | O27: 0 | P27: 0 | Q27: 0 | R27: 0 | S27: 0 | T27: 0 | U27: 0 | V27: 0 | W27: 0 | X27: 0 | Y27: 0 | Z27: 0 | AA27: 0 | AB27: 0 | AC27: 0 | AD27: 0 | AE27: 0 | AF27: 0 | AG27: 0

Sheet IP
A1: Summary of GHG Emissions from Industrial Processes in New Mexico (MTCO2E)
R2: Base Year
B3: Emissions (MTCO2 Eq.) | C3: 1990 | D3: 1991 | E3: 1992 | F3: 1993 | G3: 1994 | H3: 1995 | I3: 1996 | J3: 1997 | K3: 1998 | L3: 1999 | M3: 2000 | N3: 2001 | O3: 2002 | P3: 2003 | Q3: 2004 | R3: 2005 | S3: 2006 | T3: 2007 | U3: 2008 | V3: 2009 | W3: 2010 | X3: 2011 | Y3: 2012 | Z3: 2013 | AA3: 2014 | AB3: 2015 | AC3: 2016 | AD3: 2017 | AE3: 2018 | AF3: 2019 | AG3: 2020
B4: Carbon Dioxide Emissions | C4: 305987.03 | D4: 510541.17 | E4: 299185.47 | F4: 689704.95 | G4: 762850.1 | H4: 540177.05 | I4: 573685.53 | J4: 587009 | K4: 597564.1 | L4: 606442.09 | M4: 593770.01 | N4: 854369.32 | O4: 806904.31 | P4: 936145.99 | Q4: 945177.06 | R4: 997735.17 | S4: 1020746.7 | T4: 1006793.5 | U4: 866359.27 | V4: 337988.9 | W4: 636289.72 | X4: 368241.35 | Y4: 442915.98 | Z4: 505791.2 | AA4: 567692.11 | AB4: 610041.44 | AC4: 540786.38 | AD4: 628315.01 | AE4: =AD4 -> 628315.01 | AF4: 0 | AG4: 0
B5: Cement Manufacture | C5: 288212.23 | D5: 493072.79 | E5: 282113.33 | F5: 407764.89 | G5: 486111.6 | H5: 510417.18 | I5: 545582.7 | J5: 561096.9 | K5: 564716.88 | L5: 575576.82 | M5: 565840.63 | N5: 569112.57 | O5: 555149.79 | P5: 660387.78 | Q5: 663434.06 | R5: 673316.28 | S5: 679326.26 | T5: 646338.56 | U5: 512201.58 | V5: 290931.86 | W5: 311580.19 | X5: 311365.56 | Y5: 398141.52 | Z5: 461412.07 | AA5: 524895.85 | AB5: 566455.23 | AC5: 500758.05 | AD5: 590759.12 | AE5: =AD5 -> 590759.12 | AF5: 0 | AG5: 0
B6: Lime Manufacture | C6: 0 | D6: 0 | E6: 0 | F6: 264698.15 | G6: 249213.42 | H6: 0 | I6: 0 | J6: 0 | K6: 0 | L6: 0 | M6: 0 | N6: 257128.02 | O6: 221412.47 | P6: 250060.36 | Q6: 254720.15 | R6: 295275.75 | S6: 313957.43 | T6: 323169.18 | U6: 313199.56 | V6: 0 | W6: 276096.83 | X6: 0 | Y6: 0 | Z6: 0 | AA6: 0 | AB6: 0 | AC6: 0 | AD6: 0 | AE6: =AD6 -> 0 | AF6: 0 | AG6: 0
B7: Limestone and Dolomite Use | C7: 0 | D7: 0 | E7: 0 | F7: 0 | G7: 9985.3464 | H7: 11566.03 | I7: 10052.241 | J7: 7946.3286 | K7: 14596.453 | L7: 12734.028 | M7: 10008.366 | N7: 10216.78 | O7: 11927.043 | P7: 7980.1837 | Q7: 9172.4689 | R7: 10943.696 | S7: 9877.7263 | T7: 19864.505 | U7: 24033.042 | V7: 32279.887 | W7: 33222.606 | X7: 42095.367 | Y7: 30394.724 | Z7: 29762.108 | AA7: 27837.203 | AB7: 29066.637 | AC7: 25227.95 | AD7: 23265.925 | AE7: =AD7 -> 23265.925 | AF7: 0 | AG7: 0
B8: Soda Ash | C8: 16505.813 | D8: 15987.996 | E8: 16097.048 | F8: 16358.323 | G8: 16496.548 | H8: 17255.602 | I8: 17073.39 | J8: 17316.124 | K8: 17449.818 | L8: 17020.959 | M8: 17118.73 | N8: 16977.811 | O8: 17141.832 | P8: 16745.123 | Q8: 16749.416 | R8: 16636.481 | S8: 16483.104 | T8: 16095.025 | U8: 15432.334 | V8: 13629.174 | W8: 14619.561 | X8: 14250.852 | Y8: 13980.045 | Z8: 14052.981 | AA8: 14070.099 | AB8: 13473.648 | AC8: 13758.636 | AD8: 13119.004 | AE8: =AD8 -> 13119.004 | AF8: 0 | AG8: 0
B9: Aluminum Production, CO2 | C9: 0 | D9: 0 | E9: 0 | F9: 0 | G9: 0 | H9: 0 | I9: 0 | J9: 0 | K9: 0 | L9: 0 | M9: 0 | N9: 0 | O9: 0 | P9: 0 | Q9: 0 | R9: 0 | S9: 0 | T9: 0 | U9: 0 | V9: 0 | W9: 0 | X9: 0 | Y9: 0 | Z9: 0 | AA9: 0 | AB9: 0 | AC9: 0 | AD9: 0 | AE9: =AD9 -> 0 | AF9: 0 | AG9: 0
B10: Iron & Steel Production | C10: 0 | D10: 0 | E10: 0 | F10: 0 | G10: 0 | H10: 0 | I10: 0 | J10: 0 | K10: 0 | L10: 0 | M10: 0 | N10: 0 | O10: 0 | P10: 0 | Q10: 0 | R10: 0 | S10: 0 | T10: 0 | U10: 0 | V10: 0 | W10: 0 | X10: 0 | Y10: 0 | Z10: 0 | AA10: 0 | AB10: 0 | AC10: 0 | AD10: 0 | AE10: =AD10 -> 0 | AF10: 0 | AG10: 0
B11: Ammonia Production | C11: 0 | D11: 0 | E11: 0 | F11: 0 | G11: 0 | H11: 0 | I11: 0 | J11: 0 | K11: 0 | L11: 0 | M11: 0 | N11: 0 | O11: 0 | P11: 0 | Q11: 0 | R11: 0 | S11: 0 | T11: 0 | U11: 0 | V11: 0 | W11: 0 | X11: 0 | Y11: 0 | Z11: 0 | AA11: 0 | AB11: 0 | AC11: 0 | AD11: 0 | AE11: =AD11 -> 0 | AF11: 0 | AG11: 0
B12: Urea Consumption | C12: 1268.9891 | D12: 1480.3761 | E12: 975.10004 | F12: 883.58848 | G12: 1043.182 | H12: 938.236 | I12: 977.19657 | J12: 649.64771 | K12: 800.94653 | L12: 1110.2813 | M12: 802.29302 | N12: 934.14264 | O12: 1273.1776 | P12: 972.54756 | Q12: 1100.9624 | R12: 1562.9637 | S12: 1102.1839 | T12: 1326.2626 | U12: 1492.7557 | V12: 1147.9813 | W12: 770.53152 | X12: 529.57127 | Y12: 399.69283 | Z12: 564.03419 | AA12: 888.95429 | AB12: 1045.9228 | AC12: 1041.7446 | AD12: 1170.959 | AE12: =AD12 -> 1170.959 | AF12: 0 | AG12: 0
B13: Nitrous Oxide Emissions | C13: 0 | D13: 0 | E13: 0 | F13: 0 | G13: 0 | H13: 0 | I13: 0 | J13: 0 | K13: 0 | L13: 0 | M13: 0 | N13: 0 | O13: 0 | P13: 0 | Q13: 0 | R13: 0 | S13: 0 | T13: 0 | U13: 0 | V13: 0 | W13: 0 | X13: 0 | Y13: 0 | Z13: 0 | AA13: 0 | AB13: 0 | AC13: 0 | AD13: 0 | AE13: =AD13 -> 0 | AF13: 0 | AG13: 0
B14: Nitric Acid Production | C14: 0 | D14: 0 | E14: 0 | F14: 0 | G14: 0 | H14: 0 | I14: 0 | J14: 0 | K14: 0 | L14: 0 | M14: 0 | N14: 0 | O14: 0 | P14: 0 | Q14: 0 | R14: 0 | S14: 0 | T14: 0 | U14: 0 | V14: 0 | W14: 0 | X14: 0 | Y14: 0 | Z14: 0 | AA14: 0 | AB14: 0 | AC14: 0 | AD14: 0 | AE14: =AD14 -> 0 | AF14: 0 | AG14: 0
B15: Adipic Acid Production | C15: 0 | D15: 0 | E15: 0 | F15: 0 | G15: 0 | H15: 0 | I15: 0 | J15: 0 | K15: 0 | L15: 0 | M15: 0 | N15: 0 | O15: 0 | P15: 0 | Q15: 0 | R15: 0 | S15: 0 | T15: 0 | U15: 0 | V15: 0 | W15: 0 | X15: 0 | Y15: 0 | Z15: 0 | AA15: 0 | AB15: 0 | AC15: 0 | AD15: 0 | AE15: =AD15 -> 0 | AF15: 0 | AG15: 0
... B23: Total Emissions | C23: 389305.1 | D23: 595531.74 | E23: 391689.76 | F23: 829412.82 | G23: 963159.66 | H23: 882818.75 | I23: 1011389.5 | J23: 1110420.2 | K23: 1172459 | L23: 1199977.5 | M23: 1184448.3 | N23: 1434682.6 | O23: 1390441.4 | P23: 1543494 | Q23: 1577043.3 | R23: 1658561.8 | S23: 1725071.7 | T23: 1758592.7 | U23: 1871505.2 | V23: 1488598.7 | W23: 2106857.1 | X23: 2294044 | Y23: 2525947.3 | Z23: 2503698.2 | AA23: 2640210 | AB23: 2720399.8 | AC23: 2667699.4 | AD23: 2745832.7 | AE23: =AD23 -> 2745832.7 | AF23: 0 | AG23: 0
AE24: =AE16/AE23 -> 0.77117506
AE25: No 2018 data available, assume same as 2017

Sheet Stationary
A1: Summary of CH4 and N2O Emissions from Stationary Combustion in New Mexico (MMTCO2E)
R2: Base Year
B3: Emissions (MMTCO2 Eq.) | C3: 1990 | D3: 1991 | E3: 1992 | F3: 1993 | G3: 1994 | H3: 1995 | I3: 1996 | J3: 1997 | K3: 1998 | L3: 1999 | M3: 2000 | N3: 2001 | O3: 2002 | P3: 2003 | Q3: 2004 | R3: 2005 | S3: 2006 | T3: 2007 | U3: 2008 | V3: 2009 | W3: 2010 | X3: 2011 | Y3: 2012 | Z3: 2013 | AA3: 2014 | AB3: 2015 | AC3: 2016 | AD3: 2017 | AE3: 2018 | AF3: 2019 | AG3: 2020
A4: AR4 | B4: Residential | C4: 0.033030463 | D4: 0.03397054 | E4: 0.035204383 | F4: 0.033376259 | G4: 0.03154126 | H4: 0.031407613 | I4: 0.033172807 | J4: 0.037288398 | K4: 0.034474478 | L4: 0.035850885 | M4: 0.037869591 | N4: 0.026942922 | O4: 0.025915954 | P4: 0.025781336 | Q4: 0.026264214 | R4: 0.082563472 | S4: 0.073862146 | T4: 0.080762328 | U4: 0.08960269 | V4: 0.064849491 | W4: 0.06907411 | X4: 0.066843356 | Y4: 0.056485271 | Z4: 0.072529657 | AA4: 0.072409771 | AB4: 0.079571702 | AC4: 0.082147651 | AD4: 0.071793787 | AE4: 0 | AF4: 0 | AG4: 0
B5: N2O | C5: 0.0054789893 | D5: 0.0054557691 | E5: 0.0055247352 | F5: 0.0051443412 | G5: 0.0048674456 | H5: 0.0048799526 | I5: 0.0051575873 | J5: 0.0058424271 | K5: 0.0056574734 | L5: 0.0060701497 | M5: 0.0063250142 | N5: 0.0054384553 | O5: 0.0049811296 | P5: 0.0046889644 | Q5: 0.0046764335 | R5: 0.012460605 | S5: 0.0112811 | T5: 0.012108229 | U5: 0.013366978 | V5: 0.0099618152 | W5: 0.010476303 | X5: 0.010092485 | Y5: 0.0085623833 | Z5: 0.010894874 | AA5: 0.010751232 | AB5: 0.011676647 | AC5: 0.012082842 | AD5: 0.01054583 | AE5: 0 | AF5: 0 | AG5: 0
B6: CH4 | C6: 0.027551474 | D6: 0.028514771 | E6: 0.029679648 | F6: 0.028231918 | G6: 0.026673815 | H6: 0.02652766 | I6: 0.028015219 | J6: 0.031445971 | K6: 0.028817005 | L6: 0.029780735 | M6: 0.031544576 | N6: 0.021504467 | O6: 0.020934824 | P6: 0.021092372 | Q6: 0.02158778 | R6: 0.070102867 | S6: 0.062581046 | T6: 0.0686541 | U6: 0.076235713 | V6: 0.054887676 | W6: 0.058597807 | X6: 0.056750871 | Y6: 0.047922888 | Z6: 0.061634783 | AA6: 0.061658539 | AB6: 0.067895055 | AC6: 0.070064809 | AD6: 0.061247957 | AE6: 0 | AF6: 0 | AG6: 0
B7: Commercial | C7: 0.0085339831 | D7: 0.0084946151 | E7: 0.008551414 | F7: 0.0090384216 | G7: 0.0080105358 | H7: 0.0081288008 | I7: 0.0085265477 | J7: 0.010054345 | K7: 0.0093712883 | L7: 0.010139608 | M7: 0.010298625 | N7: 0.0090848487 | O7: 0.009242578 | P7: 0.0096249485 | Q7: 0.0088545849 | R7: 0.017864758 | S7: 0.016321682 | T7: 0.016699651 | U7: 0.018390882 | V7: 0.013016999 | W7: 0.012946681 | X7: 0.012554878 | Y7: 0.011668286 | Z7: 0.012983653 | AA7: 0.013360065 | AB7: 0.016421377 | AC7: 0.018895953 | AD7: 0.017223203 | AE7: 0 | AF7: 0 | AG7: 0
B8: N2O | C8: 0.0019313976 | D8: 0.0018533246 | E8: 0.0017321548 | F8: 0.0017917846 | G8: 0.0015454995 | H8: 0.0016012196 | I8: 0.0016277565 | J8: 0.0018620917 | K8: 0.001811837 | L8: 0.00206618 | M8: 0.0020527521 | N8: 0.0020924934 | O8: 0.0021951008 | P8: 0.0023333758 | Q8: 0.0019698724 | R8: 0.0032822614 | S8: 0.0029092727 | T8: 0.0028195359 | U8: 0.0033217226 | V8: 0.0023150488 | W8: 0.0023040615 | X8: 0.0022267126 | Y8: 0.0021270704 | Z8: 0.0023048601 | AA8: 0.0024043415 | AB8: 0.0029887344 | AC8: 0.0033007434 | AD8: 0.0030129558 | AE8: 0 | AF8: 0 | AG8: 0
B9: CH4 | C9: 0.0066025855 | D9: 0.0066412905 | E9: 0.0068192592 | F9: 0.007246637 | G9: 0.0064650362 | H9: 0.0065275813 | I9: 0.0068987913 | J9: 0.0081922535 | K9: 0.0075594512 | L9: 0.008073428 | M9: 0.0082458732 | N9: 0.0069923552 | O9: 0.0070474772 | P9: 0.0072915727 | Q9: 0.0068847125 | R9: 0.014582496 | S9: 0.01341241 | T9: 0.013880115 | U9: 0.01506916 | V9: 0.01070195 | W9: 0.010642619 | X9: 0.010328165 | Y9: 0.009541216 | Z9: 0.010678793 | AA9: 0.010955723 | AB9: 0.013432643 | AC9: 0.01559521 | AD9: 0.014210247 | AE9: 0 | AF9: 0 | AG9: 0
B10: Industrial | C10: 0.011600033 | D10: 0.011602779 | E10: 0.011922753 | F10: 0.011799859 | G10: 0.011710542 | H10: 0.012948546 | I10: 0.013888727 | J10: 0.013311536 | K10: 0.011558336 | L10: 0.011797123 | M10: 0.013210879 | N10: 0.013914933 | O10: 0.012912556 | P10: 0.014246126 | Q10: 0.014817949 | R10: 0.014162454 | S10: 0.01501389 | T10: 0.015742917 | U10: 0.014716204 | V10: 0.012582196 | W10: 0.013151557 | X10: 0.012093395 | Y10: 0.012671691 | Z10: 0.012644368 | AA10: 0.01334687 | AB10: 0.012482838 | AC10: 0.013191543 | AD10: 0.014013644 | AE10: 0 | AF10: 0 | AG10: 0
B11: N2O | C11: 0.007327147 | D11: 0.0075214325 | E11: 0.0076881392 | F11: 0.0076229516 | G11: 0.0075193396 | H11: 0.0083612861 | I11: 0.008761806 | J11: 0.0084861319 | K11: 0.0073428994 | L11: 0.0075341097 | M11: 0.0082874607 | N11: 0.0087651946 | O11: 0.0081796335 | P11: 0.009053916 | Q11: 0.0093853335 | R11: 0.0089553742 | S11: 0.009584289 | T11: 0.010052867 | U11: 0.0093109353 | V11: 0.007847553 | W11: 0.0082490447 | X11: 0.0075629842 | Y11: 0.0079657475 | Z11: 0.0079768552 | AA11: 0.0084163444 | AB11: 0.007783028 | AC11: 0.0083134779 | AD11: 0.0088824618 | AE11: 0 | AF11: 0 | AG11: 0
B12: CH4 | C12: 0.0042728865 | D12: 0.0040813467 | E12: 0.0042346134 | F12: 0.0041769075 | G12: 0.0041912027 | H12: 0.0045872601 | I12: 0.0051269213 | J12: 0.0048254041 | K12: 0.0042154368 | L12: 0.0042630136 | M12: 0.004923418 | N12: 0.0051497382 | O12: 0.0047329222 | P12: 0.0051922099 | Q12: 0.0054326158 | R12: 0.0052070803 | S12: 0.0054296009 | T12: 0.0056900503 | U12: 0.0054052686 | V12: 0.0047346432 | W12: 0.0049025119 | X12: 0.0045304104 | Y12: 0.0047059437 | Z12: 0.004667513 | AA12: 0.0049305257 | AB12: 0.0046998097 | AC12: 0.0048780651 | AD12: 0.0051311827 | AE12: 0 | AF12: 0 | AG12: 0
B13: Electric Utilities | C13: 0.13109185 | D13: 0.1116518 | E13: 0.12696593 | F13: 0.12839719 | G13: 0.13234992 | H13: 0.13075552 | I13: 0.13275517 | J13: 0.13741627 | K13: 0.13856439 | L13: 0.14214899 | M13: 0.14568278 | N13: 0.1418833 | O13: 0.135185 | P13: 0.14532546 | Q13: 0.14674517 | R13: 0.15130216 | S13: 0.15124246 | T13: 0.14208421 | U13: 0.13715837 | V13: 0.14758625 | W13: 0.12952074 | X13: 0.13802251 | Y13: 0.12785602 | Z13: 0.12447902 | AA13: 0.10516282 | AB13: 0.10530734 | AC13: 0.096634258 | AD13: 0.097245859 | AE13: 0 | AF13: 0 | AG13: 0
B14: N2O | C14: 0.12356774 | D14: 0.10511016 | E14: 0.11973178 | F14: 0.12097558 | G14: 0.12462723 | H14: 0.12312649 | I14: 0.12496872 | J14: 0.12927409 | K14: 0.13025363 | L14: 0.13369107 | M14: 0.13696229 | N14: 0.13332899 | O14: 0.12721717 | P14: 0.13679883 | Q14: 0.13829039 | R14: 0.14239211 | S14: 0.14202678 | T14: 0.13321977 | U14: 0.12838376 | V14: 0.13822092 | W14: 0.1211055 | X14: 0.12910683 | Y14: 0.11944294 | Z14: 0.11622451 | AA14: 0.097872796 | AB14: 0.097972763 | AC14: 0.089681181 | AD14: 0.090406018 | AE14: 0 | AF14: 0 | AG14: 0
B15: CH4 | C15: 0.0075241105 | D15: 0.006541633 | E15: 0.0072341537 | F15: 0.0074216072 | G15: 0.0077226905 | H15: 0.007629032 | I15: 0.007786453 | J15: 0.0081421817 | K15: 0.0083107667 | L15: 0.0084579227 | M15: 0.0087204867 | N15: 0.0085543173 | O15: 0.007967825 | P15: 0.0085266262 | Q15: 0.0084547793 | R15: 0.0089100522 | S15: 0.0092156838 | T15: 0.008864444 | U15: 0.0087746095 | V15: 0.0093653345 | W15: 0.0084152435 | X15: 0.0089156787 | Y15: 0.0084130815 | Z15: 0.0082545115 | AA15: 0.0072900277 | AB15: 0.0073345767 | AC15: 0.0069530772 | AD15: 0.006839841 | AE15: 0 | AF15: 0 | AG15: 0
B16: N2O | C16: 0.13830528 | D16: 0.11994069 | E16: 0.1346768 | F16: 0.13553466 | G16: 0.13855951 | H16: 0.13796895 | I16: 0.14051587 | J16: 0.14546474 | K16: 0.14506584 | L16: 0.14936151 | M16: 0.15362752 | N16: 0.14962513 | O16: 0.14257304 | P16: 0.15287509 | Q16: 0.15432203 | R16: 0.16709035 | S16: 0.16580144 | T16: 0.1582004 | U16: 0.1543834 | V16: 0.15834534 | W16: 0.1421349 | X16: 0.14898901 | Y16: 0.13809814 | Z16: 0.1374011 | AA16: 0.11944471 | AB16: 0.12042117 | AC16: 0.11337824 | AD16: 0.11284727 | AE16: 0 | AF16: 0 | AG16: 0
... B21: Emissions (MMTCO2 Eq.) | C21: 1990 | D21: 1991 | E21: 1992 | F21: 1993 | G21: 1994 | H21: 1995 | I21: 1996 | J21: 1997 | K21: 1998 | L21: 1999 | M21: 2000 | N21: 2001 | O21: 2002 | P21: 2003 | Q21: 2004 | R21: 2005 | S21: 2006 | T21: 2007 | U21: 2008 | V21: 2009 | W21: 2010 | X21: 2011 | Y21: 2012 | Z21: 2013 | AA21: 2014 | AB21: 2015 | AC21: 2016 | AD21: 2017 | AE21: 2018 | AF21: 2019 | AG21: 2020
A22: AR5 | B22: Residential | C22: =SUM(C23:C24) -> 0.035729906 | D22: =SUM(D23:D24) -> 0.03678815 | E22: =SUM(E23:E24) -> 0.038154141 | F22: =SUM(F23:F24) -> 0.036194414 | G22: =SUM(G23:G24) -> 0.034203106 | H22: =SUM(H23:H24) -> 0.034050535 | I22: =SUM(I23:I24) -> 0.035963491 | J22: =SUM(J23:J24) -> 0.040414935 | ... AG22: =SUM(AG23:AG24) -> 0
B23: N2O | C23: =C5*INDEX(Constants!$E$5:$E$6,MATCH(Stationary!$B5,Constants!$B$5:$B$6)) -> 0.0048722555 | D23: =D5*INDEX(Constants!$E$5:$E$6,MATCH(Stationary!$B5,Constants!$B$5:$B$6)) -> 0.0048516068 | E23: =E5*INDEX(Constants!$E$5:$E$6,MATCH(Stationary!$B5,Constants!$B$5:$B$6)) -> 0.0049129357 | F23: =F5*INDEX(Constants!$E$5:$E$6,MATCH(Stationary!$B5,Constants!$B$5:$B$6)) -> 0.0045746658 | G23: =G5*INDEX(Constants!$E$5:$E$6,MATCH(Stationary!$B5,Constants!$B$5:$B$6)) -> 0.0043284331 | H23: =H5*INDEX(Constants!$E$5:$E$6,MATCH(Stationary!$B5,Constants!$B$5:$B$6)) -> 0.0043395552 | I23: =I5*INDEX(Constants!$E$5:$E$6,MATCH(Stationary!$B5,Constants!$B$5:$B$6)) -> 0.0045864451 | J23: =J5*INDEX(Constants!$E$5:$E$6,MATCH(Stationary!$B5,Constants!$B$5:$B$6)) -> 0.0051954469 | ... AG23: =AG5*INDEX(Constants!$E$5:$E$6,MATCH(Stationary!$B5,Constants!$B$5:$B$6)) -> 0
B24: CH4 | C24: =C6*INDEX(Constants!$E$5:$E$6,MATCH(Stationary!$B6,Constants!$B$5:$B$6)) -> 0.030857651 | D24: =D6*INDEX(Constants!$E$5:$E$6,MATCH(Stationary!$B6,Constants!$B$5:$B$6)) -> 0.031936544 | E24: =E6*INDEX(Constants!$E$5:$E$6,MATCH(Stationary!$B6,Constants!$B$5:$B$6)) -> 0.033241205 | F24: =F6*INDEX(Constants!$E$5:$E$6,MATCH(Stationary!$B6,Constants!$B$5:$B$6)) -> 0.031619748 | G24: =G6*INDEX(Constants!$E$5:$E$6,MATCH(Stationary!$B6,Constants!$B$5:$B$6)) -> 0.029874673 | H24: =H6*INDEX(Constants!$E$5:$E$6,MATCH(Stationary!$B6,Constants!$B$5:$B$6)) -> 0.02971098 | I24: =I6*INDEX(Constants!$E$5:$E$6,MATCH(Stationary!$B6,Constants!$B$5:$B$6)) -> 0.031377046 | J24: =J6*INDEX(Constants!$E$5:$E$6,MATCH(Stationary!$B6,Constants!$B$5:$B$6)) -> 0.035219488 | ... AG24: =AG6*INDEX(Constants!$E$5:$E$6,MATCH(Stationary!$B6,Constants!$B$5:$B$6)) -> 0
B25: Commercial | C25: =SUM(C26:C27) -> 0.0091124138 | D25: =SUM(D26:D27) -> 0.009086336 | E25: =SUM(E26:E27) -> 0.0091779094 | F25: =SUM(F26:F27) -> 0.0097095989 | G25: =SUM(G26:G27) -> 0.0086151942 | H25: =SUM(H26:H27) -> 0.0087347943 | I25: =SUM(I26:I27) -> 0.0091741478 | J25: =SUM(J26:J27) -> 0.010831211 | ... AG25: =SUM(AG26:AG27) -> 0
B26: N2O | C26: =C8*INDEX(Constants!$E$5:$E$6,MATCH(Stationary!$B8,Constants!$B$5:$B$6)) -> 0.001717518 | D26: =D8*INDEX(Constants!$E$5:$E$6,MATCH(Stationary!$B8,Constants!$B$5:$B$6)) -> 0.0016480906 | E26: =E8*INDEX(Constants!$E$5:$E$6,MATCH(Stationary!$B8,Constants!$B$5:$B$6)) -> 0.001540339 | F26: =F8*INDEX(Constants!$E$5:$E$6,MATCH(Stationary!$B8,Constants!$B$5:$B$6)) -> 0.0015933655 | G26: =G8*INDEX(Constants!$E$5:$E$6,MATCH(Stationary!$B8,Constants!$B$5:$B$6)) -> 0.0013743536 | H26: =H8*INDEX(Constants!$E$5:$E$6,MATCH(Stationary!$B8,Constants!$B$5:$B$6)) -> 0.0014239033 | I26: =I8*INDEX(Constants!$E$5:$E$6,MATCH(Stationary!$B8,Constants!$B$5:$B$6)) -> 0.0014475015 | J26: =J8*INDEX(Constants!$E$5:$E$6,MATCH(Stationary!$B8,Constants!$B$5:$B$6)) -> 0.0016558869 | ... AG26: =AG8*INDEX(Constants!$E$5:$E$6,MATCH(Stationary!$B8,Constants!$B$5:$B$6)) -> 0
B27: CH4 | C27: =C9*INDEX(Constants!$E$5:$E$6,MATCH(Stationary!$B9,Constants!$B$5:$B$6)) -> 0.0073948958 | D27: =D9*INDEX(Constants!$E$5:$E$6,MATCH(Stationary!$B9,Constants!$B$5:$B$6)) -> 0.0074382454 | E27: =E9*INDEX(Constants!$E$5:$E$6,MATCH(Stationary!$B9,Constants!$B$5:$B$6)) -> 0.0076375704 | F27: =F9*INDEX(Constants!$E$5:$E$6,MATCH(Stationary!$B9,Constants!$B$5:$B$6)) -> 0.0081162334 | G27: =G9*INDEX(Constants!$E$5:$E$6,MATCH(Stationary!$B9,Constants!$B$5:$B$6)) -> 0.0072408406 | H27: =H9*INDEX(Constants!$E$5:$E$6,MATCH(Stationary!$B9,Constants!$B$5:$B$6)) -> 0.007310891 | I27: =I9*INDEX(Constants!$E$5:$E$6,MATCH(Stationary!$B9,Constants!$B$5:$B$6)) -> 0.0077266462 | J27: =J9*INDEX(Constants!$E$5:$E$6,MATCH(Stationary!$B9,Constants!$B$5:$B$6)) -> 0.0091753239 | ... AG27: =AG9*INDEX(Constants!$E$5:$E$6,MATCH(Stationary!$B9,Constants!$B$5:$B$6)) -> 0
B28: Industrial | C28: =SUM(C29:C30) -> 0.011301384 | D28: =SUM(D29:D30) -> 0.01125963 | E28: =SUM(E29:E30) -> 0.011579535 | F28: =SUM(F29:F30) -> 0.011456936 | G28: =SUM(G29:G30) -> 0.011380808 | H28: =SUM(H29:H30) -> 0.012573103 | I28: =SUM(I29:I30) -> 0.013533691 | J28: =SUM(J29:J30) -> 0.012950845 | ... AG28: =SUM(AG29:AG30) -> 0
B29: N2O | C29: =C11*INDEX(Constants!$E$5:$E$6,MATCH(Stationary!$B11,Constants!$B$5:$B$6)) -> 0.0065157515 | D29: =D11*INDEX(Constants!$E$5:$E$6,MATCH(Stationary!$B11,Constants!$B$5:$B$6)) -> 0.0066885222 | E29: =E11*INDEX(Constants!$E$5:$E$6,MATCH(Stationary!$B11,Constants!$B$5:$B$6)) -> 0.0068367681 | F29: =F11*INDEX(Constants!$E$5:$E$6,MATCH(Stationary!$B11,Constants!$B$5:$B$6)) -> 0.0067787992 | G29: =G11*INDEX(Constants!$E$5:$E$6,MATCH(Stationary!$B11,Constants!$B$5:$B$6)) -> 0.006686661 | H29: =H11*INDEX(Constants!$E$5:$E$6,MATCH(Stationary!$B11,Constants!$B$5:$B$6)) -> 0.0074353719 | I29: =I11*INDEX(Constants!$E$5:$E$6,MATCH(Stationary!$B11,Constants!$B$5:$B$6)) -> 0.0077915389 | J29: =J11*INDEX(Constants!$E$5:$E$6,MATCH(Stationary!$B11,Constants!$B$5:$B$6)) -> 0.0075463925 | ... AG29: =AG11*INDEX(Constants!$E$5:$E$6,MATCH(Stationary!$B11,Constants!$B$5:$B$6)) -> 0
B30: CH4 | C30: =C12*INDEX(Constants!$E$5:$E$6,MATCH(Stationary!$B12,Constants!$B$5:$B$6)) -> 0.0047856329 | D30: =D12*INDEX(Constants!$E$5:$E$6,MATCH(Stationary!$B12,Constants!$B$5:$B$6)) -> 0.0045711083 | E30: =E12*INDEX(Constants!$E$5:$E$6,MATCH(Stationary!$B12,Constants!$B$5:$B$6)) -> 0.0047427671 | F30: =F12*INDEX(Constants!$E$5:$E$6,MATCH(Stationary!$B12,Constants!$B$5:$B$6)) -> 0.0046781364 | G30: =G12*INDEX(Constants!$E$5:$E$6,MATCH(Stationary!$B12,Constants!$B$5:$B$6)) -> 0.0046941471 | H30: =H12*INDEX(Constants!$E$5:$E$6,MATCH(Stationary!$B12,Constants!$B$5:$B$6)) -> 0.0051377313 | I30: =I12*INDEX(Constants!$E$5:$E$6,MATCH(Stationary!$B12,Constants!$B$5:$B$6)) -> 0.0057421518 | J30: =J12*INDEX(Constants!$E$5:$E$6,MATCH(Stationary!$B12,Constants!$B$5:$B$6)) -> 0.0054044525 | ... AG30: =AG12*INDEX(Constants!$E$5:$E$6,MATCH(Stationary!$B12,Constants!$B$5:$B$6)) -> 0
B31: Electric Utilities | C31: =SUM(C32:C33) -> 0.11831107 | D31: =SUM(D32:D33) -> 0.10079708 | E31: =SUM(E32:E33) -> 0.11457514 | F31: =SUM(F32:F33) -> 0.11589115 | G31: =SUM(G32:G33) -> 0.11947564 | H31: =SUM(H32:H33) -> 0.11803619 | I31: =SUM(I32:I33) -> 0.11985073 | J31: =SUM(J32:J33) -> 0.12407775 | ... AG31: =SUM(AG32:AG33) -> 0
B32: N2O | C32: =C14*INDEX(Constants!$E$5:$E$6,MATCH(Stationary!$B14,Constants!$B$5:$B$6)) -> 0.10988407 | D32: =D14*INDEX(Constants!$E$5:$E$6,MATCH(Stationary!$B14,Constants!$B$5:$B$6)) -> 0.093470448 | E32: =E14*INDEX(Constants!$E$5:$E$6,MATCH(Stationary!$B14,Constants!$B$5:$B$6)) -> 0.10647289 | F32: =F14*INDEX(Constants!$E$5:$E$6,MATCH(Stationary!$B14,Constants!$B$5:$B$6)) -> 0.10757895 | G32: =G14*INDEX(Constants!$E$5:$E$6,MATCH(Stationary!$B14,Constants!$B$5:$B$6)) -> 0.11082623 | H32: =H14*INDEX(Constants!$E$5:$E$6,MATCH(Stationary!$B14,Constants!$B$5:$B$6)) -> 0.10949168 | I32: =I14*INDEX(Constants!$E$5:$E$6,MATCH(Stationary!$B14,Constants!$B$5:$B$6)) -> 0.1111299 | J32: =J14*INDEX(Constants!$E$5:$E$6,MATCH(Stationary!$B14,Constants!$B$5:$B$6)) -> 0.1149585 | ... AG32: =AG14*INDEX(Constants!$E$5:$E$6,MATCH(Stationary!$B14,Constants!$B$5:$B$6)) -> 0
B33: CH4 | C33: =C15*INDEX(Constants!$E$5:$E$6,MATCH(Stationary!$B15,Constants!$B$5:$B$6)) -> 0.0084270038 | D33: =D15*INDEX(Constants!$E$5:$E$6,MATCH(Stationary!$B15,Constants!$B$5:$B$6)) -> 0.007326629 | E33: =E15*INDEX(Constants!$E$5:$E$6,MATCH(Stationary!$B15,Constants!$B$5:$B$6)) -> 0.0081022522 | F33: =F15*INDEX(Constants!$E$5:$E$6,MATCH(Stationary!$B15,Constants!$B$5:$B$6)) -> 0.0083122001 | G33: =G15*INDEX(Constants!$E$5:$E$6,MATCH(Stationary!$B15,Constants!$B$5:$B$6)) -> 0.0086494134 | H33: =H15*INDEX(Constants!$E$5:$E$6,MATCH(Stationary!$B15,Constants!$B$5:$B$6)) -> 0.0085445158 | I33: =I15*INDEX(Constants!$E$5:$E$6,MATCH(Stationary!$B15,Constants!$B$5:$B$6)) -> 0.0087208274 | J33: =J15*INDEX(Constants!$E$5:$E$6,MATCH(Stationary!$B15,Constants!$B$5:$B$6)) -> 0.0091192436 | ... AG33: =AG15*INDEX(Constants!$E$5:$E$6,MATCH(Stationary!$B15,Constants!$B$5:$B$6)) -> 0
B34: N2O | C34: =SUM(C23,C26,C29,C32) -> 0.12298959 | D34: =SUM(D23,D26,D29,D32) -> 0.10665867 | E34: =SUM(E23,E26,E29,E32) -> 0.11976293 | F34: =SUM(F23,F26,F29,F32) -> 0.12052579 | G34: =SUM(G23,G26,G29,G32) -> 0.12321568 | H34: =SUM(H23,H26,H29,H32) -> 0.12269051 | I34: =SUM(I23,I26,I29,I32) -> 0.12495539 | J34: =SUM(J23,J26,J29,J32) -> 0.12935623 | ... AG34: =SUM(AG23,AG26,AG29,AG32) -> 0
B35: CH4 | C35: =SUM(C24,C27,C30,C33) -> 0.051465183 | D35: =SUM(D24,D27,D30,D33) -> 0.051272526 | E35: =SUM(E24,E27,E30,E33) -> 0.053723795 | F35: =SUM(F24,F27,F30,F33) -> 0.052726318 | G35: =SUM(G24,G27,G30,G33) -> 0.050459074 | H35: =SUM(H24,H27,H30,H33) -> 0.050704118 | I35: =SUM(I24,I27,I30,I33) -> 0.053566671 | J35: =SUM(J24,J27,J30,J33) -> 0.058918508 | ... AG35: =SUM(AG24,AG27,AG30,AG33) -> 0
B36: TOTAL | C36: =SUM(C34,C35) -> 0.17445477 | D36: =SUM(D34,D35) -> 0.15793119 | E36: =SUM(E34,E35) -> 0.17348673 | F36: =SUM(F34,F35) -> 0.1732521 | G36: =SUM(G34,G35) -> 0.17367475 | H36: =SUM(H34,H35) -> 0.17339463 | I36: =SUM(I34,I35) -> 0.17852206 | J36: =SUM(J34,J35) -> 0.18827474 | ... AG36: =SUM(AG34,AG35) -> 0

Sheet Mobile Combustion
A1: Summary of CH4 and N2O Emissions from Mobile Combustion in New Mexico (MTCO2E)
R2: =R6+R7+R11+R12+R22 -> 1201128.7 | S2: =R2/R25 -> 0.90532926
B3: Total CH4 and N2O Emissions from Mobile Sources (MTCO2E) | R3: Base Year
A4: AR4 | B4: Fuel Type/Vehicle Type | C4: 1990 | D4: 1991 | E4: 1992 | F4: 1993 | G4: 1994 | H4: 1995 | I4: 1996 | J4: 1997 | K4: 1998 | L4: 1999 | M4: 2000 | N4: 2001 | O4: 2002 | P4: 2003 | Q4: 2004 | R4: 2005 | S4: 2006 | T4: 2007 | U4: 2008 | V4: 2009 | W4: 2010 | X4: 2011 | Y4: 2012 | Z4: 2013 | AA4: 2014 | AB4: 2015 | AC4: 2016 | AD4: 2017 | AE4: 2018 | AF4: 2019 | AG4: 2020
B5: Gasoline Highway | C5: =SUM(C30,C55) -> 1665810.9 | D5: =SUM(D30,D55) -> 1726212.3 | E5: =SUM(E30,E55) -> 1846734.4 | F5: =SUM(F30,F55) -> 1930905.9 | G5: =SUM(G30,G55) -> 2021498.9 | H5: =SUM(H30,H55) -> 2073947.2 | I5: =SUM(I30,I55) -> 2102327 | J5: =SUM(J30,J55) -> 2119446.6 | ... AG5: =SUM(AG30,AG55) -> 0 | AH5: 2018 Transportaion emission | AK5: =Summary!D5 -> 15.848591 | AL5: 2030 goal
B6: Passenger Cars | C6: =SUM(C31,C56) -> 1047128.6 | D6: =SUM(D31,D56) -> 1013211 | E6: =SUM(E31,E56) -> 1045612.5 | F6: =SUM(F31,F56) -> 1064430.8 | G6: =SUM(G31,G56) -> 1104800.3 | H6: =SUM(H31,H56) -> 1117291.1 | I6: =SUM(I31,I56) -> 1114162.2 | J6: =SUM(J31,J56) -> 1099487.9 | ... AG6: =SUM(AG31,AG56) -> 0 | AH6: LDV= | AI6: =AD6+AD7+AD11+AD12+AD22 -> 276347.41 | AJ6: =AG152 -> 0.77731829 | AL6: 0.25 | AM6: =$AK$5*AJ6*AL6 -> 3.0798499
B7: Light-Duty Trucks | C7: =SUM(C32,C57) -> 579217.34 | D7: =SUM(D32,D57) -> 669778.24 | E7: =SUM(E32,E57) -> 757145.79 | F7: =SUM(F32,F57) -> 821951.49 | G7: =SUM(G32,G57) -> 869930.7 | H7: =SUM(H32,H57) -> 908478.23 | I7: =SUM(I32,I57) -> 937591.95 | J7: =SUM(J32,J57) -> 966960.48 | ... AG7: =SUM(AG32,AG57) -> 0 | AH7: M/HDV= | AI7: =AD8+AD13+AD23+AD24 -> 25491.85 | AJ7: =AI7/AD25 -> 0.071136727 | AL7: 0.25 | AM7: =$AK$5*AJ7*AL7 -> 0.28185422 | AN7: =AM7/AK5 -> 0.017784182
B8: Heavy-Duty Vehicles | C8: =SUM(C33,C58) -> 37859.043 | D8: =SUM(D33,D58) -> 41614.043 | E8: =SUM(E33,E58) -> 42295.37 | F8: =SUM(F33,F58) -> 42793.668 | G8: =SUM(G33,G58) -> 44961.779 | H8: =SUM(H33,H58) -> 46280.488 | I8: =SUM(I33,I58) -> 48729.658 | J8: =SUM(J33,J58) -> 51229.123 | ... AG8: =SUM(AG33,AG58) -> 0 | AH8: CFS | AI8: =AD10+AD5+AD15+AD17+AD18 -> 331976.27 | AJ8: =AI8/AD25 -> 0.92640219 | AL8: 0.1 | AM8: =$AK$5*AJ8*AL8 -> 1.4682169
B9: Motorcycles | C9: =SUM(C34,C59) -> 1605.8883 | D9: =SUM(D34,D59) -> 1609.0128 | E9: =SUM(E34,E59) -> 1680.718 | F9: =SUM(F34,F59) -> 1729.9488 | G9: =SUM(G34,G59) -> 1806.0921 | H9: =SUM(H34,H59) -> 1897.4267 | I9: =SUM(I34,I59) -> 1843.1909 | J9: =SUM(J34,J59) -> 1769.0672 | ... AG9: =SUM(AG34,AG59) -> 0 | AL9: 0.15 | AM9: =$AK$5*AJ8*AL9 -> 2.2023254
B10: Diesel Highway | C10: =SUM(C35,C60) -> 8593.8898 | D10: =SUM(D35,D60) -> 8574.3276 | E10: =SUM(E35,E60) -> 8913.3209 | F10: =SUM(F35,F60) -> 9590.7979 | G10: =SUM(G35,G60) -> 10178.31 | H10: =SUM(H35,H60) -> 10765.256 | I10: =SUM(I35,I60) -> 11165.982 | J10: =SUM(J35,J60) -> 11717.374 | ... AG10: =SUM(AG35,AG60) -> 0 | AH10: freight | AI10: =AD16 -> 6702.5806 | AJ10: =AI10/AD25 -> 0.018704003
B11: Passenger Cars | C11: =SUM(C36,C61) -> 178.10958 | D11: =SUM(D36,D61) -> 157.95401 | E11: =SUM(E36,E61) -> 156.65692 | F11: =SUM(F36,F61) -> 153.96151 | G11: =SUM(G36,G61) -> 151.03386 | H11: =SUM(H36,H61) -> 144.26838 | I11: =SUM(I36,I61) -> 139.19193 | J11: =SUM(J36,J61) -> 137.53942 | ... AG11: =SUM(AG36,AG61) -> 0
B12: Light-Duty Trucks | C12: =SUM(C37,C62) -> 289.39907 | D12: =SUM(D37,D62) -> 312.46555 | E12: =SUM(E37,E62) -> 348.30201 | F12: =SUM(F37,F62) -> 377.03079 | G12: =SUM(G37,G62) -> 395.44801 | H12: =SUM(H37,H62) -> 412.39241 | I12: =SUM(I37,I62) -> 431.06286 | J12: =SUM(J37,J62) -> 458.38263 | ... AG12: =SUM(AG37,AG62) -> 0
B13: Heavy-Duty Vehicles | C13: =SUM(C38,C63) -> 8126.3812 | D13: =SUM(D38,D63) -> 8103.908 | E13: =SUM(E38,E63) -> 8408.362 | F13: =SUM(F38,F63) -> 9059.8056 | G13: =SUM(G38,G63) -> 9631.8278 | H13: =SUM(H38,H63) -> 10208.595 | I13: =SUM(I38,I63) -> 10595.727 | J13: =SUM(J38,J63) -> 11121.452 | ... AG13: =SUM(AG38,AG63) -> 0
B14: Non-Highway | C14: =SUM(C39,C64) -> 49622.559 | D14: =SUM(D39,D64) -> 52835.045 | E14: =SUM(E39,E64) -> 52434.771 | F14: =SUM(F39,F64) -> 65459.402 | G14: =SUM(G39,G64) -> 76702.222 | H14: =SUM(H39,H64) -> 79235.718 | I14: =SUM(I39,I64) -> 83461.56 | J14: =SUM(J39,J64) -> 83392.435 | ... AG14: =SUM(AG39,AG64) -> 0
B15: Boats | C15: =SUM(C40,C65) -> 1802.4796 | D15: =SUM(D40,D65) -> 2354.7477 | E15: =SUM(E40,E65) -> 1868.9734 | F15: =SUM(F40,F65) -> 1864.2411 | G15: =SUM(G40,G65) -> 1851.7568 | H15: =SUM(H40,H65) -> 2281.2466 | I15: =SUM(I40,I65) -> 2133.7001 | J15: =SUM(J40,J65) -> 2120.1263 | ... AG15: =SUM(AG40,AG65) -> 0
B16: Locomotives | C16: =SUM(C41,C66) -> 2876.7913 | D16: =SUM(D41,D66) -> 2606.1408 | E16: =SUM(E41,E66) -> 1712.0044 | F16: =SUM(F41,F66) -> 1673.0634 | G16: =SUM(G41,G66) -> 1724.3752 | H16: =SUM(H41,H66) -> 2294.0751 | I16: =SUM(I41,I66) -> 2450.6996 | J16: =SUM(J41,J66) -> 2930.0393 | ... AG16: =SUM(AG41,AG66) -> 0
B17: Farm Equipment | C17: =SUM(C42,C67) -> 10063.428 | D17: =SUM(D42,D67) -> 9723.1778 | E17: =SUM(E42,E67) -> 10306.224 | F17: =SUM(F42,F67) -> 10182.507 | G17: =SUM(G42,G67) -> 11516.801 | H17: =SUM(H42,H67) -> 11330.241 | I17: =SUM(I42,I67) -> 10747.315 | J17: =SUM(J42,J67) -> 11273.817 | ... AG17: =SUM(AG42,AG67) -> 0
B18: Construction Equipment | C18: =SUM(C43,C68) -> 6184.4663 | D18: =SUM(D43,D68) -> 6098.5461 | E18: =SUM(E43,E68) -> 6475.5304 | F18: =SUM(F43,F68) -> 6492.0509 | G18: =SUM(G43,G68) -> 9034.1581 | H18: =SUM(H43,H68) -> 8385.7261 | I18: =SUM(I43,I68) -> 10619.529 | J18: =SUM(J43,J68) -> 8361.6877 | ... AG18: =SUM(AG43,AG68) -> 0
B19: Aircraft | C19: =SUM(C44,C69) -> 27905.659 | D19: =SUM(D44,D69) -> 31288.51 | E19: =SUM(E44,E69) -> 31337.664 | F19: =SUM(F44,F69) -> 37241.888 | G19: =SUM(G44,G69) -> 43823.322 | H19: =SUM(H44,H69) -> 47022.419 | I19: =SUM(I44,I69) -> 49865.39 | J19: =SUM(J44,J69) -> 51096.148 | ... AG19: =SUM(AG44,AG69) -> 0
B20: Other* | C20: =SUM(C45,C70) -> 789.7351 | D20: =SUM(D45,D70) -> 763.92199 | E20: =SUM(E45,E70) -> 734.37466 | F20: =SUM(F45,F70) -> 8005.651 | G20: =SUM(G45,G70) -> 8751.8088 | H20: =SUM(H45,H70) -> 7922.0108 | I20: =SUM(I45,I70) -> 7644.9264 | J20: =SUM(J45,J70) -> 7610.6166 | ... AG20: =SUM(AG45,AG70) -> 0
B21: Alternative Fuel Vehicles | C21: =SUM(C46,C71) -> 187.71793 | D21: =SUM(D46,D71) -> 198.38391 | E21: =SUM(E46,E71) -> 188.58855 | F21: =SUM(F46,F71) -> 244.00425 | G21: =SUM(G46,G71) -> 243.22376 | H21: =SUM(H46,H71) -> 231.35093 | I21: =SUM(I46,I71) -> 246.63283 | J21: =SUM(J46,J71) -> 263.44897 | ... AG21: =SUM(AG46,AG71) -> 0
B22: Light Duty Vehicles | C22: =SUM(C47,C72) -> 40.499152 | D22: =SUM(D47,D72) -> 47.104003 | E22: =SUM(E47,E72) -> 50.321149 | F22: =SUM(F47,F72) -> 68.805709 | G22: =SUM(G47,G72) -> 76.542946 | H22: =SUM(H47,H72) -> 72.448581 | I22: =SUM(I47,I72) -> 75.597874 | J22: =SUM(J47,J72) -> 80.948772 | ... AG22: =SUM(AG47,AG72) -> 0
... B24: Buses | C24: =SUM(C49,C74) -> 8.3749444 | D24: =SUM(D49,D74) -> 12.309265 | E24: =SUM(E49,E74) -> 16.808372 | F24: =SUM(F49,F74) -> 20.736131 | G24: =SUM(G49,G74) -> 21.644291 | H24: =SUM(H49,H74) -> 23.03094 | I24: =SUM(I49,I74) -> 31.304686 | J24: =SUM(J49,J74) -> 43.025372 | ... AG24: =SUM(AG49,AG74) -> 0
B25: Total | C25: =SUM(C50,C75) -> 1724215.1 | D25: =SUM(D50,D75) -> 1787820 | E25: =SUM(E50,E75) -> 1908271 | F25: =SUM(F50,F75) -> 2006200.1 | G25: =SUM(G50,G75) -> 2108622.7 | H25: =SUM(H50,H75) -> 2164179.5 | I25: =SUM(I50,I75) -> 2197201.2 | J25: =SUM(J50,J75) -> 2214819.9 | ... AG25: =SUM(AG50,AG75) -> 0 | AH25: This total is way too small. Something is wrong here.
B26: * "Other" includes snowmobiles, small gasoline powered utility equipment, heavy-duty gasoline powered utility equipment, and heavy-duty diesel powered utility equipment.
C27: =(CC2511+C12+C6+C7+C22)/C25 -> 0.94342979 | AH27: % of light-duty vehicles.
B28: CH4 Emissions from Mobile Sources (MTCO2E)
A29: AR4 | B29: Fuel Type/Vehicle Type | C29: 1990 | D29: 1991 | E29: 1992 | F29: 1993 | G29: 1994 | H29: 1995 | I29: 1996 | J29: 1997 | K29: 1998 | L29: 1999 | M29: 2000 | N29: 2001 | O29: 2002 | P29: 2003 | Q29: 2004 | R29: 2005 | S29: 2006 | T29: 2007 | U29: 2008 | V29: 2009 | W29: 2010 | X29: 2011 | Y29: 2012 | Z29: 2013 | AA29: 2014 | AB29: 2015 | AC29: 2016 | AD29: 2017 | AE29: 2018 | AF29: 2019 | AG29: 2020
B30: Gasoline Highway | C30: 193814.79 | D30: 187483.9 | E30: 187934.01 | F30: 185883.14 | G30: 184847.43 | H30: 179792.24 | I30: 172152.87 | J30: 163510.75 | K30: 154908.61 | L30: 144161.49 | M30: 132598.96 | N30: 127167.16 | O30: 109485.7 | P30: 99207.096 | Q30: 91135.89 | R30: 82940.253 | S30: 73613.001 | T30: 67367.113 | U30: 61326.775 | V30: 57028.942 | W30: 55058.575 | X30: 50963.75 | Y30: 48665.045 | Z30: 47436.105 | AA30: 47077.25 | AB30: 46883.309 | AC30: 49057.402 | AD30: 48551.224 | AE30: 0 | AF30: 0 | AG30: 0
B31: Passenger Cars | C31: 118539.16 | D31: 108127.44 | E31: 105928.78 | F31: 103254.1 | G31: 102926.23 | H31: 99737.25 | I31: 95148.298 | J31: 89902.802 | K31: 85776.894 | L31: 81873.354 | M31: 75315.484 | N31: 69609.402 | O31: 63544.882 | P31: 57217.015 | Q31: 53095.986 | R31: 48145.391 | S31: 42934.393 | T31: 39043.372 | U31: 35104.664 | V31: 41716.852 | W31: 40360.265 | X31: 37752.1 | Y31: 36070.191 | Z31: 35245.484 | AA31: 34601.116 | AB31: 34967.064 | AC31: 35379.432 | AD31: 35166 | AE31: 0 | AF31: 0 | AG31: 0
B32: Light-Duty Trucks | C32: 62185.189 | D32: 66091.784 | E32: 69323.356 | F32: 70451.848 | G32: 69695.571 | H32: 67923.472 | I32: 65459.87 | J32: 63213.477 | K32: 59692.092 | L32: 53406.162 | M32: 49594.454 | N32: 51430.707 | O32: 40102.008 | P32: 36554.795 | Q32: 32937.587 | R32: 30136.403 | S32: 28850.373 | T32: 26519.217 | U32: 24434.951 | V32: 12792.352 | W32: 12479.475 | X32: 11181.976 | Y32: 10451.638 | Z32: 10152.397 | AA32: 10494.14 | AB32: 10033.82 | AC32: 10366.353 | AD32: 10191.233 | AE32: 0 | AF32: 0 | AG32: 0
B33: Heavy-Duty Vehicles | C33: 12346.254 | D33: 12519.05 | E33: 11903.007 | F33: 11375.522 | G33: 11388.673 | H33: 11252.234 | I33: 10693.99 | J33: 9581.9398 | K33: 8647.7482 | L33: 8045.6429 | M33: 6890.2643 | N33: 5432.5033 | O33: 5167.3303 | P33: 4782.8405 | Q33: 4431.9209 | R33: 3992.7618 | S33: 1031.5274 | T33: 935.14162 | U33: 860.83747 | V33: 1168.22 | W33: 995.41947 | X33: 837.42109 | Y33: 787.39329 | Z33: 734.91334 | AA33: 696.19722 | AB33: 634.10302 | AC33: 2011.1938 | AD33: 1895.9748 | AE33: 0 | AF33: 0 | AG33: 0
B34: Motorcycles | C34: 744.18582 | D34: 745.63374 | E34: 778.86272 | F34: 801.6768 | G34: 836.96239 | H34: 879.2878 | I34: 850.71638 | J34: 812.53062 | K34: 791.8771 | L34: 836.32756 | M34: 798.75284 | N34: 694.54351 | O34: 671.48055 | P34: 652.44572 | Q34: 670.39624 | R34: 665.69759 | S34: 796.70752 | T34: 869.38157 | U34: 926.32214 | V34: 1351.5179 | W34: 1223.4163 | X34: 1192.2534 | Y34: 1355.8229 | Z34: 1303.3107 | AA34: 1285.7968 | AB34: 1248.3222 | AC34: 1300.4236 | AD34: 1298.0158 | AE34: 0 | AF34: 0 | AG34: 0
B35: Diesel Highway | C35: 686.1264 | D35: 684.72683 | E35: 711.41791 | F35: 766.07939 | G35: 813.70786 | H35: 861.50807 | I35: 893.94561 | J35: 938.28897 | K35: 957.8326 | L35: 1000.1446 | M35: 1036.133 | N35: 973.10805 | O35: 982.45844 | P35: 973.44984 | Q35: 1006.6724 | R35: 980.97965 | S35: 1077.1 | T35: 1102.8009 | U35: 1110.7002 | V35: 1412.1647 | W35: 1261.0478 | X35: 1004.4205 | Y35: 874.01616 | Z35: 805.48197 | AA35: 740.86004 | AB35: 650.08626 | AC35: 514.35392 | AD35: 424.82537 | AE35: 0 | AF35: 0 | AG35: 0
B36: Passenger Cars | C36: 6.5480448 | D36: 5.8070425 | E36: 5.7593561 | F36: 5.6602618 | G36: 5.5526292 | H36: 5.3039023 | I36: 5.117271 | J36: 5.0565178 | K36: 4.8012376 | L36: 4.6524142 | M36: 4.392453 | N36: 3.9672518 | O36: 3.979507 | P36: 3.9287312 | Q36: 3.9769614 | R36: 3.9423523 | S36: 3.620595 | T36: 3.5890854 | U36: 3.4877224 | V36: 4.4291131 | W36: 4.5432259 | X36: 4.4782441 | Y36: 4.4751207 | Z36: 4.5304412 | AA36: 4.5620549 | AB36: 4.686982 | AC36: 4.4605914 | AD36: 4.4977813 | AE36: 0 | AF36: 0 | AG36: 0
B37: Light-Duty Trucks | C37: 14.802604 | D37: 15.982442 | E37: 17.815457 | F37: 19.284918 | G37: 20.226949 | H37: 21.093646 | I37: 22.048629 | J37: 23.44602 | K37: 23.819106 | L37: 25.068465 | M37: 25.440186 | N37: 25.374652 | O37: 25.658579 | P37: 26.197868 | Q37: 26.315146 | R37: 26.547719 | S37: 30.387815 | T37: 39.066214 | U37: 39.219894 | V37: 22.089133 | W37: 22.935383 | X37: 21.724768 | Y37: 21.264332 | Z37: 21.50122 | AA37: 22.948362 | AB37: 22.514847 | AC37: 22.119199 | AD37: 22.281199 | AE37: 0 | AF37: 0 | AG37: 0
B38: Heavy-Duty Vehicles | C38: 664.77575 | D38: 662.93735 | E38: 687.84309 | F38: 741.13421 | G38: 787.92828 | H38: 835.11052 | I38: 866.77971 | J38: 909.78643 | K38: 929.21225 | L38: 970.42372 | M38: 1006.3004 | N38: 943.76614 | O38: 952.82035 | P38: 943.32324 | Q38: 976.38033 | R38: 950.48958 | S38: 1043.0916 | T38: 1060.1456 | U38: 1067.9926 | V38: 1385.6464 | W38: 1233.5692 | X38: 978.21753 | Y38: 848.27671 | Z38: 779.45031 | AA38: 713.34962 | AB38: 622.88443 | AC38: 487.77413 | AD38: 398.04639 | AE38: 0 | AF38: 0 | AG38: 0
B39: Non-Highway | C39: 8039.116 | D39: 8132.1167 | E39: 8083.7973 | F39: 9443.9001 | G39: 10986.127 | H39: 11083.713 | I39: 11397.949 | J39: 11738.077 | K39: 10231.379 | L39: 10043.842 | M39: 8195.6645 | N39: 9740.7348 | O39: 10196.14 | P39: 11064.592 | Q39: 12394.7 | R39: 14132.554 | S39: 14359.495 | T39: 12620.347 | U39: 10477.204 | V39: 9786.2266 | W39: 10270.22 | X39: 10026.909 | Y39: 10093.032 | Z39: 9489.1842 | AA39: 10075.236 | AB39: 11091.448 | AC39: 11602.269 | AD39: 10967.361 | AE39: 0 | AF39: 0 | AG39: 0
B40: Boats | C40: 350.26216 | D40: 457.58023 | E40: 363.18341 | F40: 362.26383 | G40: 359.83783 | H40: 443.29732 | I40: 414.62574 | J40: 411.98804 | K40: 413.51396 | L40: 450.75258 | M40: 460.97378 | N40: 493.21293 | O40: 451.13345 | P40: 458.37568 | Q40: 392.73568 | R40: 502.0999 | S40: 483.55417 | T40: 452.74398 | U40: 413.14605 | V40: 409.72381 | W40: 454.85846 | X40: 407.21935 | Y40: 387.07178 | Z40: 394.81837 | AA40: 422.59979 | AB40: 940.57443 | AC40: 1045.0165 | AD40: 1045.0165 | AE40: 0 | AF40: 0 | AG40: 0
